Workbook
Name \0: #REF!
Name \0: #REF!
Name \00: #REF!
Name \00: #REF!
Name \a: #REF!
Name \a: #REF!
Name \AA: [1]LIQUIDACION!#REF!
Name \AA: [1]LIQUIDACION!#REF!
Name \b: [2]STRSUMM0!#REF!
Name \b: [2]STRSUMM0!#REF!
Name \bb: [2]STRSUMM0!#REF!
Name \bb: [2]STRSUMM0!#REF!
Name \E: #REF!
Name \E: #REF!
Name \EE: #REF!
Name \EE: #REF!
Name \G: #REF!
Name \G: #REF!
Name \k: '[3]7422CW00'!#REF!
Name \k: '[3]7422CW00'!#REF!
Name \l: [4]STRSUMM0!#REF!
Name \l: [4]STRSUMM0!#REF!
Name \M: #REF!
Name \M: #REF!
Name \ñ: '[5]7422CW00'!#REF!
Name \ñ: '[5]7422CW00'!#REF!
Name \P: #REF!
Name \P: #REF!
Name \R: #REF!
Name \R: #REF!
Name \s: #REF!
Name \s: #REF!
Name \V: #REF!
Name \V: #REF!
Name \X: [0]!ERR
Name \Z: [0]!ERR
Name _______________EST1: #REF!
Name _______________EST1: #REF!
Name _______________EST10: #REF!
Name _______________EST10: #REF!
Name _______________EST11: #REF!
Name _______________EST11: #REF!
Name _______________EST12: #REF!
Name _______________EST12: #REF!
Name _______________EST13: #REF!
Name _______________EST13: #REF!
Name _______________EST14: #REF!
Name _______________EST14: #REF!
Name _______________EST15: #REF!
Name _______________EST15: #REF!
Name _______________EST16: #REF!
Name _______________EST16: #REF!
Name _______________EST17: #REF!
Name _______________EST17: #REF!
Name _______________EST18: #REF!
Name _______________EST18: #REF!
Name _______________EST19: #REF!
Name _______________EST19: #REF!
Name _______________EST2: #REF!
Name _______________EST2: #REF!

Sheet PRESUPUESTO OFICIAL (Entidad)
I2: andenes | J2: =+J110 -> 0.00079143047
C3: Formulario 1 - Propuesta económica - Documento tipo de licitación de obra pública de infraestructura de transporte - versión 3 | I3: total | J3: =+J108 -> -0.0025267601
C4: Código | D4: CCE-EICP-FM-14
C5: FORMULARIO 1
C6: PRESUPUESTO OFICIAL
C7: ALCALDIA MAYOR DE BOGOTA | O7: diseño tipo
C8: FONDO DE DESARROLLO LOCAL | O8: subbase granular | P8: 0.35
C9: ALCALDIA LOCAL DE TUNJUELITO | O9: zona dura | P9: 0.1
C10: OBJETO DE LA LICITACION : | E10: EJECUTAR A MONTO AGOTABLE Y POR EL SISTEMA DE PRECIOS UNITARIOS, MEDIANTE BRIGADAS DE MANTENIMIENTO, ACTIVIDADES PUNTUALES PARA LA ATENCIÓN DE DAÑOS EN LA MALLA VIAL LOCAL E INTERMEDIA Y EN EL ESPACIO PÚBLICO DE LA LOCALIDAD DE TUNJUELITO, BOGOTÁ D.C. | O10: PLAZA MERCADO SAN CARLOS | U10: ANDEN PARQUE 06-088 | AC10: PLAZA MERCADO SAN BENITO | AE10: ANDEN CIERRE
O11: PK | P11: =+'[113]ESPACIO PUBLICO'!$B$17 -> 323824 | Q11: PK | R11: =+'[113]ESPACIO PUBLICO'!$B$18 -> 323827 | S11: PK | T11: =+'[113]ESPACIO PUBLICO'!$B$19 -> 323671 | U11: PK | V11: =+'[113]ESPACIO PUBLICO'!$B$20 -> 323674 | W11: pk | X11: =+'[113]ESPACIO PUBLICO'!$B$21 -> 320317 | Y11: pk | Z11: =+'[113]ESPACIO PUBLICO'!$B$22 -> 320345 | AA11: pk | AB11: =+'[113]ESPACIO PUBLICO'!$B$23 -> 320299 | AC11: pk | AD11: =+'[113]ESPACIO PUBLICO'!$B$27 -> 324418 | AE11: pk | AG11: PARCHEO | AH11: 321365 | AI11: BACHEO | AJ11: 325206 y 325221 | AL11: 323511
O12: 6001302 | Q12: =+'[113]ESPACIO PUBLICO'!$A$18 -> 6001303 | S12: =+'[113]ESPACIO PUBLICO'!$A$19 -> 6001244 | U12: =+'[113]ESPACIO PUBLICO'!$A$20 -> 6001245 | W12: =+'[113]ESPACIO PUBLICO'!$A$21 -> 6000084 | Y12: =+'[113]ESPACIO PUBLICO'!$A$22 -> 6000094 | AA12: =+'[113]ESPACIO PUBLICO'!$A$23 -> 6000096 | AC12: =+'[113]ESPACIO PUBLICO'!$A$27 -> 6001479 | AE12: POR DEFINIR | AG12: 6000458 | AI12: 6001743 y 6001749 | AK12: 6001191 | AM12: 6000523 | AO12: 6001520
O13: KR 19B Entre DG 50A S hasta CL 51 S | Q13: =+'[113]ESPACIO PUBLICO'!$Q$18 -> CL 51 S Entre KR 19B hasta KR 19C | S13: =+'[113]ESPACIO PUBLICO'!$Q$19 -> CL 55 S Entre KR 24C hasta KR 25 | U13: =+'[113]ESPACIO PUBLICO'!$Q$20 -> CL 55 SUR Entre SE hasta KR 24 C | W13: =+'[113]ESPACIO PUBLICO'!$Q$21 -> DG 48 S Entre KR 54B hasta KR 55BIS | Y13: =+'[113]ESPACIO PUBLICO'!$Q$22 -> KR 52C Entre DG 46A S hasta DG 47 S | AA13: =+'[113]ESPACIO PUBLICO'!$Q$23 -> DG 47A S Entre KR 53C hasta KR 54 | AC13: =+'[113]ESPACIO PUBLICO'!$Q$27 -> CL 57 S Entre KR 16 hasta KR 17 | AE13: POR DEFINIR | AG13: Dg 52 B S Entre Cra 54 hasta Cra 54 A | AI13: Calle 53A Sur entre KR 10A y KR 9A | AK13: CL 52B Sur entre KR24D y KR 25 | AM13: KR 36 entre CL 49A sur y CL 49B sur | AO13: CL 58 Sur entre KR 15 y KR 16 | BA13: HUECOS GENERAL
C14: COD. IDU | D14: ÍTEM DE PAGO | E14: DESCRIPCIÓN | F14: UND. | G14: CANTIDAD | H14: VALOR UNITARIO | J14: VALOR TOTAL | O14: CANTIDAD | P14: VALOR TOTAL | Q14: CANTIDAD | R14: VALOR TOTAL | S14: CANTIDAD | T14: VALOR TOTAL | U14: CANTIDAD | V14: VALOR TOTAL | W14: CANTIDAD | X14: VALOR TOTAL | Y14: CANTIDAD | Z14: VALOR TOTAL | AA14: CANTIDAD | AB14: VALOR TOTAL | AC14: CANTIDAD | AD14: VALOR TOTAL | AE14: CANTIDAD | AF14: VALOR TOTAL | AG14: CANTIDAD | AH14: VALOR TOTAL | AI14: CANTIDAD | AJ14: VALOR TOTAL | AK14: CANTIDAD | AL14: VALOR TOTAL | AM14: CANTIDAD | AN14: VALOR TOTAL | AO14: CANTIDAD | AP14: VALOR TOTAL | AQ14: CANTIDAD | AR14: VALOR TOTAL | AS14: CANTIDAD | AT14: VALOR TOTAL | AU14: CANTIDAD | AV14: VALOR TOTAL | AW14: CANTIDAD | AX14: VALOR TOTAL | AY14: CANTIDAD | AZ14: VALOR TOTAL | BA14: CANTIDAD | BB14: VALOR TOTAL
O16: =+'[113]ESPACIO PUBLICO'!$N$17 -> 61.35 | P16: =+'[113]ESPACIO PUBLICO'!$O$17 -> 2.61 | Q16: =+'[113]ESPACIO PUBLICO'!$N$18 -> 42.83 | R16: =+'[113]ESPACIO PUBLICO'!$O$18 -> 3.02 | S16: =+'[113]ESPACIO PUBLICO'!$N$19 -> 121.31 | T16: =+'[113]ESPACIO PUBLICO'!$O$19 -> 2.67 | U16: =+'[113]ESPACIO PUBLICO'!$N$20 -> 25.62 | V16: =+'[113]ESPACIO PUBLICO'!$O$20 -> 3.97 | W16: =+'[113]ESPACIO PUBLICO'!$N$21 -> 76.31 | X16: =+'[113]ESPACIO PUBLICO'!$O$21 -> 2.87 | Y16: =+'[113]ESPACIO PUBLICO'!$N$22 -> 47.17 | Z16: =+'[113]ESPACIO PUBLICO'!$O$22 -> 5.35 | AA16: =+'[113]ESPACIO PUBLICO'!$N$23 -> 34.95 | AB16: =+'[113]ESPACIO PUBLICO'!$O$23 -> 2.29 | AC16: =+'[113]ESPACIO PUBLICO'!$N$27 -> 38.21 | AD16: =+'[113]ESPACIO PUBLICO'!$O$27 -> 6.62 | AE16: 20 | AF16: 2 | AG16: 45.08 | AH16: 7.11
C17: BRIGADAS DE ACCIONES DE MOVILIDAD | O17: =+O16*P16 -> 160.1235 | Q17: =+Q16*R16 -> 129.3466 | S17: =+S16*T16 -> 323.8977 | U17: =+U16*V16 -> 101.7114 | W17: =+W16*X16 -> 219.0097 | Y17: =+Y16*Z16 -> 252.3595 | AA17: =+AA16*AB16 -> 80.0355 | AC17: =+AC16*AD16 -> 252.9502 | AE17: =+AE16*AF16 -> 40 | AG17: =+AG16*AH16 -> 320.5188 | AI17: =+AI16*AJ16 -> 0 | AK17: =+AK16*AL16 -> 0 | AM17: =+AM16*AN16 -> 0 | AO17: =+AO16*AP16 -> 0 | AQ17: =+AQ16*AR16 -> 0 | AS17: =+AS16*AT16 -> 0 | AU17: =+AU16*AV16 -> 0 | AW17: =+AW16*AX16 -> 0 | AY17: =+AY16*AZ16 -> 0 | BA17: =+BA16*BB16 -> 0
C20: ACTIVIDADES DE OBRA
C21: COD. IDU | D21: ÍTEM DE PAGO | E21: DESCRIPCIÓN | F21: UND. | G21: CANTIDAD | H21: VALOR UNITARIO | I21: VR. UNITARIO (INCLUIDO A.I.U.) | J21: VALOR TOTAL
C24: 1. RECONSTRUCCION - REHABILITACION VIA PAVIMENTO RIGIDO | G24: =+ROUND(SUM(O24,Q24,S24,U24,W24,Y24,AA24,AC24,AG24,AI24,AK24,AM24,AO24,AQ24,AS24,AU24,AW24,AY24,BA24),2) -> 0 | L24: 0 | P24: =+ROUND($I24*O24,0) -> 0 | R24: =+ROUND($I24*Q24,0) -> 0 | T24: =+ROUND($I24*S24,0) -> 0 | V24: =+ROUND($I24*U24,0) -> 0 | X24: =+ROUND($I24*W24,0) -> 0 | Z24: =+ROUND($I24*Y24,0) -> 0 | AB24: =+ROUND($I24*AA24,0) -> 0 | AD24: =+ROUND($I24*AC24,0) -> 0 | AF24: =+ROUND($I24*AE24,0) -> 0 | AH24: =+ROUND($I24*AG24,0) -> 0 | AJ24: =+ROUND($I24*AI24,0) -> 0 | AL24: =+ROUND($I24*AK24,0) -> 0 | AN24: =+ROUND($I24*AM24,0) -> 0 | AP24: =+ROUND($I24*AO24,0) -> 0 | AR24: =+ROUND($I24*AQ24,0) -> 0 | AT24: =+ROUND($I24*AS24,0) -> 0 | AV24: =+ROUND($I24*AU24,0) -> 0 | AX24: =+ROUND($I24*AW24,0) -> 0 | AZ24: =+ROUND($I24*AY24,0) -> 0 | BB24: =+ROUND($I24*BA24,0) -> 0
C25: 3007 | D25: 3001 | E25: =+VLOOKUP(C25,'PRECIOS IDU 2025'!$A$1:$E$3189,2,FALSE) -> REPLANTEO GENERAL | F25: =+VLOOKUP(C25,'PRECIOS IDU 2025'!$A$1:$E$3189,3,FALSE) -> M2 | G25: =+ROUND(SUM(O25,Q25,S25,U25,W25,Y25,AA25,AC25,AG25,AI25,AK25,AM25,AO25,AQ25,AS25,AU25,AW25,AY25,BA25),2) -> 30 | H25: =+VLOOKUP(C25,'PRECIOS DE REFERENCIA APU'!$A$1:$D$2745,4,FALSE) -> 996 | I25: =+ROUND(H25*(1+$J$117),0) -> 1365 | J25: =+ROUND(I25*G25,0) -> 40950 | L25: 10 | P25: =+ROUND($I25*O25,0) -> 0 | R25: =+ROUND($I25*Q25,0) -> 0 | T25: =+ROUND($I25*S25,0) -> 0 | V25: =+ROUND($I25*U25,0) -> 0 | X25: =+ROUND($I25*W25,0) -> 0 | Z25: =+ROUND($I25*Y25,0) -> 0 | AB25: =+ROUND($I25*AA25,0) -> 0 | AD25: =+ROUND($I25*AC25,0) -> 0 | AF25: =+ROUND($I25*AE25,0) -> 0 | AH25: =+ROUND($I25*AG25,0) -> 0 | AJ25: =+ROUND($I25*AI25,0) -> 0 | AL25: =+ROUND($I25*AK25,0) -> 0 | AN25: =+ROUND($I25*AM25,0) -> 0 | AP25: =+ROUND($I25*AO25,0) -> 0 | AR25: =+ROUND($I25*AQ25,0) -> 0 | AT25: =+ROUND($I25*AS25,0) -> 0 | AV25: =+ROUND($I25*AU25,0) -> 0 | AX25: =+ROUND($I25*AW25,0) -> 0 | AZ25: =+ROUND($I25*AY25,0) -> 0 | BA25: 30 | BB25: =+ROUND($I25*BA25,0) -> 40950
C26: 3811 | D26: 3002 | E26: =+VLOOKUP(C26,'PRECIOS IDU 2025'!$A$1:$E$3189,2,FALSE) -> CORTE DE PAVIMENTO - INCLUYE EQUIPO: CORTADORA DE CONCRETO INCLUYE OPERARIO Y COMBUSTIBLE. INCLUYE DISCO DIAMANTADO ASFALTO-CONCRETO 350 MM, AGUA Y MANO DE OBRA | F26: =+VLOOKUP(C26,'PRECIOS IDU 2025'!$A$1:$E$3189,3,FALSE) -> ML | G26: =+ROUND(SUM(O26,Q26,S26,U26,W26,Y26,AA26,AC26,AG26,AI26,AK26,AM26,AO26,AQ26,AS26,AU26,AW26,AY26,BA26),2) -> 60 | H26: =+VLOOKUP(C26,'PRECIOS DE REFERENCIA APU'!$A$1:$D$2745,4,FALSE) -> 3055 | I26: =+ROUND(H26*(1+$J$117),0) -> 4185 | J26: =+ROUND(I26*G26,0) -> 251100 | L26: 10 | P26: =+ROUND($I26*O26,0) -> 0 | R26: =+ROUND($I26*Q26,0) -> 0 | T26: =+ROUND($I26*S26,0) -> 0 | V26: =+ROUND($I26*U26,0) -> 0 | X26: =+ROUND($I26*W26,0) -> 0 | Z26: =+ROUND($I26*Y26,0) -> 0 | AB26: =+ROUND($I26*AA26,0) -> 0 | AD26: =+ROUND($I26*AC26,0) -> 0 | AF26: =+ROUND($I26*AE26,0) -> 0 | AH26: =+ROUND($I26*AG26,0) -> 0 | AJ26: =+ROUND($I26*AI26,0) -> 0 | AL26: =+ROUND($I26*AK26,0) -> 0 | AN26: =+ROUND($I26*AM26,0) -> 0 | AP26: =+ROUND($I26*AO26,0) -> 0 | AR26: =+ROUND($I26*AQ26,0) -> 0 | AT26: =+ROUND($I26*AS26,0) -> 0 | AV26: =+ROUND($I26*AU26,0) -> 0 | AX26: =+ROUND($I26*AW26,0) -> 0 | AZ26: =+ROUND($I26*AY26,0) -> 0 | BA26: 60 | BB26: =+ROUND($I26*BA26,0) -> 251100
C27: 3486 | D27: 3004 | E27: =+VLOOKUP(C27,'PRECIOS IDU 2025'!$A$1:$E$3189,2,FALSE) -> DEMOLICIÓN CONCRETO ESTRUCTURAL (INCLUYE CARGUE MANUAL). NO INCLUYE TRANSPORTE Y DISPOSICIÓN FINAL DE SOBRANTES. | F27: =+VLOOKUP(C27,'PRECIOS IDU 2025'!$A$1:$E$3189,3,FALSE) -> M3 | G27: =+ROUND(SUM(O27,Q27,S27,U27,W27,Y27,AA27,AC27,AG27,AI27,AK27,AM27,AO27,AQ27,AS27,AU27,AW27,AY27,BA27),2) -> 30 | H27: =+VLOOKUP(C27,'PRECIOS DE REFERENCIA APU'!$A$1:$D$2745,4,FALSE) -> 214944 | I27: =+ROUND(H27*(1+$J$117),0) -> 294473 | J27: =+ROUND(I27*G27,0) -> 8834190 | L27: 10 | P27: =+ROUND($I27*O27,0) -> 0 | R27: =+ROUND($I27*Q27,0) -> 0 | T27: =+ROUND($I27*S27,0) -> 0 | V27: =+ROUND($I27*U27,0) -> 0 | X27: =+ROUND($I27*W27,0) -> 0 | Z27: =+ROUND($I27*Y27,0) -> 0 | AB27: =+ROUND($I27*AA27,0) -> 0 | AD27: =+ROUND($I27*AC27,0) -> 0 | AF27: =+ROUND($I27*AE27,0) -> 0 | AH27: =+ROUND($I27*AG27,0) -> 0 | AJ27: =+ROUND($I27*AI27,0) -> 0 | AL27: =+ROUND($I27*AK27,0) -> 0 | AN27: =+ROUND($I27*AM27,0) -> 0 | AP27: =+ROUND($I27*AO27,0) -> 0 | AR27: =+ROUND($I27*AQ27,0) -> 0 | AT27: =+ROUND($I27*AS27,0) -> 0 | AV27: =+ROUND($I27*AU27,0) -> 0 | AX27: =+ROUND($I27*AW27,0) -> 0 | AZ27: =+ROUND($I27*AY27,0) -> 0 | BA27: 30 | BB27: =+ROUND($I27*BA27,0) -> 8834190
C28: 3710 | D28: 3005 | E28: =+VLOOKUP(C28,'PRECIOS IDU 2025'!$A$1:$E$3189,2,FALSE) -> EXCAVACIÓN MECÁNICA EN MATERIAL COMÚN (INCLUYE CARGUE) | F28: =+VLOOKUP(C28,'PRECIOS IDU 2025'!$A$1:$E$3189,3,FALSE) -> M3 | G28: =+ROUND(SUM(O28,Q28,S28,U28,W28,Y28,AA28,AC28,AG28,AI28,AK28,AM28,AO28,AQ28,AS28,AU28,AW28,AY28,BA28),2) -> 30 | H28: =+VLOOKUP(C28,'PRECIOS DE REFERENCIA APU'!$A$1:$D$2745,4,FALSE) -> 5870 | I28: =+ROUND(H28*(1+$J$117),0) -> 8042 | J28: =+ROUND(I28*G28,0) -> 241260 | L28: 10 | P28: =+ROUND($I28*O28,0) -> 0 | R28: =+ROUND($I28*Q28,0) -> 0 | T28: =+ROUND($I28*S28,0) -> 0 | V28: =+ROUND($I28*U28,0) -> 0 | X28: =+ROUND($I28*W28,0) -> 0 | Z28: =+ROUND($I28*Y28,0) -> 0 | AB28: =+ROUND($I28*AA28,0) -> 0 | AD28: =+ROUND($I28*AC28,0) -> 0 | AF28: =+ROUND($I28*AE28,0) -> 0 | AH28: =+ROUND($I28*AG28,0) -> 0 | AJ28: =+ROUND($I28*AI28,0) -> 0 | AL28: =+ROUND($I28*AK28,0) -> 0 | AN28: =+ROUND($I28*AM28,0) -> 0 | AP28: =+ROUND($I28*AO28,0) -> 0 | AR28: =+ROUND($I28*AQ28,0) -> 0 | AT28: =+ROUND($I28*AS28,0) -> 0 | AV28: =+ROUND($I28*AU28,0) -> 0 | AX28: =+ROUND($I28*AW28,0) -> 0 | AZ28: =+ROUND($I28*AY28,0) -> 0 | BA28: =+BA27 -> 30 | BB28: =+ROUND($I28*BA28,0) -> 241260
C29: 3464 | D29: 3006 | E29: =+VLOOKUP(C29,'PRECIOS IDU 2025'!$A$1:$E$3189,2,FALSE) -> EXCAVACION MANUAL EN MATERIAL COMUN. INCLUYE CARGUE. | F29: =+VLOOKUP(C29,'PRECIOS IDU 2025'!$A$1:$E$3189,3,FALSE) -> M3 | G29: =+ROUND(SUM(O29,Q29,S29,U29,W29,Y29,AA29,AC29,AG29,AI29,AK29,AM29,AO29,AQ29,AS29,AU29,AW29,AY29,BA29),2) -> 20 | H29: =+VLOOKUP(C29,'PRECIOS DE REFERENCIA APU'!$A$1:$D$2745,4,FALSE) -> 55856 | I29: =+ROUND(H29*(1+$J$117),0) -> 76523 | J29: =+ROUND(I29*G29,0) -> 1530460 | L29: 10 | P29: =+ROUND($I29*O29,0) -> 0 | R29: =+ROUND($I29*Q29,0) -> 0 | T29: =+ROUND($I29*S29,0) -> 0 | V29: =+ROUND($I29*U29,0) -> 0 | X29: =+ROUND($I29*W29,0) -> 0 | Z29: =+ROUND($I29*Y29,0) -> 0 | AB29: =+ROUND($I29*AA29,0) -> 0 | AD29: =+ROUND($I29*AC29,0) -> 0 | AF29: =+ROUND($I29*AE29,0) -> 0 | AH29: =+ROUND($I29*AG29,0) -> 0 | AJ29: =+ROUND($I29*AI29,0) -> 0 | AL29: =+ROUND($I29*AK29,0) -> 0 | AN29: =+ROUND($I29*AM29,0) -> 0 | AP29: =+ROUND($I29*AO29,0) -> 0 | AR29: =+ROUND($I29*AQ29,0) -> 0 | AT29: =+ROUND($I29*AS29,0) -> 0 | AV29: =+ROUND($I29*AU29,0) -> 0 | AX29: =+ROUND($I29*AW29,0) -> 0 | AZ29: =+ROUND($I29*AY29,0) -> 0 | BA29: 20 | BB29: =+ROUND($I29*BA29,0) -> 1530460
C30: 3017 | D30: 3007 | E30: =+VLOOKUP(C30,'PRECIOS IDU 2025'!$A$1:$E$3189,2,FALSE) -> TRANSPORTE Y DISPOSICIÓN FINAL DE ESCOMBROS EN SITIO AUTORIZADO (DISTANCIA DE TRANSPORTE 21 KM). A DISTANCIA MAYOR DEL ACARREO LIBRE (90 M) EN SITIO AUTORIZADO POR LA ENTIDAD AMBIENTAL COMPETENTE. | F30: =+VLOOKUP(C30,'PRECIOS IDU 2025'!$A$1:$E$3189,3,FALSE) -> M3 | G30: =+ROUND(SUM(O30,Q30,S30,U30,W30,Y30,AA30,AC30,AG30,AI30,AK30,AM30,AO30,AQ30,AS30,AU30,AW30,AY30,BA30),2) -> 30 | H30: =+VLOOKUP(C30,'PRECIOS DE REFERENCIA APU'!$A$1:$D$2745,4,FALSE) -> 45600 | I30: =+ROUND(H30*(1+$J$117),0) -> 62472 | J30: =+ROUND(I30*G30,0) -> 1874160 | L30: 10 | P30: =+ROUND($I30*O30,0) -> 0 | R30: =+ROUND($I30*Q30,0) -> 0 | T30: =+ROUND($I30*S30,0) -> 0 | V30: =+ROUND($I30*U30,0) -> 0 | X30: =+ROUND($I30*W30,0) -> 0 | Z30: =+ROUND($I30*Y30,0) -> 0 | AB30: =+ROUND($I30*AA30,0) -> 0 | AD30: =+ROUND($I30*AC30,0) -> 0 | AF30: =+ROUND($I30*AE30,0) -> 0 | AH30: =+ROUND($I30*AG30,0) -> 0 | AJ30: =+ROUND($I30*AI30,0) -> 0 | AL30: =+ROUND($I30*AK30,0) -> 0 | AN30: =+ROUND($I30*AM30,0) -> 0 | AP30: =+ROUND($I30*AO30,0) -> 0 | AR30: =+ROUND($I30*AQ30,0) -> 0 | AT30: =+ROUND($I30*AS30,0) -> 0 | AV30: =+ROUND($I30*AU30,0) -> 0 | AX30: =+ROUND($I30*AW30,0) -> 0 | AZ30: =+ROUND($I30*AY30,0) -> 0 | BA30: =+BA28 -> 30 | BB30: =+ROUND($I30*BA30,0) -> 1874160
C31: 3800 | D31: 3008 | E31: =+VLOOKUP(C31,'PRECIOS IDU 2025'!$A$1:$E$3189,2,FALSE) -> NIVELACION Y COMPACTACIÓN DE SUBRASANTE | F31: =+VLOOKUP(C31,'PRECIOS IDU 2025'!$A$1:$E$3189,3,FALSE) -> M2 | G31: =+ROUND(SUM(O31,Q31,S31,U31,W31,Y31,AA31,AC31,AG31,AI31,AK31,AM31,AO31,AQ31,AS31,AU31,AW31,AY31,BA31),2) -> 50 | H31: =+VLOOKUP(C31,'PRECIOS DE REFERENCIA APU'!$A$1:$D$2745,4,FALSE) -> 1785 | I31: =+ROUND(H31*(1+$J$117),0) -> 2445 | J31: =+ROUND(I31*G31,0) -> 122250 | L31: 10 | P31: =+ROUND($I31*O31,0) -> 0 | R31: =+ROUND($I31*Q31,0) -> 0 | T31: =+ROUND($I31*S31,0) -> 0 | V31: =+ROUND($I31*U31,0) -> 0 | X31: =+ROUND($I31*W31,0) -> 0 | Z31: =+ROUND($I31*Y31,0) -> 0 | AB31: =+ROUND($I31*AA31,0) -> 0 | AD31: =+ROUND($I31*AC31,0) -> 0 | AF31: =+ROUND($I31*AE31,0) -> 0 | AH31: =+ROUND($I31*AG31,0) -> 0 | AJ31: =+ROUND($I31*AI31,0) -> 0 | AL31: =+ROUND($I31*AK31,0) -> 0 | AN31: =+ROUND($I31*AM31,0) -> 0 | AP31: =+ROUND($I31*AO31,0) -> 0 | AR31: =+ROUND($I31*AQ31,0) -> 0 | AT31: =+ROUND($I31*AS31,0) -> 0 | AV31: =+ROUND($I31*AU31,0) -> 0 | AX31: =+ROUND($I31*AW31,0) -> 0 | AZ31: =+ROUND($I31*AY31,0) -> 0 | BA31: 50 | BB31: =+ROUND($I31*BA31,0) -> 122250
C32: 10016 | D32: 3009 | E32: =+VLOOKUP(C32,'PRECIOS IDU 2025'!$A$1:$E$3189,2,FALSE) -> ESTABILIZACION O MEJORAMIENTO DE SUBRASANTE CON RAJON = 6" A 12" (15 - 30 cm) Y SELLO CON SUBBASE GRANULAR CLASE C - Gr1 (SBGC_Gr1). INCLUYE (SUMINISTRO, EXTENDIDO, NIVELACION Y COMPACTACIÓN MECANICA CON EXCAVADORA MEDIANA SOBRE ORUGAS Y RODILLO VIBROCOMPACTADOR TANDEM (2,5 - 3,0 TON), TRANSPORTE DEL RAJON Y SELLO HASTA 21 KM) | F32: =+VLOOKUP(C32,'PRECIOS IDU 2025'!$A$1:$E$3189,3,FALSE) -> M3 | G32: =+ROUND(SUM(O32,Q32,S32,U32,W32,Y32,AA32,AC32,AG32,AI32,AK32,AM32,AO32,AQ32,AS32,AU32,AW32,AY32,BA32),2) -> 20 | H32: =+VLOOKUP(C32,'PRECIOS DE REFERENCIA APU'!$A$1:$D$3745,4,FALSE) -> 184603 | I32: =+ROUND(H32*(1+$J$117),0) -> 252906 | J32: =+ROUND(I32*G32,0) -> 5058120 | L32: 10 | P32: =+ROUND($I32*O32,0) -> 0 | R32: =+ROUND($I32*Q32,0) -> 0 | T32: =+ROUND($I32*S32,0) -> 0 | V32: =+ROUND($I32*U32,0) -> 0 | X32: =+ROUND($I32*W32,0) -> 0 | Z32: =+ROUND($I32*Y32,0) -> 0 | AB32: =+ROUND($I32*AA32,0) -> 0 | AD32: =+ROUND($I32*AC32,0) -> 0 | AF32: =+ROUND($I32*AE32,0) -> 0 | AH32: =+ROUND($I32*AG32,0) -> 0 | AJ32: =+ROUND($I32*AI32,0) -> 0 | AL32: =+ROUND($I32*AK32,0) -> 0 | AN32: =+ROUND($I32*AM32,0) -> 0 | AP32: =+ROUND($I32*AO32,0) -> 0 | AR32: =+ROUND($I32*AQ32,0) -> 0 | AT32: =+ROUND($I32*AS32,0) -> 0 | AV32: =+ROUND($I32*AU32,0) -> 0 | AX32: =+ROUND($I32*AW32,0) -> 0 | AZ32: =+ROUND($I32*AY32,0) -> 0 | BA32: 20 | BB32: =+ROUND($I32*BA32,0) -> 5058120
C33: 4015 | D33: 3011 | E33: =+VLOOKUP(C33,'PRECIOS IDU 2025'!$A$1:$E$3189,2,FALSE) -> GEOTEXTIL NO TEJIDO CON RESISTENCIA A LA TENSION GRAB: ENTRE 850 N Y 980 N. PARA SEPARACION SUBRASANTE/CAPAS GRANULARES. (INCLUYE SUMINISTRO E INSTALACION). | F33: =+VLOOKUP(C33,'PRECIOS IDU 2025'!$A$1:$E$3189,3,FALSE) -> M2 | G33: =+ROUND(SUM(O33,Q33,S33,U33,W33,Y33,AA33,AC33,AG33,AI33,AK33,AM33,AO33,AQ33,AS33,AU33,AW33,AY33,BA33),2) -> 30 | H33: =+VLOOKUP(C33,'PRECIOS DE REFERENCIA APU'!$A$1:$D$2745,4,FALSE) -> 22852 | I33: =+ROUND(H33*(1+$J$117),0) -> 31307 | J33: =+ROUND(I33*G33,0) -> 939210 | L33: 10 | P33: =+ROUND($I33*O33,0) -> 0 | R33: =+ROUND($I33*Q33,0) -> 0 | T33: =+ROUND($I33*S33,0) -> 0 | V33: =+ROUND($I33*U33,0) -> 0 | X33: =+ROUND($I33*W33,0) -> 0 | Z33: =+ROUND($I33*Y33,0) -> 0 | AB33: =+ROUND($I33*AA33,0) -> 0 | AD33: =+ROUND($I33*AC33,0) -> 0 | AF33: =+ROUND($I33*AE33,0) -> 0 | AH33: =+ROUND($I33*AG33,0) -> 0 | AJ33: =+ROUND($I33*AI33,0) -> 0 | AL33: =+ROUND($I33*AK33,0) -> 0 | AN33: =+ROUND($I33*AM33,0) -> 0 | AP33: =+ROUND($I33*AO33,0) -> 0 | AR33: =+ROUND($I33*AQ33,0) -> 0 | AT33: =+ROUND($I33*AS33,0) -> 0 | AV33: =+ROUND($I33*AU33,0) -> 0 | AX33: =+ROUND($I33*AW33,0) -> 0 | AZ33: =+ROUND($I33*AY33,0) -> 0 | BA33: 30 | BB33: =+ROUND($I33*BA33,0) -> 939210
C34: 4034 | D34: 3012 | E34: =+VLOOKUP(C34,'PRECIOS IDU 2025'!$A$1:$E$3189,2,FALSE) -> GEOTEXTIL TEJIDO CON RESISTENCIA A LA TENSION METODO TIRA ANCHA SENTIDO LONGITUDINAL: ENTRE 90 KN/M Y 110 KN/M. PARA SEPARACION SUBRASANTE/CAPAS GRANULARES. (INCLUYE SUMINISTRO E INSTALACION). | F34: =+VLOOKUP(C34,'PRECIOS IDU 2025'!$A$1:$E$3189,3,FALSE) -> M2 | G34: =+ROUND(SUM(O34,Q34,S34,U34,W34,Y34,AA34,AC34,AG34,AI34,AK34,AM34,AO34,AQ34,AS34,AU34,AW34,AY34,BA34),2) -> 30 | H34: =+VLOOKUP(C34,'PRECIOS DE REFERENCIA APU'!$A$1:$D$2745,4,FALSE) -> 33207 | I34: =+ROUND(H34*(1+$J$117),0) -> 45494 | J34: =+ROUND(I34*G34,0) -> 1364820 | L34: 10 | P34: =+ROUND($I34*O34,0) -> 0 | R34: =+ROUND($I34*Q34,0) -> 0 | T34: =+ROUND($I34*S34,0) -> 0 | V34: =+ROUND($I34*U34,0) -> 0 | X34: =+ROUND($I34*W34,0) -> 0 | Z34: =+ROUND($I34*Y34,0) -> 0 | AB34: =+ROUND($I34*AA34,0) -> 0 | AD34: =+ROUND($I34*AC34,0) -> 0 | AF34: =+ROUND($I34*AE34,0) -> 0 | AH34: =+ROUND($I34*AG34,0) -> 0 | AJ34: =+ROUND($I34*AI34,0) -> 0 | AL34: =+ROUND($I34*AK34,0) -> 0 | AN34: =+ROUND($I34*AM34,0) -> 0 | AP34: =+ROUND($I34*AO34,0) -> 0 | AR34: =+ROUND($I34*AQ34,0) -> 0 | AT34: =+ROUND($I34*AS34,0) -> 0 | AV34: =+ROUND($I34*AU34,0) -> 0 | AX34: =+ROUND($I34*AW34,0) -> 0 | AZ34: =+ROUND($I34*AY34,0) -> 0 | BA34: 30 | BB34: =+ROUND($I34*BA34,0) -> 1364820
C35: 4160 | D35: 3013 | E35: =+VLOOKUP(C35,'PRECIOS IDU 2025'!$A$1:$E$3189,2,FALSE) -> SUBBASE GRANULAR CLASE B (SBG_B) (SUMINISTRO, EXTENDIDO, NIVELACIÓN, HUMEDECIMIENTO Y COMPACTACIÓN CON VIBROCOMPACTADOR) | F35: =+VLOOKUP(C35,'PRECIOS IDU 2025'!$A$1:$E$3189,3,FALSE) -> M3 | G35: =+ROUND(SUM(O35,Q35,S35,U35,W35,Y35,AA35,AC35,AG35,AI35,AK35,AM35,AO35,AQ35,AS35,AU35,AW35,AY35,BA35),2) -> 20 | H35: =+VLOOKUP(C35,'PRECIOS DE REFERENCIA APU'!$A$1:$D$2745,4,FALSE) -> 170474 | I35: =+ROUND(H35*(1+$J$117),0) -> 233549 | J35: =+ROUND(I35*G35,0) -> 4670980 | L35: 1 | P35: =+ROUND($I35*O35,0) -> 0 | R35: =+ROUND($I35*Q35,0) -> 0 | T35: =+ROUND($I35*S35,0) -> 0 | V35: =+ROUND($I35*U35,0) -> 0 | X35: =+ROUND($I35*W35,0) -> 0 | Z35: =+ROUND($I35*Y35,0) -> 0 | AB35: =+ROUND($I35*AA35,0) -> 0 | AD35: =+ROUND($I35*AC35,0) -> 0 | AF35: =+ROUND($I35*AE35,0) -> 0 | AH35: =+ROUND($I35*AG35,0) -> 0 | AJ35: =+ROUND($I35*AI35,0) -> 0 | AL35: =+ROUND($I35*AK35,0) -> 0 | AN35: =+ROUND($I35*AM35,0) -> 0 | AP35: =+ROUND($I35*AO35,0) -> 0 | AR35: =+ROUND($I35*AQ35,0) -> 0 | AT35: =+ROUND($I35*AS35,0) -> 0 | AV35: =+ROUND($I35*AU35,0) -> 0 | AX35: =+ROUND($I35*AW35,0) -> 0 | AZ35: =+ROUND($I35*AY35,0) -> 0 | BA35: 20 | BB35: =+ROUND($I35*BA35,0) -> 4670980
C36: 4747 | D36: 3014 | E36: =+VLOOKUP(C36,'PRECIOS IDU 2025'!$A$1:$E$3189,2,FALSE) -> SUBBASE GRANULAR CLASE B (SBG_B) CON RECICLADO DE CONCRETO (SUMINISTRO, EXTENDIDO, NIVELACIÓN, HUMEDECIMIENTO Y COMPACTACIÓN CON VIBROCOMPACTADOR) | F36: =+VLOOKUP(C36,'PRECIOS IDU 2025'!$A$1:$E$3189,3,FALSE) -> M3 | G36: =+ROUND(SUM(O36,Q36,S36,U36,W36,Y36,AA36,AC36,AG36,AI36,AK36,AM36,AO36,AQ36,AS36,AU36,AW36,AY36,BA36),2) -> 30 | H36: =+VLOOKUP(C36,'PRECIOS DE REFERENCIA APU'!$A$1:$D$2745,4,FALSE) -> 163821 | I36: =+ROUND(H36*(1+$J$117),0) -> 224435 | J36: =+ROUND(I36*G36,0) -> 6733050 | L36: 1 | P36: =+ROUND($I36*O36,0) -> 0 | R36: =+ROUND($I36*Q36,0) -> 0 | T36: =+ROUND($I36*S36,0) -> 0 | V36: =+ROUND($I36*U36,0) -> 0 | X36: =+ROUND($I36*W36,0) -> 0 | Z36: =+ROUND($I36*Y36,0) -> 0 | AB36: =+ROUND($I36*AA36,0) -> 0 | AD36: =+ROUND($I36*AC36,0) -> 0 | AF36: =+ROUND($I36*AE36,0) -> 0 | AH36: =+ROUND($I36*AG36,0) -> 0 | AJ36: =+ROUND($I36*AI36,0) -> 0 | AL36: =+ROUND($I36*AK36,0) -> 0 | AN36: =+ROUND($I36*AM36,0) -> 0 | AP36: =+ROUND($I36*AO36,0) -> 0 | AR36: =+ROUND($I36*AQ36,0) -> 0 | AT36: =+ROUND($I36*AS36,0) -> 0 | AV36: =+ROUND($I36*AU36,0) -> 0 | AX36: =+ROUND($I36*AW36,0) -> 0 | AZ36: =+ROUND($I36*AY36,0) -> 0 | BA36: 30 | BB36: =+ROUND($I36*BA36,0) -> 6733050
C37: 3708 | D37: 3020 | E37: =+VLOOKUP(C37,'PRECIOS IDU 2025'!$A$1:$E$3189,2,FALSE) -> ACERO DE REFUERZO FY=60000 PSI. SUMINISTRO E INSTALACIÓN. DE ACUERDO A LO ESTIPULADO POR LA NSR-10, NORMA ASTM A-706, ICONTEC 2289 PARA EL ACERO PDR-60. INCLUYE TODOS LOS COSTOS DE SUMINISTRO DE MATERIALES (REFUERZO (G60) FIGURADO, CORRUGADO, INCLUYE EL ALAMBRE DE AMARRE), EQUIPOS, TRANSPORTES, MANEJO, ALMACENAMIENTO, DESPERDICIOS Y MANO DE OBRA. | F37: =+VLOOKUP(C37,'PRECIOS IDU 2025'!$A$1:$E$3189,3,FALSE) -> KG | G37: =+ROUND(SUM(O37,Q37,S37,U37,W37,Y37,AA37,AC37,AG37,AI37,AK37,AM37,AO37,AQ37,AS37,AU37,AW37,AY37,BA37),2) -> 80 | H37: =+VLOOKUP(C37,'PRECIOS DE REFERENCIA APU'!$A$1:$D$2745,4,FALSE) -> 5749 | I37: =+ROUND(H37*(1+$J$117),0) -> 7876 | J37: =+ROUND(I37*G37,0) -> 630080 | L37: 10 | P37: =+ROUND($I37*O37,0) -> 0 | R37: =+ROUND($I37*Q37,0) -> 0 | T37: =+ROUND($I37*S37,0) -> 0 | V37: =+ROUND($I37*U37,0) -> 0 | X37: =+ROUND($I37*W37,0) -> 0 | Z37: =+ROUND($I37*Y37,0) -> 0 | AB37: =+ROUND($I37*AA37,0) -> 0 | AD37: =+ROUND($I37*AC37,0) -> 0 | AF37: =+ROUND($I37*AE37,0) -> 0 | AH37: =+ROUND($I37*AG37,0) -> 0 | AJ37: =+ROUND($I37*AI37,0) -> 0 | AL37: =+ROUND($I37*AK37,0) -> 0 | AN37: =+ROUND($I37*AM37,0) -> 0 | AP37: =+ROUND($I37*AO37,0) -> 0 | AR37: =+ROUND($I37*AQ37,0) -> 0 | AT37: =+ROUND($I37*AS37,0) -> 0 | AV37: =+ROUND($I37*AU37,0) -> 0 | AX37: =+ROUND($I37*AW37,0) -> 0 | AZ37: =+ROUND($I37*AY37,0) -> 0 | BA37: 80 | BB37: =+ROUND($I37*BA37,0) -> 630080
C38: 4959 | D38: 3021 | E38: =+VLOOKUP(C38,'PRECIOS IDU 2025'!$A$1:$E$3189,2,FALSE) -> ACERO LISO PARA TRANSFERENCIA DE LOSAS D= 1 1/4" (NO INCLUYE CANASTILLA). SUMINISTRO E INSTALACIÓN. | F38: =+VLOOKUP(C38,'PRECIOS IDU 2025'!$A$1:$E$3189,3,FALSE) -> KG | G38: =+ROUND(SUM(O38,Q38,S38,U38,W38,Y38,AA38,AC38,AG38,AI38,AK38,AM38,AO38,AQ38,AS38,AU38,AW38,AY38,BA38),2) -> 20 | H38: =+VLOOKUP(C38,'PRECIOS DE REFERENCIA APU'!$A$1:$D$2745,4,FALSE) -> 8636 | I38: =+ROUND(H38*(1+$J$117),0) -> 11831 | J38: =+ROUND(I38*G38,0) -> 236620 | L38: 1 | P38: =+ROUND($I38*O38,0) -> 0 | R38: =+ROUND($I38*Q38,0) -> 0 | T38: =+ROUND($I38*S38,0) -> 0 | V38: =+ROUND($I38*U38,0) -> 0 | X38: =+ROUND($I38*W38,0) -> 0 | Z38: =+ROUND($I38*Y38,0) -> 0 | AB38: =+ROUND($I38*AA38,0) -> 0 | AD38: =+ROUND($I38*AC38,0) -> 0 | AF38: =+ROUND($I38*AE38,0) -> 0 | AH38: =+ROUND($I38*AG38,0) -> 0 | AJ38: =+ROUND($I38*AI38,0) -> 0 | AL38: =+ROUND($I38*AK38,0) -> 0 | AN38: =+ROUND($I38*AM38,0) -> 0 | AP38: =+ROUND($I38*AO38,0) -> 0 | AR38: =+ROUND($I38*AQ38,0) -> 0 | AT38: =+ROUND($I38*AS38,0) -> 0 | AV38: =+ROUND($I38*AU38,0) -> 0 | AX38: =+ROUND($I38*AW38,0) -> 0 | AZ38: =+ROUND($I38*AY38,0) -> 0 | BA38: 20 | BB38: =+ROUND($I38*BA38,0) -> 236620
C39: 7713 | D39: 3022 | E39: =+VLOOKUP(C39,'PRECIOS IDU 2025'!$A$1:$E$3189,2,FALSE) -> (DOVELAS) ACERO LISO PARA TRANSFERENCIA DE LOSAS D= 1 1/2" (NO INCLUYE CANASTILLA). SUMINISTRO E INSTALACIÓN. | F39: =+VLOOKUP(C39,'PRECIOS IDU 2025'!$A$1:$E$3189,3,FALSE) -> KG | G39: =+ROUND(SUM(O39,Q39,S39,U39,W39,Y39,AA39,AC39,AG39,AI39,AK39,AM39,AO39,AQ39,AS39,AU39,AW39,AY39,BA39),2) -> 30 | H39: =+VLOOKUP(C39,'PRECIOS DE REFERENCIA APU'!$A$1:$D$2745,4,FALSE) -> 8040 | I39: =+ROUND(H39*(1+$J$117),0) -> 11015 | J39: =+ROUND(I39*G39,0) -> 330450 | L39: 10 | P39: =+ROUND($I39*O39,0) -> 0 | R39: =+ROUND($I39*Q39,0) -> 0 | T39: =+ROUND($I39*S39,0) -> 0 | V39: =+ROUND($I39*U39,0) -> 0 | X39: =+ROUND($I39*W39,0) -> 0 | Z39: =+ROUND($I39*Y39,0) -> 0 | AB39: =+ROUND($I39*AA39,0) -> 0 | AD39: =+ROUND($I39*AC39,0) -> 0 | AF39: =+ROUND($I39*AE39,0) -> 0 | AH39: =+ROUND($I39*AG39,0) -> 0 | AJ39: =+ROUND($I39*AI39,0) -> 0 | AL39: =+ROUND($I39*AK39,0) -> 0 | AN39: =+ROUND($I39*AM39,0) -> 0 | AP39: =+ROUND($I39*AO39,0) -> 0 | AR39: =+ROUND($I39*AQ39,0) -> 0 | AT39: =+ROUND($I39*AS39,0) -> 0 | AV39: =+ROUND($I39*AU39,0) -> 0 | AX39: =+ROUND($I39*AW39,0) -> 0 | AZ39: =+ROUND($I39*AY39,0) -> 0 | BA39: 30 | BB39: =+ROUND($I39*BA39,0) -> 330450
C40: 7714 | D40: 3023 | E40: =+VLOOKUP(C40,'PRECIOS IDU 2025'!$A$1:$E$3189,2,FALSE) -> (DOVELAS) ACERO LISO PARA TRANSFERENCIA DE LOSAS D= 1" (NO INCLUYE CANASTILLA). SUMINISTRO E INSTALACIÓN. | F40: =+VLOOKUP(C40,'PRECIOS IDU 2025'!$A$1:$E$3189,3,FALSE) -> KG | G40: =+ROUND(SUM(O40,Q40,S40,U40,W40,Y40,AA40,AC40,AG40,AI40,AK40,AM40,AO40,AQ40,AS40,AU40,AW40,AY40,BA40),2) -> 30 | H40: =+VLOOKUP(C40,'PRECIOS DE REFERENCIA APU'!$A$1:$D$2745,4,FALSE) -> 8040 | I40: =+ROUND(H40*(1+$J$117),0) -> 11015 | J40: =+ROUND(I40*G40,0) -> 330450 | L40: 10 | P40: =+ROUND($I40*O40,0) -> 0 | R40: =+ROUND($I40*Q40,0) -> 0 | T40: =+ROUND($I40*S40,0) -> 0 | V40: =+ROUND($I40*U40,0) -> 0 | X40: =+ROUND($I40*W40,0) -> 0 | Z40: =+ROUND($I40*Y40,0) -> 0 | AB40: =+ROUND($I40*AA40,0) -> 0 | AD40: =+ROUND($I40*AC40,0) -> 0 | AF40: =+ROUND($I40*AE40,0) -> 0 | AH40: =+ROUND($I40*AG40,0) -> 0 | AJ40: =+ROUND($I40*AI40,0) -> 0 | AL40: =+ROUND($I40*AK40,0) -> 0 | AN40: =+ROUND($I40*AM40,0) -> 0 | AP40: =+ROUND($I40*AO40,0) -> 0 | AR40: =+ROUND($I40*AQ40,0) -> 0 | AT40: =+ROUND($I40*AS40,0) -> 0 | AV40: =+ROUND($I40*AU40,0) -> 0 | AX40: =+ROUND($I40*AW40,0) -> 0 | AZ40: =+ROUND($I40*AY40,0) -> 0 | BA40: 30 | BB40: =+ROUND($I40*BA40,0) -> 330450
C41: 3394 | D41: 3024 | E41: =+VLOOKUP(C41,'PRECIOS IDU 2025'!$A$1:$E$3189,2,FALSE) -> LOSA DE CONCRETO MR41 (SUMINISTRO, FORMALETEADO, COLOCACIÓN Y ACABADO. NO INCLUYE ACERO, CURADO, JUNTAS) | F41: =+VLOOKUP(C41,'PRECIOS IDU 2025'!$A$1:$E$3189,3,FALSE) -> M3 | G41: =+ROUND(SUM(O41,Q41,S41,U41,W41,Y41,AA41,AC41,AG41,AI41,AK41,AM41,AO41,AQ41,AS41,AU41,AW41,AY41,BA41),2) -> 20 | H41: =+VLOOKUP(C41,'PRECIOS DE REFERENCIA APU'!$A$1:$D$2745,4,FALSE) -> 894526 | I41: =+ROUND(H41*(1+$J$117),0) -> 1225501 | J41: =+ROUND(I41*G41,0) -> 24510020 | L41: 10 | P41: =+ROUND($I41*O41,0) -> 0 | R41: =+ROUND($I41*Q41,0) -> 0 | T41: =+ROUND($I41*S41,0) -> 0 | V41: =+ROUND($I41*U41,0) -> 0 | X41: =+ROUND($I41*W41,0) -> 0 | Z41: =+ROUND($I41*Y41,0) -> 0 | AB41: =+ROUND($I41*AA41,0) -> 0 | AD41: =+ROUND($I41*AC41,0) -> 0 | AF41: =+ROUND($I41*AE41,0) -> 0 | AH41: =+ROUND($I41*AG41,0) -> 0 | AJ41: =+ROUND($I41*AI41,0) -> 0 | AL41: =+ROUND($I41*AK41,0) -> 0 | AN41: =+ROUND($I41*AM41,0) -> 0 | AP41: =+ROUND($I41*AO41,0) -> 0 | AR41: =+ROUND($I41*AQ41,0) -> 0 | AT41: =+ROUND($I41*AS41,0) -> 0 | AV41: =+ROUND($I41*AU41,0) -> 0 | AX41: =+ROUND($I41*AW41,0) -> 0 | AZ41: =+ROUND($I41*AY41,0) -> 0 | BA41: 20 | BB41: =+ROUND($I41*BA41,0) -> 24510020
C42: 3806 | D42: 3026 | E42: =+VLOOKUP(C42,'PRECIOS IDU 2025'!$A$1:$E$3189,2,FALSE) -> CURADO DE LOSAS DE CONCRETO (SUMINISTRO Y APLICACIÓN) | F42: =+VLOOKUP(C42,'PRECIOS IDU 2025'!$A$1:$E$3189,3,FALSE) -> M2 | G42: =+ROUND(SUM(O42,Q42,S42,U42,W42,Y42,AA42,AC42,AG42,AI42,AK42,AM42,AO42,AQ42,AS42,AU42,AW42,AY42,BA42),2) -> 20 | H42: =+VLOOKUP(C42,'PRECIOS DE REFERENCIA APU'!$A$1:$D$2745,4,FALSE) -> 2840 | I42: =+ROUND(H42*(1+$J$117),0) -> 3891 | J42: =+ROUND(I42*G42,0) -> 77820 | L42: 10 | P42: =+ROUND($I42*O42,0) -> 0 | R42: =+ROUND($I42*Q42,0) -> 0 | T42: =+ROUND($I42*S42,0) -> 0 | V42: =+ROUND($I42*U42,0) -> 0 | X42: =+ROUND($I42*W42,0) -> 0 | Z42: =+ROUND($I42*Y42,0) -> 0 | AB42: =+ROUND($I42*AA42,0) -> 0 | AD42: =+ROUND($I42*AC42,0) -> 0 | AF42: =+ROUND($I42*AE42,0) -> 0 | AH42: =+ROUND($I42*AG42,0) -> 0 | AJ42: =+ROUND($I42*AI42,0) -> 0 | AL42: =+ROUND($I42*AK42,0) -> 0 | AN42: =+ROUND($I42*AM42,0) -> 0 | AP42: =+ROUND($I42*AO42,0) -> 0 | AR42: =+ROUND($I42*AQ42,0) -> 0 | AT42: =+ROUND($I42*AS42,0) -> 0 | AV42: =+ROUND($I42*AU42,0) -> 0 | AX42: =+ROUND($I42*AW42,0) -> 0 | AZ42: =+ROUND($I42*AY42,0) -> 0 | BA42: 20 | BB42: =+ROUND($I42*BA42,0) -> 77820
C43: 3837 | D43: 3027 | E43: =+VLOOKUP(C43,'PRECIOS IDU 2025'!$A$1:$E$3189,2,FALSE) -> SELLADO DE JUNTAS EN PAVIMENTO DE CONCRETO HIDRAULICO (INCLUYE LIMPIEZA, SUMINISTRO E INSTALACIÓN DE FONDO Y SELLANTE) | F43: =+VLOOKUP(C43,'PRECIOS IDU 2025'!$A$1:$E$3189,3,FALSE) -> ML | G43: =+ROUND(SUM(O43,Q43,S43,U43,W43,Y43,AA43,AC43,AG43,AI43,AK43,AM43,AO43,AQ43,AS43,AU43,AW43,AY43,BA43),2) -> 40 | H43: =+VLOOKUP(C43,'PRECIOS DE REFERENCIA APU'!$A$1:$D$2745,4,FALSE) -> 15011 | I43: =+ROUND(H43*(1+$J$117),0) -> 20565 | J43: =+ROUND(I43*G43,0) -> 822600 | L43: 10 | P43: =+ROUND($I43*O43,0) -> 0 | R43: =+ROUND($I43*Q43,0) -> 0 | T43: =+ROUND($I43*S43,0) -> 0 | V43: =+ROUND($I43*U43,0) -> 0 | X43: =+ROUND($I43*W43,0) -> 0 | Z43: =+ROUND($I43*Y43,0) -> 0 | AB43: =+ROUND($I43*AA43,0) -> 0 | AD43: =+ROUND($I43*AC43,0) -> 0 | AF43: =+ROUND($I43*AE43,0) -> 0 | AH43: =+ROUND($I43*AG43,0) -> 0 | AJ43: =+ROUND($I43*AI43,0) -> 0 | AL43: =+ROUND($I43*AK43,0) -> 0 | AN43: =+ROUND($I43*AM43,0) -> 0 | AP43: =+ROUND($I43*AO43,0) -> 0 | AR43: =+ROUND($I43*AQ43,0) -> 0 | AT43: =+ROUND($I43*AS43,0) -> 0 | AV43: =+ROUND($I43*AU43,0) -> 0 | AX43: =+ROUND($I43*AW43,0) -> 0 | AZ43: =+ROUND($I43*AY43,0) -> 0 | BA43: 40 | BB43: =+ROUND($I43*BA43,0) -> 822600
C44: 5404 | D44: 3028 | E44: =+VLOOKUP(C44,'PRECIOS IDU 2025'!$A$1:$E$3189,2,FALSE) -> CANASTILLA PASAJUNTAS (INCLUYE SUMINISTRO Y FIJACIÓN) | F44: =+VLOOKUP(C44,'PRECIOS IDU 2025'!$A$1:$E$3189,3,FALSE) -> KG | G44: =+ROUND(SUM(O44,Q44,S44,U44,W44,Y44,AA44,AC44,AG44,AI44,AK44,AM44,AO44,AQ44,AS44,AU44,AW44,AY44,BA44),2) -> 50 | H44: =+VLOOKUP(C44,'PRECIOS DE REFERENCIA APU'!$A$1:$D$2745,4,FALSE) -> 10669 | I44: =+ROUND(H44*(1+$J$117),0) -> 14617 | J44: =+ROUND(I44*G44,0) -> 730850 | L44: 10 | P44: =+ROUND($I44*O44,0) -> 0 | R44: =+ROUND($I44*Q44,0) -> 0 | T44: =+ROUND($I44*S44,0) -> 0 | V44: =+ROUND($I44*U44,0) -> 0 | X44: =+ROUND($I44*W44,0) -> 0 | Z44: =+ROUND($I44*Y44,0) -> 0 | AB44: =+ROUND($I44*AA44,0) -> 0 | AD44: =+ROUND($I44*AC44,0) -> 0 | AF44: =+ROUND($I44*AE44,0) -> 0 | AH44: =+ROUND($I44*AG44,0) -> 0 | AJ44: =+ROUND($I44*AI44,0) -> 0 | AL44: =+ROUND($I44*AK44,0) -> 0 | AN44: =+ROUND($I44*AM44,0) -> 0 | AP44: =+ROUND($I44*AO44,0) -> 0 | AR44: =+ROUND($I44*AQ44,0) -> 0 | AT44: =+ROUND($I44*AS44,0) -> 0 | AV44: =+ROUND($I44*AU44,0) -> 0 | AX44: =+ROUND($I44*AW44,0) -> 0 | AZ44: =+ROUND($I44*AY44,0) -> 0 | BA44: 50 | BB44: =+ROUND($I44*BA44,0) -> 730850
C45: 2. MANTENIMIENTO RUTINARIO-PERIODICO VIA PAVIMENTO FLEXIBLE | G45: =+ROUND(SUM(O45,Q45,S45,U45,W45,Y45,AA45,AC45,AG45,AI45,AK45,AM45,AO45,AQ45,AS45,AU45,AW45,AY45,BA45),2) -> 0 | I45: SUBTOTAL | J45: =+SUM(J25:J44) -> 59329440 | L45: 0 | AN45: =+ROUND($I45*AM45,0) -> #VALUE! | AR45: =+ROUND($I45*AQ45,0) -> #VALUE! | AT45: =+ROUND($I45*AS45,0) -> #VALUE! | AV45: =+ROUND($I45*AU45,0) -> #VALUE! | AX45: =+ROUND($I45*AW45,0) -> #VALUE! | AZ45: =+ROUND($I45*AY45,0) -> #VALUE!
C46: 3007 | D46: 4001 | E46: =+VLOOKUP(C46,'PRECIOS IDU 2025'!$A$1:$E$3189,2,FALSE) -> REPLANTEO GENERAL | F46: =+VLOOKUP(C46,'PRECIOS IDU 2025'!$A$1:$E$3189,3,FALSE) -> M2 | G46: =+ROUND(SUM(O46,Q46,S46,U46,W46,Y46,AA46,AC46,AE46,AG46,AI46,AK46,AM46,AO46,AQ46,AS46,AU46,AW46,AY46,BA46),2) -> 503 | H46: =+VLOOKUP(C46,'PRECIOS DE REFERENCIA APU'!$A$1:$D$2745,4,FALSE) -> 996 | I46: =+ROUND(H46*(1+$J$117),0) -> 1365 | J46: =+ROUND(I46*G46,0) -> 686595 | L46: 186.7 | AD46: =+ROUND($I46*AC46,0) -> 0 | AF46: =+ROUND($I46*AE46,0) -> 0 | AG46: =2*4 -> 8 | AH46: =+ROUND($I46*AG46,0) -> 10920 | AI46: =4*6 -> 24 | AJ46: =+ROUND($I46*AI46,0) -> 32760 | AK46: =7*3 -> 21 | AL46: =+ROUND($I46*AK46,0) -> 28665 | AM46: =6*5 -> 30 | AN46: =+ROUND($I46*AM46,0) -> 40950 | AO46: =4*5 -> 20 | AP46: =+ROUND($I46*AO46,0) -> 27300 | BA46: 400 | BB46: =+ROUND($I46*BA46,0) -> 546000
C47: 3811 | D47: 4002 | E47: =+VLOOKUP(C47,'PRECIOS IDU 2025'!$A$1:$E$3189,2,FALSE) -> CORTE DE PAVIMENTO - INCLUYE EQUIPO: CORTADORA DE CONCRETO INCLUYE OPERARIO Y COMBUSTIBLE. INCLUYE DISCO DIAMANTADO ASFALTO-CONCRETO 350 MM, AGUA Y MANO DE OBRA | F47: =+VLOOKUP(C47,'PRECIOS IDU 2025'!$A$1:$E$3189,3,FALSE) -> ML | G47: =+ROUND(SUM(O47,Q47,S47,U47,W47,Y47,AA47,AC47,AG47,AI47,AK47,AM47,AO47,AQ47,AS47,AU47,AW47,AY47,BA47),2) -> 577 | H47: =+VLOOKUP(C47,'PRECIOS DE REFERENCIA APU'!$A$1:$D$2745,4,FALSE) -> 3055 | I47: =+ROUND(H47*(1+$J$117),0) -> 4185 | J47: =+ROUND(I47*G47,0) -> 2414745 | L47: 11.1 | P47: =+ROUND($I47*O47,0) -> 0 | R47: =+ROUND($I47*Q47,0) -> 0 | T47: =+ROUND($I47*S47,0) -> 0 | V47: =+ROUND($I47*U47,0) -> 0 | X47: =+ROUND($I47*W47,0) -> 0 | Z47: =+ROUND($I47*Y47,0) -> 0 | AB47: =+ROUND($I47*AA47,0) -> 0 | AD47: =+ROUND($I47*AC47,0) -> 0 | AF47: =+ROUND($I47*AE47,0) -> 0 | AG47: =4+2+4+2 -> 12 | AH47: =+ROUND($I47*AG47,0) -> 50220 | AI47: =6+4+6+4 -> 20 | AJ47: =+ROUND($I47*AI47,0) -> 83700 | AK47: =7+3+7+3 -> 20 | AL47: =+ROUND($I47*AK47,0) -> 83700 | AM47: =6+6 -> 12 | AN47: =+ROUND($I47*AM47,0) -> 50220 | AO47: =4+5+4 -> 13 | AP47: =+ROUND($I47*AO47,0) -> 54405 | AR47: =+ROUND($I47*AQ47,0) -> 0 | AT47: =+ROUND($I47*AS47,0) -> 0 | AV47: =+ROUND($I47*AU47,0) -> 0 | AX47: =+ROUND($I47*AW47,0) -> 0 | AZ47: =+ROUND($I47*AY47,0) -> 0 | BA47: 500 | BB47: =+ROUND($I47*BA47,0) -> 2092500
C48: 3010 | D48: 4003 | E48: =+VLOOKUP(C48,'PRECIOS IDU 2025'!$A$1:$E$3189,2,FALSE) -> DEMOLICION PAVIMENTO ASFALTICO (INCLUYE CARGUE). NO INCLUYE TRANSPORTE Y DISPOSICIÓN FINAL DE SOBRANTES. | F48: =+VLOOKUP(C48,'PRECIOS IDU 2025'!$A$1:$E$3189,3,FALSE) -> M3 | G48: =+ROUND(SUM(O48,Q48,S48,U48,W48,Y48,AA48,AC48,AG48,AI48,AK48,AM48,AO48,AQ48,AS48,AU48,AW48,AY48,BA48),2) -> 251.2 | H48: =+VLOOKUP(C48,'PRECIOS DE REFERENCIA APU'!$A$1:$D$2745,4,FALSE) -> 45548 | I48: =+ROUND(H48*(1+$J$117),0) -> 62401 | J48: =+ROUND(I48*G48,0) -> 15675131 | L48: 6.73 | P48: =+ROUND($I48*O48,0) -> 0 | R48: =+ROUND($I48*Q48,0) -> 0 | T48: =+ROUND($I48*S48,0) -> 0 | V48: =+ROUND($I48*U48,0) -> 0 | X48: =+ROUND($I48*W48,0) -> 0 | Z48: =+ROUND($I48*Y48,0) -> 0 | AB48: =+ROUND($I48*AA48,0) -> 0 | AD48: =+ROUND($I48*AC48,0) -> 0 | AF48: =+ROUND($I48*AE48,0) -> 0 | AG48: =+AG46*0.15 -> 1.2 | AH48: =+ROUND($I48*AG48,0) -> 74881 | AJ48: =+ROUND($I48*AI48,0) -> 0 | AL48: =+ROUND($I48*AK48,0) -> 0 | AN48: =+ROUND($I48*AM48,0) -> 0 | AP48: =+ROUND($I48*AO48,0) -> 0 | AR48: =+ROUND($I48*AQ48,0) -> 0 | AT48: =+ROUND($I48*AS48,0) -> 0 | AV48: =+ROUND($I48*AU48,0) -> 0 | AX48: =+ROUND($I48*AW48,0) -> 0 | AZ48: =+ROUND($I48*AY48,0) -> 0 | BA48: 250 | BB48: =+ROUND($I48*BA48,0) -> 15600250
C49: 3710 | D49: 4004 | E49: =+VLOOKUP(C49,'PRECIOS IDU 2025'!$A$1:$E$3189,2,FALSE) -> EXCAVACIÓN MECÁNICA EN MATERIAL COMÚN (INCLUYE CARGUE) | F49: =+VLOOKUP(C49,'PRECIOS IDU 2025'!$A$1:$E$3189,3,FALSE) -> M3 | G49: =+ROUND(SUM(O49,Q49,S49,U49,W49,Y49,AA49,AC49,AG49,AI49,AK49,AM49,AO49,AQ49,AS49,AU49,AW49,AY49,BA49),2) -> 401.2 | H49: =+VLOOKUP(C49,'PRECIOS DE REFERENCIA APU'!$A$1:$D$2745,4,FALSE) -> 5870 | I49: =+ROUND(H49*(1+$J$117),0) -> 8042 | J49: =+ROUND(I49*G49,0) -> 3226450 | L49: 143.76 | P49: =+ROUND($I49*O49,0) -> 0 | R49: =+ROUND($I49*Q49,0) -> 0 | T49: =+ROUND($I49*S49,0) -> 0 | V49: =+ROUND($I49*U49,0) -> 0 | X49: =+ROUND($I49*W49,0) -> 0 | Z49: =+ROUND($I49*Y49,0) -> 0 | AB49: =+ROUND($I49*AA49,0) -> 0 | AD49: =+ROUND($I49*AC49,0) -> 0 | AF49: =+ROUND($I49*AE49,0) -> 0 | AG49: =+AG48 -> 1.2 | AH49: =+ROUND($I49*AG49,0) -> 9650 | AJ49: =+ROUND($I49*AI49,0) -> 0 | AL49: =+ROUND($I49*AK49,0) -> 0 | AN49: =+ROUND($I49*AM49,0) -> 0 | AP49: =+ROUND($I49*AO49,0) -> 0 | AR49: =+ROUND($I49*AQ49,0) -> 0 | AT49: =+ROUND($I49*AS49,0) -> 0 | AV49: =+ROUND($I49*AU49,0) -> 0 | AX49: =+ROUND($I49*AW49,0) -> 0 | AZ49: =+ROUND($I49*AY49,0) -> 0 | BA49: 400 | BB49: =+ROUND($I49*BA49,0) -> 3216800
C50: 3464 | D50: 4005 | E50: =+VLOOKUP(C50,'PRECIOS IDU 2025'!$A$1:$E$3189,2,FALSE) -> EXCAVACION MANUAL EN MATERIAL COMUN. INCLUYE CARGUE. | F50: =+VLOOKUP(C50,'PRECIOS IDU 2025'!$A$1:$E$3189,3,FALSE) -> M3 | G50: =+ROUND(SUM(O50,Q50,S50,U50,W50,Y50,AA50,AC50,AG50,AI50,AK50,AM50,AO50,AQ50,AS50,AU50,AW50,AY50,BA50),2) -> 300 | H50: =+VLOOKUP(C50,'PRECIOS DE REFERENCIA APU'!$A$1:$D$2745,4,FALSE) -> 55856 | I50: =+ROUND(H50*(1+$J$117),0) -> 76523 | J50: =+ROUND(I50*G50,0) -> 22956900 | L50: 7.19 | P50: =+ROUND($I50*O50,0) -> 0 | R50: =+ROUND($I50*Q50,0) -> 0 | T50: =+ROUND($I50*S50,0) -> 0 | V50: =+ROUND($I50*U50,0) -> 0 | X50: =+ROUND($I50*W50,0) -> 0 | Z50: =+ROUND($I50*Y50,0) -> 0 | AB50: =+ROUND($I50*AA50,0) -> 0 | AD50: =+ROUND($I50*AC50,0) -> 0 | AF50: =+ROUND($I50*AE50,0) -> 0 | AG50: 0 | AH50: =+ROUND($I50*AG50,0) -> 0 | AJ50: =+ROUND($I50*AI50,0) -> 0 | AL50: =+ROUND($I50*AK50,0) -> 0 | AN50: =+ROUND($I50*AM50,0) -> 0 | AP50: =+ROUND($I50*AO50,0) -> 0 | AR50: =+ROUND($I50*AQ50,0) -> 0 | AT50: =+ROUND($I50*AS50,0) -> 0 | AV50: =+ROUND($I50*AU50,0) -> 0 | AX50: =+ROUND($I50*AW50,0) -> 0 | AZ50: =+ROUND($I50*AY50,0) -> 0 | BA50: 300 | BB50: =+ROUND($I50*BA50,0) -> 22956900
C51: 3017 | D51: 4006 | E51: =+VLOOKUP(C51,'PRECIOS IDU 2025'!$A$1:$E$3189,2,FALSE) -> TRANSPORTE Y DISPOSICIÓN FINAL DE ESCOMBROS EN SITIO AUTORIZADO (DISTANCIA DE TRANSPORTE 21 KM). A DISTANCIA MAYOR DEL ACARREO LIBRE (90 M) EN SITIO AUTORIZADO POR LA ENTIDAD AMBIENTAL COMPETENTE. | F51: =+VLOOKUP(C51,'PRECIOS IDU 2025'!$A$1:$E$3189,3,FALSE) -> M3 | G51: =+ROUND(SUM(O51,Q51,S51,U51,W51,Y51,AA51,AC51,AG51,AI51,AK51,AM51,AO51,AQ51,AS51,AU51,AW51,AY51,BA51),2) -> 301.2 | H51: =+VLOOKUP(C51,'PRECIOS DE REFERENCIA APU'!$A$1:$D$2745,4,FALSE) -> 45600 | I51: =+ROUND(H51*(1+$J$117),0) -> 62472 | J51: =+ROUND(I51*G51,0) -> 18816566 | L51: 204.98 | P51: =+ROUND($I51*O51,0) -> 0 | R51: =+ROUND($I51*Q51,0) -> 0 | T51: =+ROUND($I51*S51,0) -> 0 | V51: =+ROUND($I51*U51,0) -> 0 | X51: =+ROUND($I51*W51,0) -> 0 | Z51: =+ROUND($I51*Y51,0) -> 0 | AB51: =+ROUND($I51*AA51,0) -> 0 | AD51: =+ROUND($I51*AC51,0) -> 0 | AF51: =+ROUND($I51*AE51,0) -> 0 | AG51: =+AG49 -> 1.2 | AH51: =+ROUND($I51*AG51,0) -> 74966 | AJ51: =+ROUND($I51*AI51,0) -> 0 | AL51: =+ROUND($I51*AK51,0) -> 0 | AN51: =+ROUND($I51*AM51,0) -> 0 | AP51: =+ROUND($I51*AO51,0) -> 0 | AR51: =+ROUND($I51*AQ51,0) -> 0 | AT51: =+ROUND($I51*AS51,0) -> 0 | AV51: =+ROUND($I51*AU51,0) -> 0 | AX51: =+ROUND($I51*AW51,0) -> 0 | AZ51: =+ROUND($I51*AY51,0) -> 0 | BA51: 300 | BB51: =+ROUND($I51*BA51,0) -> 18741600
C52: 3800 | D52: 4007 | E52: =+VLOOKUP(C52,'PRECIOS IDU 2025'!$A$1:$E$3189,2,FALSE) -> NIVELACION Y COMPACTACIÓN DE SUBRASANTE | F52: =+VLOOKUP(C52,'PRECIOS IDU 2025'!$A$1:$E$3189,3,FALSE) -> M2 | G52: =+ROUND(SUM(O52,Q52,S52,U52,W52,Y52,AA52,AC52,AG52,AI52,AK52,AM52,AO52,AQ52,AS52,AU52,AW52,AY52,BA52),2) -> 508 | H52: =+VLOOKUP(C52,'PRECIOS DE REFERENCIA APU'!$A$1:$D$2745,4,FALSE) -> 1785 | I52: =+ROUND(H52*(1+$J$117),0) -> 2445 | J52: =+ROUND(I52*G52,0) -> 1242060 | L52: 186.7 | P52: =+ROUND($I52*O52,0) -> 0 | R52: =+ROUND($I52*Q52,0) -> 0 | T52: =+ROUND($I52*S52,0) -> 0 | V52: =+ROUND($I52*U52,0) -> 0 | X52: =+ROUND($I52*W52,0) -> 0 | Z52: =+ROUND($I52*Y52,0) -> 0 | AB52: =+ROUND($I52*AA52,0) -> 0 | AD52: =+ROUND($I52*AC52,0) -> 0 | AF52: =+ROUND($I52*AE52,0) -> 0 | AG52: =+AG46 -> 8 | AH52: =+ROUND($I52*AG52,0) -> 19560 | AJ52: =+ROUND($I52*AI52,0) -> 0 | AL52: =+ROUND($I52*AK52,0) -> 0 | AN52: =+ROUND($I52*AM52,0) -> 0 | AP52: =+ROUND($I52*AO52,0) -> 0 | AR52: =+ROUND($I52*AQ52,0) -> 0 | AT52: =+ROUND($I52*AS52,0) -> 0 | AV52: =+ROUND($I52*AU52,0) -> 0 | AX52: =+ROUND($I52*AW52,0) -> 0 | AZ52: =+ROUND($I52*AY52,0) -> 0 | BA52: 500 | BB52: =+ROUND($I52*BA52,0) -> 1222500
C53: 5843 | D53: 4008 | E53: =+VLOOKUP(C53,'PRECIOS IDU 2025'!$A$1:$E$3189,2,FALSE) -> GEOMALLA BIAXIAL PARA EL CONTROL DEL REFLEJO DE AGRIETAMIENTO EN CAPAS DE CONCRETO ASFALTICO, CON MODULO DE TENSION CICLICA MINIMO DE 2340 KN/M. (INCLUYE SUMINISTRO E INSTALACION). | F53: =+VLOOKUP(C53,'PRECIOS IDU 2025'!$A$1:$E$3189,3,FALSE) -> M2 | G53: =+ROUND(SUM(O53,Q53,S53,U53,W53,Y53,AA53,AC53,AG53,AI53,AK53,AM53,AO53,AQ53,AS53,AU53,AW53,AY53,BA53),2) -> 100 | H53: =+VLOOKUP(C53,'PRECIOS DE REFERENCIA APU'!$A$1:$D$2745,4,FALSE) -> 33653 | I53: =+ROUND(H53*(1+$J$117),0) -> 46105 | J53: =+ROUND(I53*G53,0) -> 4610500 | L53: 186.7 | P53: =+ROUND($I53*O53,0) -> 0 | R53: =+ROUND($I53*Q53,0) -> 0 | T53: =+ROUND($I53*S53,0) -> 0 | V53: =+ROUND($I53*U53,0) -> 0 | X53: =+ROUND($I53*W53,0) -> 0 | Z53: =+ROUND($I53*Y53,0) -> 0 | AB53: =+ROUND($I53*AA53,0) -> 0 | AD53: =+ROUND($I53*AC53,0) -> 0 | AF53: =+ROUND($I53*AE53,0) -> 0 | AH53: =+ROUND($I53*AG53,0) -> 0 | AJ53: =+ROUND($I53*AI53,0) -> 0 | AL53: =+ROUND($I53*AK53,0) -> 0 | AN53: =+ROUND($I53*AM53,0) -> 0 | AP53: =+ROUND($I53*AO53,0) -> 0 | AR53: =+ROUND($I53*AQ53,0) -> 0 | AT53: =+ROUND($I53*AS53,0) -> 0 | AV53: =+ROUND($I53*AU53,0) -> 0 | AX53: =+ROUND($I53*AW53,0) -> 0 | AZ53: =+ROUND($I53*AY53,0) -> 0 | BA53: 100 | BB53: =+ROUND($I53*BA53,0) -> 4610500
C54: 3864 | D54: 4009 | E54: =+VLOOKUP(C54,'PRECIOS IDU 2025'!$A$1:$E$3189,2,FALSE) -> IMPRIMACION CON EMULSION ASFALTICA CRL-0 (SUMINISTRO, BARRIDO SUPERFICIE Y RIEGO MECANICO) | F54: =+VLOOKUP(C54,'PRECIOS IDU 2025'!$A$1:$E$3189,3,FALSE) -> M2 | G54: =+ROUND(SUM(O54,Q54,S54,U54,W54,Y54,AA54,AC54,AG54,AI54,AK54,AM54,AO54,AQ54,AS54,AU54,AW54,AY54,BA54),2) -> 258 | H54: =+VLOOKUP(C54,'PRECIOS DE REFERENCIA APU'!$A$1:$D$2745,4,FALSE) -> 3214 | I54: =+ROUND(H54*(1+$J$117),0) -> 4403 | J54: =+ROUND(I54*G54,0) -> 1135974 | L54: 186.7 | P54: =+ROUND($I54*O54,0) -> 0 | R54: =+ROUND($I54*Q54,0) -> 0 | T54: =+ROUND($I54*S54,0) -> 0 | V54: =+ROUND($I54*U54,0) -> 0 | X54: =+ROUND($I54*W54,0) -> 0 | Z54: =+ROUND($I54*Y54,0) -> 0 | AB54: =+ROUND($I54*AA54,0) -> 0 | AD54: =+ROUND($I54*AC54,0) -> 0 | AF54: =+ROUND($I54*AE54,0) -> 0 | AG54: =+AG46 -> 8 | AH54: =+ROUND($I54*AG54,0) -> 35224 | AJ54: =+ROUND($I54*AI54,0) -> 0 | AL54: =+ROUND($I54*AK54,0) -> 0 | AN54: =+ROUND($I54*AM54,0) -> 0 | AP54: =+ROUND($I54*AO54,0) -> 0 | AR54: =+ROUND($I54*AQ54,0) -> 0 | AT54: =+ROUND($I54*AS54,0) -> 0 | AV54: =+ROUND($I54*AU54,0) -> 0 | AX54: =+ROUND($I54*AW54,0) -> 0 | AZ54: =+ROUND($I54*AY54,0) -> 0 | BA54: 250 | BB54: =+ROUND($I54*BA54,0) -> 1100750
C55: 3867 | D55: 4010 | E55: =+VLOOKUP(C55,'PRECIOS IDU 2025'!$A$1:$E$3189,2,FALSE) -> RIEGO DE LIGA CON EMULSION ASFALTICA CRR-2 (SUMINISTRO, BARRIDO SUPERFICIE Y RIEGO MECANICO) | F55: =+VLOOKUP(C55,'PRECIOS IDU 2025'!$A$1:$E$3189,3,FALSE) -> M2 | G55: =+ROUND(SUM(O55,Q55,S55,U55,W55,Y55,AA55,AC55,AG55,AI55,AK55,AM55,AO55,AQ55,AS55,AU55,AW55,AY55,BA55),2) -> 250 | H55: =+VLOOKUP(C55,'PRECIOS DE REFERENCIA APU'!$A$1:$D$2745,4,FALSE) -> 3910 | I55: =+ROUND(H55*(1+$J$117),0) -> 5357 | J55: =+ROUND(I55*G55,0) -> 1339250 | L55: 9.34 | P55: =+ROUND($I55*O55,0) -> 0 | R55: =+ROUND($I55*Q55,0) -> 0 | T55: =+ROUND($I55*S55,0) -> 0 | V55: =+ROUND($I55*U55,0) -> 0 | X55: =+ROUND($I55*W55,0) -> 0 | Z55: =+ROUND($I55*Y55,0) -> 0 | AB55: =+ROUND($I55*AA55,0) -> 0 | AD55: =+ROUND($I55*AC55,0) -> 0 | AF55: =+ROUND($I55*AE55,0) -> 0 | AH55: =+ROUND($I55*AG55,0) -> 0 | AJ55: =+ROUND($I55*AI55,0) -> 0 | AL55: =+ROUND($I55*AK55,0) -> 0 | AN55: =+ROUND($I55*AM55,0) -> 0 | AP55: =+ROUND($I55*AO55,0) -> 0 | AR55: =+ROUND($I55*AQ55,0) -> 0 | AT55: =+ROUND($I55*AS55,0) -> 0 | AV55: =+ROUND($I55*AU55,0) -> 0 | AX55: =+ROUND($I55*AW55,0) -> 0 | AZ55: =+ROUND($I55*AY55,0) -> 0 | BA55: 250 | BB55: =+ROUND($I55*BA55,0) -> 1339250
C56: 6313 | D56: 4012 | E56: =+VLOOKUP(C56,'PRECIOS IDU 2025'!$A$1:$E$3189,2,FALSE) -> MEZCLA ASFÁLTICA DENSA EN CALIENTE MD12 CON CEMENTO ASFÁLTICO 60-70 (SUMINISTRO, EXTENDIDO, NIVELACIÓN Y COMPACTACIÓN MECANICA CON VIBROCOMPACTADOR Y COMPACTADOR DE LLANTAS) | F56: =+VLOOKUP(C56,'PRECIOS IDU 2025'!$A$1:$E$3189,3,FALSE) -> M3 | G56: =+ROUND(SUM(O56,Q56,S56,U56,W56,Y56,AA56,AC56,AG56,AI56,AK56,AM56,AO56,AQ56,AS56,AU56,AW56,AY56,BA56),2) -> 91.2 | H56: =+VLOOKUP(C56,'PRECIOS DE REFERENCIA APU'!$A$1:$D$2745,4,FALSE) -> 1243369 | I56: =+ROUND(H56*(1+$J$117),0) -> 1703416 | J56: =+ROUND(I56*G56,0) -> 155351539 | L56: 15.68 | P56: =+ROUND($I56*O56,0) -> 0 | R56: =+ROUND($I56*Q56,0) -> 0 | T56: =+ROUND($I56*S56,0) -> 0 | V56: =+ROUND($I56*U56,0) -> 0 | X56: =+ROUND($I56*W56,0) -> 0 | Z56: =+ROUND($I56*Y56,0) -> 0 | AB56: =+ROUND($I56*AA56,0) -> 0 | AD56: =+ROUND($I56*AC56,0) -> 0 | AF56: =+ROUND($I56*AE56,0) -> 0 | AG56: =+AG49 -> 1.2 | AH56: =+ROUND($I56*AG56,0) -> 2044099 | AJ56: =+ROUND($I56*AI56,0) -> 0 | AL56: =+ROUND($I56*AK56,0) -> 0 | AN56: =+ROUND($I56*AM56,0) -> 0 | AP56: =+ROUND($I56*AO56,0) -> 0 | AR56: =+ROUND($I56*AQ56,0) -> 0 | AT56: =+ROUND($I56*AS56,0) -> 0 | AV56: =+ROUND($I56*AU56,0) -> 0 | AX56: =+ROUND($I56*AW56,0) -> 0 | AZ56: =+ROUND($I56*AY56,0) -> 0 | BA56: 90 | BB56: =+ROUND($I56*BA56,0) -> 153307440
C57: 4712 | D57: 4013 | E57: =+VLOOKUP(C57,'PRECIOS IDU 2025'!$A$1:$E$3189,2,FALSE) -> MEZCLA ASFALTICA CON ASFALTO CAUCHO (SUMINISTRO, EXTENDIDO, NIVELACIÓN Y COMPACTACIÓN MECANICA) | F57: =+VLOOKUP(C57,'PRECIOS IDU 2025'!$A$1:$E$3189,3,FALSE) -> M3 | G57: =+ROUND(SUM(O57,Q57,S57,U57,W57,Y57,AA57,AC57,AG57,AI57,AK57,AM57,AO57,AQ57,AS57,AU57,AW57,AY57,BA57),2) -> 90 | H57: =+VLOOKUP(C57,'PRECIOS DE REFERENCIA APU'!$A$1:$D$2745,4,FALSE) -> 1557607 | I57: =+ROUND(H57*(1+$J$117),0) -> 2133922 | J57: =+ROUND(I57*G57,0) -> 192052980 | L57: 6.72 | P57: =+ROUND($I57*O57,0) -> 0 | R57: =+ROUND($I57*Q57,0) -> 0 | T57: =+ROUND($I57*S57,0) -> 0 | V57: =+ROUND($I57*U57,0) -> 0 | X57: =+ROUND($I57*W57,0) -> 0 | Z57: =+ROUND($I57*Y57,0) -> 0 | AB57: =+ROUND($I57*AA57,0) -> 0 | AD57: =+ROUND($I57*AC57,0) -> 0 | AF57: =+ROUND($I57*AE57,0) -> 0 | AH57: =+ROUND($I57*AG57,0) -> 0 | AJ57: =+ROUND($I57*AI57,0) -> 0 | AL57: =+ROUND($I57*AK57,0) -> 0 | AN57: =+ROUND($I57*AM57,0) -> 0 | AP57: =+ROUND($I57*AO57,0) -> 0 | AR57: =+ROUND($I57*AQ57,0) -> 0 | AT57: =+ROUND($I57*AS57,0) -> 0 | AV57: =+ROUND($I57*AU57,0) -> 0 | AX57: =+ROUND($I57*AW57,0) -> 0 | AZ57: =+ROUND($I57*AY57,0) -> 0 | BA57: 90 | BB57: =+ROUND($I57*BA57,0) -> 192052980
C58: 4598 | D58: 4014 | E58: =+VLOOKUP(C58,'PRECIOS IDU 2025'!$A$1:$E$3189,2,FALSE) -> SELLO DE GRIETAS | F58: =+VLOOKUP(C58,'PRECIOS IDU 2025'!$A$1:$E$3189,3,FALSE) -> ML | G58: =+ROUND(SUM(O58,Q58,S58,U58,W58,Y58,AA58,AC58,AG58,AI58,AK58,AM58,AO58,AQ58,AS58,AU58,AW58,AY58,BA58),2) -> 500 | H58: =+VLOOKUP(C58,'PRECIOS DE REFERENCIA APU'!$A$1:$D$2745,4,FALSE) -> 12107 | I58: =+ROUND(H58*(1+$J$117),0) -> 16587 | J58: =+ROUND(I58*G58,0) -> 8293500 | L58: 10 | P58: =+ROUND($I58*O58,0) -> 0 | R58: =+ROUND($I58*Q58,0) -> 0 | T58: =+ROUND($I58*S58,0) -> 0 | V58: =+ROUND($I58*U58,0) -> 0 | X58: =+ROUND($I58*W58,0) -> 0 | Z58: =+ROUND($I58*Y58,0) -> 0 | AB58: =+ROUND($I58*AA58,0) -> 0 | AD58: =+ROUND($I58*AC58,0) -> 0 | AF58: =+ROUND($I58*AE58,0) -> 0 | AH58: =+ROUND($I58*AG58,0) -> 0 | AJ58: =+ROUND($I58*AI58,0) -> 0 | AL58: =+ROUND($I58*AK58,0) -> 0 | AN58: =+ROUND($I58*AM58,0) -> 0 | AP58: =+ROUND($I58*AO58,0) -> 0 | AR58: =+ROUND($I58*AQ58,0) -> 0 | AT58: =+ROUND($I58*AS58,0) -> 0 | AV58: =+ROUND($I58*AU58,0) -> 0 | AX58: =+ROUND($I58*AW58,0) -> 0 | AZ58: =+ROUND($I58*AY58,0) -> 0 | BA58: 500 | BB58: =+ROUND($I58*BA58,0) -> 8293500
C59: 4758 | D59: 4015 | E59: =+VLOOKUP(C59,'PRECIOS IDU 2025'!$A$1:$E$3189,2,FALSE) -> SELLO DE FISURAS | F59: =+VLOOKUP(C59,'PRECIOS IDU 2025'!$A$1:$E$3189,3,FALSE) -> ML | G59: =+ROUND(SUM(O59,Q59,S59,U59,W59,Y59,AA59,AC59,AG59,AI59,AK59,AM59,AO59,AQ59,AS59,AU59,AW59,AY59,BA59),2) -> 577 | H59: =+VLOOKUP(C59,'PRECIOS DE REFERENCIA APU'!$A$1:$D$2745,4,FALSE) -> 10548 | I59: =+ROUND(H59*(1+$J$117),0) -> 14451 | J59: =+ROUND(I59*G59,0) -> 8338227 | L59: 10 | P59: =+ROUND($I59*O59,0) -> 0 | R59: =+ROUND($I59*Q59,0) -> 0 | T59: =+ROUND($I59*S59,0) -> 0 | V59: =+ROUND($I59*U59,0) -> 0 | X59: =+ROUND($I59*W59,0) -> 0 | Z59: =+ROUND($I59*Y59,0) -> 0 | AB59: =+ROUND($I59*AA59,0) -> 0 | AD59: =+ROUND($I59*AC59,0) -> 0 | AF59: =+ROUND($I59*AE59,0) -> 0 | AG59: =+AG47 -> 12 | AH59: =+ROUND($I59*AG59,0) -> 173412 | AI59: =+AI47 -> 20 | AJ59: =+ROUND($I59*AI59,0) -> 289020 | AK59: =+AK47 -> 20 | AL59: =+ROUND($I59*AK59,0) -> 289020 | AM59: =+AM47 -> 12 | AN59: =+ROUND($I59*AM59,0) -> 173412 | AO59: =+AO47 -> 13 | AP59: =+ROUND($I59*AO59,0) -> 187863 | AR59: =+ROUND($I59*AQ59,0) -> 0 | AT59: =+ROUND($I59*AS59,0) -> 0 | AV59: =+ROUND($I59*AU59,0) -> 0 | AX59: =+ROUND($I59*AW59,0) -> 0 | AZ59: =+ROUND($I59*AY59,0) -> 0 | BA59: 500 | BB59: =+ROUND($I59*BA59,0) -> 7225500
C60: 4515 | D60: 4016 | E60: BACHEO EN PAVIMENTO FLEXIBLE E= 0.14M. (INCLUYE DEMOLICIÓN MANUAL Y CARGUE DE PAVIMENTO FLEXIBLE DE E=0.14M, TRANSPORTE Y DISPOSICIÓN FINAL DE ESCOMBROS, EXCAVACIÓN Y REPOSICIÓN BASE GRANULAR CLASE A (BG_A) E=0.20M, BASE ASFALTICA MD10) | F60: M2 | G60: =+ROUND(SUM(O60,Q60,S60,U60,W60,Y60,AA60,AC60,AG60,AI60,AK60,AM60,AO60,AQ60,AS60,AU60,AW60,AY60,BA60),2) -> 625 | H60: =+VLOOKUP(C60,'PRECIOS DE REFERENCIA APU'!$A$1:$D$2745,4,FALSE) -> 303787 | I60: =+ROUND(H60*(1+$J$117),0) -> 416188 | J60: =+ROUND(I60*G60,0) -> 260117500 | P60: =+ROUND($I60*O60,0) -> 0 | R60: =+ROUND($I60*Q60,0) -> 0 | T60: =+ROUND($I60*S60,0) -> 0 | V60: =+ROUND($I60*U60,0) -> 0 | X60: =+ROUND($I60*W60,0) -> 0 | Z60: =+ROUND($I60*Y60,0) -> 0 | AB60: =+ROUND($I60*AA60,0) -> 0 | AD60: =+ROUND($I60*AC60,0) -> 0 | AF60: =+ROUND($I60*AE60,0) -> 0 | AH60: =+ROUND($I60*AG60,0) -> 0 | AI60: =+AI46 -> 24 | AJ60: =+ROUND($I60*AI60,0) -> 9988512 | AK60: =+AK46 -> 21 | AL60: =+ROUND($I60*AK60,0) -> 8739948 | AM60: =+AM46 -> 30 | AN60: =+ROUND($I60*AM60,0) -> 12485640 | AO60: =+AO46 -> 20 | AP60: =+ROUND($I60*AO60,0) -> 8323760 | AR60: =+ROUND($I60*AQ60,0) -> 0 | AT60: =+ROUND($I60*AS60,0) -> 0 | AV60: =+ROUND($I60*AU60,0) -> 0 | AX60: =+ROUND($I60*AW60,0) -> 0 | AZ60: =+ROUND($I60*AY60,0) -> 0 | BA60: 530 | BB60: =+ROUND($I60*BA60,0) -> 220579640
C61: 3723 | D61: 4017 | E61: =+VLOOKUP(C61,'PRECIOS IDU 2025'!$A$1:$E$3189,2,FALSE) -> LIMPIEZA DE POZOS (INCLUYE CARGUE, RETIRO Y DISPOSICIÓN FINAL DE SOBRANTES) | F61: =+VLOOKUP(C61,'PRECIOS IDU 2025'!$A$1:$E$3189,3,FALSE) -> UN | G61: =+ROUND(SUM(O61,Q61,S61,U61,W61,Y61,AA61,AC61,AG61,AI61,AK61,AM61,AO61,AQ61,AS61,AU61,AW61,AY61,BA61),2) -> 31 | H61: =+VLOOKUP(C61,'PRECIOS DE REFERENCIA APU'!$A$1:$D$2745,4,FALSE) -> 117573 | I61: =+ROUND(H61*(1+$J$117),0) -> 161075 | J61: =+ROUND(I61*G61,0) -> 4993325 | L61: 1 | P61: =+ROUND($I61*O61,0) -> 0 | R61: =+ROUND($I61*Q61,0) -> 0 | T61: =+ROUND($I61*S61,0) -> 0 | V61: =+ROUND($I61*U61,0) -> 0 | X61: =+ROUND($I61*W61,0) -> 0 | Z61: =+ROUND($I61*Y61,0) -> 0 | AB61: =+ROUND($I61*AA61,0) -> 0 | AD61: =+ROUND($I61*AC61,0) -> 0 | AF61: =+ROUND($I61*AE61,0) -> 0 | AH61: =+ROUND($I61*AG61,0) -> 0 | AI61: 1 | AJ61: =+ROUND($I61*AI61,0) -> 161075 | AL61: =+ROUND($I61*AK61,0) -> 0 | AN61: =+ROUND($I61*AM61,0) -> 0 | AP61: =+ROUND($I61*AO61,0) -> 0 | AR61: =+ROUND($I61*AQ61,0) -> 0 | AT61: =+ROUND($I61*AS61,0) -> 0 | AV61: =+ROUND($I61*AU61,0) -> 0 | AX61: =+ROUND($I61*AW61,0) -> 0 | AZ61: =+ROUND($I61*AY61,0) -> 0 | BA61: 30 | BB61: =+ROUND($I61*BA61,0) -> 4832250
C62: 3724 | D62: 4018 | E62: =+VLOOKUP(C62,'PRECIOS IDU 2025'!$A$1:$E$3189,2,FALSE) -> LIMPIEZA DE SUMIDEROS (INCLUYE CARGUE, RETIRO Y DISPOSICIÓN FINAL DE SOBRANTES) | F62: =+VLOOKUP(C62,'PRECIOS IDU 2025'!$A$1:$E$3189,3,FALSE) -> UN | G62: =+ROUND(SUM(O62,Q62,S62,U62,W62,Y62,AA62,AC62,AG62,AI62,AK62,AM62,AO62,AQ62,AS62,AU62,AW62,AY62,BA62),2) -> 30 | H62: =+VLOOKUP(C62,'PRECIOS DE REFERENCIA APU'!$A$1:$D$2745,4,FALSE) -> 117573 | I62: =+ROUND(H62*(1+$J$117),0) -> 161075 | J62: =+ROUND(I62*G62,0) -> 4832250 | L62: 1 | P62: =+ROUND($I62*O62,0) -> 0 | R62: =+ROUND($I62*Q62,0) -> 0 | T62: =+ROUND($I62*S62,0) -> 0 | V62: =+ROUND($I62*U62,0) -> 0 | X62: =+ROUND($I62*W62,0) -> 0 | Z62: =+ROUND($I62*Y62,0) -> 0 | AB62: =+ROUND($I62*AA62,0) -> 0 | AD62: =+ROUND($I62*AC62,0) -> 0 | AF62: =+ROUND($I62*AE62,0) -> 0 | AH62: =+ROUND($I62*AG62,0) -> 0 | AJ62: =+ROUND($I62*AI62,0) -> 0 | AL62: =+ROUND($I62*AK62,0) -> 0 | AN62: =+ROUND($I62*AM62,0) -> 0 | AP62: =+ROUND($I62*AO62,0) -> 0 | AR62: =+ROUND($I62*AQ62,0) -> 0 | AT62: =+ROUND($I62*AS62,0) -> 0 | AV62: =+ROUND($I62*AU62,0) -> 0 | AX62: =+ROUND($I62*AW62,0) -> 0 | AZ62: =+ROUND($I62*AY62,0) -> 0 | BA62: 30 | BB62: =+ROUND($I62*BA62,0) -> 4832250
C63: 3. ESPACIO PUBLICO EN CONCRETO | G63: =+ROUND(SUM(O63,Q63,S63,U63,W63,Y63,AA63,AC63,AG63,AI63,AK63,AM63,AO63,AQ63,AS63,AU63,AW63,AY63,BA63),2) -> 0 | I63: SUBTOTAL | J63: =+SUM(J46:J62) -> 706083492 | L63: 0
C64: 3012 | D64: 5001 | E64: =+VLOOKUP(C64,'PRECIOS IDU 2025'!$A$1:$E$3189,2,FALSE) -> DEMOLICIÓN PISOS DE CONCRETO (ESPESOR VARIABLE HASTA 0.10 M. INCLUYE CARGUE). NO INCLUYE TRANSPORTE Y DISPOSICIÓN FINAL DE SOBRANTES. | F64: =+VLOOKUP(C64,'PRECIOS IDU 2025'!$A$1:$E$3189,3,FALSE) -> M2 | G64: =+ROUND(SUM(O64,Q64,S64,U64,W64,Y64,AA64,AC64,AE63,AG64,AI64,AK64,AM64,AO64,AQ64,AS64,AU64,AW64,AY64,BA64),2) -> 1337.69 | H64: =+VLOOKUP(C64,'PRECIOS DE REFERENCIA APU'!$A$1:$D$2745,4,FALSE) -> 9810 | I64: =+ROUND(H64*(1+$J$117),0) -> 13440 | J64: =+ROUND(I64*G64,0) -> 17978554 | L64: 3630 | O64: =+O17 -> 160.1235 | P64: =+ROUND($I64*O64,0) -> 2152060 | Q64: =+Q17 -> 129.3466 | R64: =+ROUND($I64*Q64,0) -> 1738418 | S64: =+S17 -> 323.8977 | T64: =+ROUND($I64*S64,0) -> 4353185 | V64: =+ROUND($I64*U64,0) -> 0 | W64: =+W17 -> 219.0097 | X64: =+ROUND($I64*W64,0) -> 2943490 | Y64: =+Y17 -> 252.3595 | Z64: =+ROUND($I64*Y64,0) -> 3391712 | AB64: =+ROUND($I64*AA64,0) -> 0 | AC64: =+AC17 -> 252.9502 | AD64: =+ROUND($I64*AC64,0) -> 3399651 | AE64: =+AE17 -> 40 | AF64: =+ROUND($I64*AE64,0) -> 537600 | AH64: =+ROUND($I64*AG64,0) -> 0 | AJ64: =+ROUND($I64*AI64,0) -> 0 | AL64: =+ROUND($I64*AK64,0) -> 0 | AN64: =+ROUND($I64*AM64,0) -> 0 | AP64: =+ROUND($I64*AO64,0) -> 0 | AR64: =+ROUND($I64*AQ64,0) -> 0 | AT64: =+ROUND($I64*AS64,0) -> 0 | AV64: =+ROUND($I64*AU64,0) -> 0 | AX64: =+ROUND($I64*AW64,0) -> 0 | AZ64: =+ROUND($I64*AY64,0) -> 0 | BB64: =+ROUND($I64*BA64,0) -> 0
C65: 3011 | D65: 5002 | E65: =+VLOOKUP(C65,'PRECIOS IDU 2025'!$A$1:$E$3189,2,FALSE) -> DEMOLICION MANUAL SARDINEL EXISTENTE (INCLUYE CARGUE). NO INCLUYE TRANSPORTE Y DISPOSICIÓN FINAL DE SOBRANTES. | F65: =+VLOOKUP(C65,'PRECIOS IDU 2025'!$A$1:$E$3189,3,FALSE) -> ML | G65: =+ROUND(SUM(O65,Q65,S65,U65,W65,Y65,AA65,AC65,AE64,AG65,AI65,AK65,AM65,AO65,AQ65,AS65,AU65,AW65,AY65,BA65),2) -> 427.18 | H65: =+VLOOKUP(C65,'PRECIOS DE REFERENCIA APU'!$A$1:$D$2745,4,FALSE) -> 7827 | I65: =+ROUND(H65*(1+$J$117),0) -> 10723 | J65: =+ROUND(I65*G65,0) -> 4580651 | L65: 2420 | O65: =+O16 -> 61.35 | P65: =+ROUND($I65*O65,0) -> 657856 | Q65: =+Q16 -> 42.83 | R65: =+ROUND($I65*Q65,0) -> 459266 | S65: =+S16 -> 121.31 | T65: =+ROUND($I65*S65,0) -> 1300807 | V65: =+ROUND($I65*U65,0) -> 0 | W65: =+W16 -> 76.31 | X65: =+ROUND($I65*W65,0) -> 818272 | Y65: =+Y16 -> 47.17 | Z65: =+ROUND($I65*Y65,0) -> 505804 | AB65: =+ROUND($I65*AA65,0) -> 0 | AC65: =+AC16 -> 38.21 | AD65: =+ROUND($I65*AC65,0) -> 409726 | AE65: =+AE16 -> 20 | AF65: =+ROUND($I65*AE65,0) -> 214460 | AH65: =+ROUND($I65*AG65,0) -> 0 | AJ65: =+ROUND($I65*AI65,0) -> 0 | AL65: =+ROUND($I65*AK65,0) -> 0 | AN65: =+ROUND($I65*AM65,0) -> 0 | AP65: =+ROUND($I65*AO65,0) -> 0 | AR65: =+ROUND($I65*AQ65,0) -> 0 | AT65: =+ROUND($I65*AS65,0) -> 0 | AV65: =+ROUND($I65*AU65,0) -> 0 | AX65: =+ROUND($I65*AW65,0) -> 0 | AZ65: =+ROUND($I65*AY65,0) -> 0 | BB65: =+ROUND($I65*BA65,0) -> 0
C66: 3464 | D66: 5003 | E66: =+VLOOKUP(C66,'PRECIOS IDU 2025'!$A$1:$E$3189,2,FALSE) -> EXCAVACION MANUAL EN MATERIAL COMUN. INCLUYE CARGUE. | F66: =+VLOOKUP(C66,'PRECIOS IDU 2025'!$A$1:$E$3189,3,FALSE) -> M3 | G66: =+ROUND(SUM(O66,Q66,S66,U66,W66,Y66,AA66,AC66,AE65,AG66,AI66,AK66,AM66,AO66,AQ66,AS66,AU66,AW66,AY66,BA66),2) -> 621.96 | H66: =+VLOOKUP(C66,'PRECIOS DE REFERENCIA APU'!$A$1:$D$2745,4,FALSE) -> 55856 | I66: =+ROUND(H66*(1+$J$117),0) -> 76523 | J66: =+ROUND(I66*G66,0) -> 47594245 | L66: 1815 | O66: =+O64*0.45 -> 72.055575 | P66: =+ROUND($I66*O66,0) -> 5513909 | Q66: =+Q64*0.45 -> 58.20597 | R66: =+ROUND($I66*Q66,0) -> 4454095 | S66: =+S64*0.45 -> 145.75396 | T66: =+ROUND($I66*S66,0) -> 11153531 | V66: =+ROUND($I66*U66,0) -> 0 | W66: =+W64*0.45 -> 98.554365 | X66: =+ROUND($I66*W66,0) -> 7541676 | Y66: =+Y64*0.45 -> 113.56177 | Z66: =+ROUND($I66*Y66,0) -> 8690088 | AB66: =+ROUND($I66*AA66,0) -> 0 | AC66: =+AC64*0.45 -> 113.82759 | AD66: =+ROUND($I66*AC66,0) -> 8710429 | AE66: =+AE64*0.45 -> 18 | AF66: =+ROUND($I66*AE66,0) -> 1377414 | AH66: =+ROUND($I66*AG66,0) -> 0 | AJ66: =+ROUND($I66*AI66,0) -> 0 | AL66: =+ROUND($I66*AK66,0) -> 0 | AN66: =+ROUND($I66*AM66,0) -> 0 | AP66: =+ROUND($I66*AO66,0) -> 0 | AR66: =+ROUND($I66*AQ66,0) -> 0 | AT66: =+ROUND($I66*AS66,0) -> 0 | AV66: =+ROUND($I66*AU66,0) -> 0 | AX66: =+ROUND($I66*AW66,0) -> 0 | AZ66: =+ROUND($I66*AY66,0) -> 0 | BB66: =+ROUND($I66*BA66,0) -> 0
C67: 3017 | D67: 5004 | E67: =+VLOOKUP(C67,'PRECIOS IDU 2025'!$A$1:$E$3189,2,FALSE) -> TRANSPORTE Y DISPOSICIÓN FINAL DE ESCOMBROS EN SITIO AUTORIZADO (DISTANCIA DE TRANSPORTE 21 KM). A DISTANCIA MAYOR DEL ACARREO LIBRE (90 M) EN SITIO AUTORIZADO POR LA ENTIDAD AMBIENTAL COMPETENTE. | F67: =+VLOOKUP(C67,'PRECIOS IDU 2025'!$A$1:$E$3189,3,FALSE) -> M3 | G67: =+ROUND(SUM(O67,Q67,S67,U67,W67,Y67,AA67,AC67,AE66,AG67,AI67,AK67,AM67,AO67,AQ67,AS67,AU67,AW67,AY67,BA67),2) -> 619.96 | H67: =+VLOOKUP(C67,'PRECIOS DE REFERENCIA APU'!$A$1:$D$2745,4,FALSE) -> 45600 | I67: =+ROUND(H67*(1+$J$117),0) -> 62472 | J67: =+ROUND(I67*G67,0) -> 38730141 | L67: 2359.5 | O67: =+O66 -> 72.055575 | P67: =+ROUND($I67*O67,0) -> 4501456 | Q67: =+Q66 -> 58.20597 | R67: =+ROUND($I67*Q67,0) -> 3636243 | S67: =+S66 -> 145.75396 | T67: =+ROUND($I67*S67,0) -> 9105542 | V67: =+ROUND($I67*U67,0) -> 0 | W67: =+W66 -> 98.554365 | X67: =+ROUND($I67*W67,0) -> 6156888 | Y67: =+Y66 -> 113.56177 | Z67: =+ROUND($I67*Y67,0) -> 7094431 | AB67: =+ROUND($I67*AA67,0) -> 0 | AC67: =+AC66 -> 113.82759 | AD67: =+ROUND($I67*AC67,0) -> 7111037 | AE67: =+AE66 -> 18 | AF67: =+ROUND($I67*AE67,0) -> 1124496 | AH67: =+ROUND($I67*AG67,0) -> 0 | AJ67: =+ROUND($I67*AI67,0) -> 0 | AL67: =+ROUND($I67*AK67,0) -> 0 | AN67: =+ROUND($I67*AM67,0) -> 0 | AP67: =+ROUND($I67*AO67,0) -> 0 | AR67: =+ROUND($I67*AQ67,0) -> 0 | AT67: =+ROUND($I67*AS67,0) -> 0 | AV67: =+ROUND($I67*AU67,0) -> 0 | AX67: =+ROUND($I67*AW67,0) -> 0 | AZ67: =+ROUND($I67*AY67,0) -> 0 | BB67: =+ROUND($I67*BA67,0) -> 0
C68: 4159 | D68: 5005 | E68: =+VLOOKUP(C68,'PRECIOS IDU 2025'!$A$1:$E$3189,2,FALSE) -> SUBBASE GRANULAR CLASE C (SBG_C) (SUMINISTRO, EXTENDIDO, NIVELACIÓN, HUMEDECIMIENTO Y COMPACTACIÓN CON VIBROCOMPACTADOR) | F68: =+VLOOKUP(C68,'PRECIOS IDU 2025'!$A$1:$E$3189,3,FALSE) -> M3 | G68: =+ROUND(SUM(O68,Q68,S68,U68,W68,Y68,AA68,AC68,AE67,AG68,AI68,AK68,AM68,AO68,AQ68,AS68,AU68,AW68,AY68,BA68),2) -> 18 | H68: =+VLOOKUP(C68,'PRECIOS DE REFERENCIA APU'!$A$1:$D$2745,4,FALSE) -> 167380 | I68: =+ROUND(H68*(1+$J$117),0) -> 229311 | J68: =+ROUND(I68*G68,0) -> 4127598 | L68: 120.02 | P68: =+ROUND($I68*O68,0) -> 0 | R68: =+ROUND($I68*Q68,0) -> 0 | T68: =+ROUND($I68*S68,0) -> 0 | V68: =+ROUND($I68*U68,0) -> 0 | X68: =+ROUND($I68*W68,0) -> 0 | Z68: =+ROUND($I68*Y68,0) -> 0 | AB68: =+ROUND($I68*AA68,0) -> 0 | AD68: =+ROUND($I68*AC68,0) -> 0 | AF68: =+ROUND($I68*AE68,0) -> 0 | AH68: =+ROUND($I68*AG68,0) -> 0 | AJ68: =+ROUND($I68*AI68,0) -> 0 | AL68: =+ROUND($I68*AK68,0) -> 0 | AN68: =+ROUND($I68*AM68,0) -> 0 | AP68: =+ROUND($I68*AO68,0) -> 0 | AR68: =+ROUND($I68*AQ68,0) -> 0 | AT68: =+ROUND($I68*AS68,0) -> 0 | AV68: =+ROUND($I68*AU68,0) -> 0 | AX68: =+ROUND($I68*AW68,0) -> 0 | AZ68: =+ROUND($I68*AY68,0) -> 0 | BB68: =+ROUND($I68*BA68,0) -> 0
C69: 4747 | D69: 5006 | E69: =+VLOOKUP(C69,'PRECIOS IDU 2025'!$A$1:$E$3189,2,FALSE) -> SUBBASE GRANULAR CLASE B (SBG_B) CON RECICLADO DE CONCRETO (SUMINISTRO, EXTENDIDO, NIVELACIÓN, HUMEDECIMIENTO Y COMPACTACIÓN CON VIBROCOMPACTADOR) | F69: =+VLOOKUP(C69,'PRECIOS IDU 2025'!$A$1:$E$3189,3,FALSE) -> M3 | G69: =+ROUND(SUM(O69,Q69,S69,U69,W69,Y69,AA69,AC69,AE68,AG69,AI69,AK69,AM69,AO69,AQ69,AS69,AU69,AW69,AY69,BA69),2) -> 468.19 | H69: =+VLOOKUP(C69,'PRECIOS DE REFERENCIA APU'!$A$1:$D$2745,4,FALSE) -> 163821 | I69: =+ROUND(H69*(1+$J$117),0) -> 224435 | J69: =+ROUND(I69*G69,0) -> 105078223 | L69: 1089 | O69: =0.35*O64 -> 56.043225 | P69: =+ROUND($I69*O69,0) -> 12578061 | Q69: =0.35*Q64 -> 45.27131 | R69: =+ROUND($I69*Q69,0) -> 10160466 | S69: =0.35*S64 -> 113.36419 | T69: =+ROUND($I69*S69,0) -> 25442893 | V69: =+ROUND($I69*U69,0) -> 0 | W69: =0.35*W64 -> 76.653395 | X69: =+ROUND($I69*W69,0) -> 17203705 | Y69: =0.35*Y64 -> 88.325825 | Z69: =+ROUND($I69*Y69,0) -> 19823407 | AB69: =+ROUND($I69*AA69,0) -> 0 | AC69: =0.35*AC64 -> 88.53257 | AD69: =+ROUND($I69*AC69,0) -> 19869807 | AE69: =0.35*AE64 -> 14 | AF69: =+ROUND($I69*AE69,0) -> 3142090 | AH69: =+ROUND($I69*AG69,0) -> 0 | AJ69: =+ROUND($I69*AI69,0) -> 0 | AL69: =+ROUND($I69*AK69,0) -> 0 | AN69: =+ROUND($I69*AM69,0) -> 0 | AP69: =+ROUND($I69*AO69,0) -> 0 | AR69: =+ROUND($I69*AQ69,0) -> 0 | AT69: =+ROUND($I69*AS69,0) -> 0 | AV69: =+ROUND($I69*AU69,0) -> 0 | AX69: =+ROUND($I69*AW69,0) -> 0 | AZ69: =+ROUND($I69*AY69,0) -> 0 | BB69: =+ROUND($I69*BA69,0) -> 0
C70: 4836 | D70: 5007 | E70: ESTABILIZACIÓN DE SUB BASE Y BASES GRANULARES CON ADITIVO POTENCIALIZADOR FLEXIBILIZANTE + CEMENTO 5% (M3 COMPACTO) | F70: M3 | G70: =+ROUND(SUM(O70,Q70,S70,U70,W70,Y70,AA70,AC70,AE69,AG70,AI70,AK70,AM70,AO70,AQ70,AS70,AU70,AW70,AY70,BA70),2) -> 615.96 | H70: 311726 | I70: =+ROUND(H70*(1+$J$117),0) -> 427065 | J70: =+ROUND(I70*G70,0) -> 263054957 | L70: 1533.69 | O70: =+O66 -> 72.055575 | P70: =+ROUND($I70*O70,0) -> 30772414 | Q70: =+Q66 -> 58.20597 | R70: =+ROUND($I70*Q70,0) -> 24857733 | S70: =+S66 -> 145.75396 | T70: =+ROUND($I70*S70,0) -> 62246417 | V70: =+ROUND($I70*U70,0) -> 0 | W70: =+W66 -> 98.554365 | X70: =+ROUND($I70*W70,0) -> 42089120 | Y70: =+Y66 -> 113.56177 | Z70: =+ROUND($I70*Y70,0) -> 48498259 | AB70: =+ROUND($I70*AA70,0) -> 0 | AC70: =+AC66 -> 113.82759 | AD70: =+ROUND($I70*AC70,0) -> 48611780 | AE70: =+AE66 -> 18 | AF70: =+ROUND($I70*AE70,0) -> 7687170 | AH70: =+ROUND($I70*AG70,0) -> 0 | AJ70: =+ROUND($I70*AI70,0) -> 0 | AL70: =+ROUND($I70*AK70,0) -> 0 | AN70: =+ROUND($I70*AM70,0) -> 0 | AP70: =+ROUND($I70*AO70,0) -> 0 | AR70: =+ROUND($I70*AQ70,0) -> 0 | AT70: =+ROUND($I70*AS70,0) -> 0 | AV70: =+ROUND($I70*AU70,0) -> 0 | AX70: =+ROUND($I70*AW70,0) -> 0 | AZ70: =+ROUND($I70*AY70,0) -> 0 | BB70: =+ROUND($I70*BA70,0) -> 0
C71: 3425 | D71: 5008 | E71: =+VLOOKUP(C71,'PRECIOS IDU 2025'!$A$1:$E$3189,2,FALSE) -> ANDEN CONCRETO GRAVA COMÚN DE 3000 PSI (210 KG/CM2) PREMEZCLADO E=0.10M (INCLUYE SUMINISTRO, FORMALETEO, FUNDIDA Y CURADO) | F71: =+VLOOKUP(C71,'PRECIOS IDU 2025'!$A$1:$E$3189,3,FALSE) -> M2 | G71: =+ROUND(SUM(O71,Q71,S71,U71,W71,Y71,AA71,AC71,AE70,AG71,AI71,AK71,AM71,AO71,AQ71,AS71,AU71,AW71,AY71,BA71),2) -> 1355.69 | H71: =+VLOOKUP(C71,'PRECIOS DE REFERENCIA APU'!$A$1:$D$2745,4,FALSE) -> 88226 | I71: =+ROUND(H71*(1+$J$117),0) -> 120870 | J71: =+ROUND(I71*G71,0) -> 163862250 | L71: 2904 | O71: =+O64 -> 160.1235 | P71: =+ROUND($I71*O71,0) -> 19354127 | Q71: =+Q64 -> 129.3466 | R71: =+ROUND($I71*Q71,0) -> 15634124 | S71: =+S64 -> 323.8977 | T71: =+ROUND($I71*S71,0) -> 39149515 | V71: =+ROUND($I71*U71,0) -> 0 | W71: =+W64 -> 219.0097 | X71: =+ROUND($I71*W71,0) -> 26471702 | Y71: =+Y64 -> 252.3595 | Z71: =+ROUND($I71*Y71,0) -> 30502693 | AB71: =+ROUND($I71*AA71,0) -> 0 | AC71: =+AC64 -> 252.9502 | AD71: =+ROUND($I71*AC71,0) -> 30574091 | AE71: =+AE64 -> 40 | AF71: =+ROUND($I71*AE71,0) -> 4834800 | AH71: =+ROUND($I71*AG71,0) -> 0 | AJ71: =+ROUND($I71*AI71,0) -> 0 | AL71: =+ROUND($I71*AK71,0) -> 0 | AN71: =+ROUND($I71*AM71,0) -> 0 | AP71: =+ROUND($I71*AO71,0) -> 0 | AR71: =+ROUND($I71*AQ71,0) -> 0 | AT71: =+ROUND($I71*AS71,0) -> 0 | AV71: =+ROUND($I71*AU71,0) -> 0 | AX71: =+ROUND($I71*AW71,0) -> 0 | AZ71: =+ROUND($I71*AY71,0) -> 0 | BB71: =+ROUND($I71*BA71,0) -> 0
C72: 4238 | D72: 5009 | E72: =+VLOOKUP(C72,'PRECIOS IDU 2025'!$A$1:$E$3189,2,FALSE) -> MALLA ELECTROSOLDADA 0.25X0.25M, D=4MM, 4MM (INCLUYE SUMINISTRO, FIJACIÓN E INSTALACIÓN) | F72: =+VLOOKUP(C72,'PRECIOS IDU 2025'!$A$1:$E$3189,3,FALSE) -> KG | G72: =+ROUND(SUM(O72,Q72,S72,U72,W72,Y72,AA72,AC72,AE71,AG72,AI72,AK72,AM72,AO72,AQ72,AS72,AU72,AW72,AY72,BA72),2) -> 2046.53 | H72: =+VLOOKUP(C72,'PRECIOS DE REFERENCIA APU'!$A$1:$D$2745,4,FALSE) -> 7517 | I72: =+ROUND(H72*(1+$J$117),0) -> 10298 | J72: =+ROUND(I72*G72,0) -> 21075166 | L72: 1524.8 | O72: =+O71*1.5 -> 240.18525 | P72: =+ROUND($I72*O72,0) -> 2473428 | Q72: =+Q71*1.5 -> 194.0199 | R72: =+ROUND($I72*Q72,0) -> 1998017 | S72: =+S71*1.5 -> 485.84655 | T72: =+ROUND($I72*S72,0) -> 5003248 | V72: =+ROUND($I72*U72,0) -> 0 | W72: =+W71*1.5 -> 328.51455 | X72: =+ROUND($I72*W72,0) -> 3383043 | Y72: =+Y71*1.5 -> 378.53925 | Z72: =+ROUND($I72*Y72,0) -> 3898197 | AB72: =+ROUND($I72*AA72,0) -> 0 | AC72: =+AC71*1.5 -> 379.4253 | AD72: =+ROUND($I72*AC72,0) -> 3907322 | AE72: =+AE71*1.5 -> 60 | AF72: =+ROUND($I72*AE72,0) -> 617880 | AH72: =+ROUND($I72*AG72,0) -> 0 | AJ72: =+ROUND($I72*AI72,0) -> 0 | AL72: =+ROUND($I72*AK72,0) -> 0 | AN72: =+ROUND($I72*AM72,0) -> 0 | AP72: =+ROUND($I72*AO72,0) -> 0 | AR72: =+ROUND($I72*AQ72,0) -> 0 | AT72: =+ROUND($I72*AS72,0) -> 0 | AV72: =+ROUND($I72*AU72,0) -> 0 | AX72: =+ROUND($I72*AW72,0) -> 0 | AZ72: =+ROUND($I72*AY72,0) -> 0 | BB72: =+ROUND($I72*BA72,0) -> 0
C73: 10016 | D73: 5010 | E73: =+VLOOKUP(C73,'PRECIOS IDU 2025'!$A$1:$E$3189,2,FALSE) -> ESTABILIZACION O MEJORAMIENTO DE SUBRASANTE CON RAJON = 6" A 12" (15 - 30 cm) Y SELLO CON SUBBASE GRANULAR CLASE C - Gr1 (SBGC_Gr1). INCLUYE (SUMINISTRO, EXTENDIDO, NIVELACION Y COMPACTACIÓN MECANICA CON EXCAVADORA MEDIANA SOBRE ORUGAS Y RODILLO VIBROCOMPACTADOR TANDEM (2,5 - 3,0 TON), TRANSPORTE DEL RAJON Y SELLO HASTA 21 KM) | F73: =+VLOOKUP(C73,'PRECIOS IDU 2025'!$A$1:$E$3189,3,FALSE) -> M3 | G73: =+ROUND(SUM(O73,Q73,S73,U73,W73,Y73,AA73,AC73,AE72,AG73,AI73,AK73,AM73,AO73,AQ73,AS73,AU73,AW73,AY73,BA73),2) -> 200.46 | H73: =+VLOOKUP(C73,'PRECIOS DE REFERENCIA APU'!$A$1:$D$3745,4,FALSE) -> 184603 | I73: =+ROUND(H73*(1+$J$117),0) -> 252906 | J73: =+ROUND(I73*G73,0) -> 50697537 | L73: 10 | N73: 30% de llenos en subbasse | O73: =+O69*0.3 -> 16.812967 | P73: =+ROUND($I73*O73,0) -> 4252100 | Q73: =+Q69*0.3 -> 13.581393 | R73: =+ROUND($I73*Q73,0) -> 3434816 | S73: =+S69*0.3 -> 34.009258 | T73: =+ROUND($I73*S73,0) -> 8601146 | V73: =+ROUND($I73*U73,0) -> 0 | W73: =+W69*0.3 -> 22.996019 | X73: =+ROUND($I73*W73,0) -> 5815831 | Y73: =+Y69*0.3 -> 26.497747 | Z73: =+ROUND($I73*Y73,0) -> 6701439 | AB73: =+ROUND($I73*AA73,0) -> 0 | AC73: =+AC69*0.3 -> 26.559771 | AD73: =+ROUND($I73*AC73,0) -> 6717125 | AE73: =+AE69*0.3 -> 4.2 | AF73: =+ROUND($I73*AE73,0) -> 1062205 | AH73: =+ROUND($I73*AG73,0) -> 0 | AJ73: =+ROUND($I73*AI73,0) -> 0 | AL73: =+ROUND($I73*AK73,0) -> 0 | AN73: =+ROUND($I73*AM73,0) -> 0 | AP73: =+ROUND($I73*AO73,0) -> 0 | AR73: =+ROUND($I73*AQ73,0) -> 0 | AT73: =+ROUND($I73*AS73,0) -> 0 | AV73: =+ROUND($I73*AU73,0) -> 0 | AX73: =+ROUND($I73*AW73,0) -> 0 | AZ73: =+ROUND($I73*AY73,0) -> 0 | BB73: =+ROUND($I73*BA73,0) -> 0
C74: 3621 | D74: 5011 | E74: =+VLOOKUP(C74,'PRECIOS IDU 2025'!$A$1:$E$3189,2,FALSE) -> RAMPA TIPO A B10 INCLUYE BASE EN MORTERO 1:5, DESARROLLO: 1M. | F74: =+VLOOKUP(C74,'PRECIOS IDU 2025'!$A$1:$E$3189,3,FALSE) -> UN | G74: =+ROUND(SUM(O74,Q74,S74,U74,W74,Y74,AA74,AC74,AE73,AG74,AI74,AK74,AM74,AO74,AQ74,AS74,AU74,AW74,AY74,BA74),2) -> 10.2 | H74: =+VLOOKUP(C74,'PRECIOS DE REFERENCIA APU'!$A$1:$D$2745,4,FALSE) -> 1008467 | I74: =+ROUND(H74*(1+$J$117),0) -> 1381600 | J74: =+ROUND(I74*G74,0) -> 14092320 | L74: 10 | O74: 1 | P74: =+ROUND($I74*O74,0) -> 1381600 | Q74: 1 | R74: =+ROUND($I74*Q74,0) -> 1381600 | S74: 1 | T74: =+ROUND($I74*S74,0) -> 1381600 | V74: =+ROUND($I74*U74,0) -> 0 | W74: 1 | X74: =+ROUND($I74*W74,0) -> 1381600 | Y74: 1 | Z74: =+ROUND($I74*Y74,0) -> 1381600 | AB74: =+ROUND($I74*AA74,0) -> 0 | AC74: 1 | AD74: =+ROUND($I74*AC74,0) -> 1381600 | AE74: 1 | AF74: =+ROUND($I74*AE74,0) -> 1381600 | AH74: =+ROUND($I74*AG74,0) -> 0 | AJ74: =+ROUND($I74*AI74,0) -> 0 | AL74: =+ROUND($I74*AK74,0) -> 0 | AN74: =+ROUND($I74*AM74,0) -> 0 | AP74: =+ROUND($I74*AO74,0) -> 0 | AR74: =+ROUND($I74*AQ74,0) -> 0 | AT74: =+ROUND($I74*AS74,0) -> 0 | AV74: =+ROUND($I74*AU74,0) -> 0 | AX74: =+ROUND($I74*AW74,0) -> 0 | AZ74: =+ROUND($I74*AY74,0) -> 0 | BB74: =+ROUND($I74*BA74,0) -> 0
C75: 5181 | D75: 5012 | E75: =+VLOOKUP(C75,'PRECIOS IDU 2025'!$A$1:$E$3189,2,FALSE) -> SARDINEL FUNDIDO EN SITIO EN CONCRETO PREMEZCLADO DE 3000PSI. SUMINISTRO Y CONSTRUCCION. (GRAVA COMÚN) E=0.20M H=0.35M (INCLUYE FORMALETA METÁLICA, ACERO DE REFUERZO Y ALAMBRE NEGRO). | F75: =+VLOOKUP(C75,'PRECIOS IDU 2025'!$A$1:$E$3189,3,FALSE) -> ML | G75: =+ROUND(SUM(O75,Q75,S75,U75,W75,Y75,AA75,AC75,AE74,AG75,AI75,AK75,AM75,AO75,AQ75,AS75,AU75,AW75,AY75,BA75),2) -> 25 | H75: =+VLOOKUP(C75,'PRECIOS DE REFERENCIA APU'!$A$1:$D$2745,4,FALSE) -> 63257 | I75: =+ROUND(H75*(1+$J$117),0) -> 86662 | J75: =+ROUND(I75*G75,0) -> 2166550 | L75: 800.11 | O75: 4 | P75: =+ROUND($I75*O75,0) -> 346648 | Q75: 4 | R75: =+ROUND($I75*Q75,0) -> 346648 | S75: 4 | T75: =+ROUND($I75*S75,0) -> 346648 | V75: =+ROUND($I75*U75,0) -> 0 | W75: 4 | X75: =+ROUND($I75*W75,0) -> 346648 | Y75: 4 | Z75: =+ROUND($I75*Y75,0) -> 346648 | AB75: =+ROUND($I75*AA75,0) -> 0 | AC75: 4 | AD75: =+ROUND($I75*AC75,0) -> 346648 | AE75: 4 | AF75: =+ROUND($I75*AE75,0) -> 346648 | AH75: =+ROUND($I75*AG75,0) -> 0 | AJ75: =+ROUND($I75*AI75,0) -> 0 | AL75: =+ROUND($I75*AK75,0) -> 0 | AN75: =+ROUND($I75*AM75,0) -> 0 | AP75: =+ROUND($I75*AO75,0) -> 0 | AR75: =+ROUND($I75*AQ75,0) -> 0 | AT75: =+ROUND($I75*AS75,0) -> 0 | AV75: =+ROUND($I75*AU75,0) -> 0 | AX75: =+ROUND($I75*AW75,0) -> 0 | AZ75: =+ROUND($I75*AY75,0) -> 0 | BB75: =+ROUND($I75*BA75,0) -> 0
C76: 4054 | D76: 5013 | E76: =+VLOOKUP(C76,'PRECIOS IDU 2025'!$A$1:$E$3189,2,FALSE) -> SARDINEL TIPO A10 (SUMINISTRO E INSTALACIÓN. INCLUYE 3CM MORTERO 2000 PSI) | F76: =+VLOOKUP(C76,'PRECIOS IDU 2025'!$A$1:$E$3189,3,FALSE) -> ML | G76: =+ROUND(SUM(O76,Q76,S76,U76,W76,Y76,AA76,AC76,AE75,AG76,AI76,AK76,AM76,AO76,AQ76,AS76,AU76,AW76,AY76,BA76),2) -> 391.18 | H76: =+VLOOKUP(C76,'PRECIOS DE REFERENCIA APU'!$A$1:$D$2745,4,FALSE) -> 85748 | I76: =+ROUND(H76*(1+$J$117),0) -> 117475 | J76: =+ROUND(I76*G76,0) -> 45953871 | L76: 500 | O76: =+O65 -> 61.35 | P76: =+ROUND($I76*O76,0) -> 7207091 | Q76: =+Q65 -> 42.83 | R76: =+ROUND($I76*Q76,0) -> 5031454 | S76: =+S65 -> 121.31 | T76: =+ROUND($I76*S76,0) -> 14250892 | V76: =+ROUND($I76*U76,0) -> 0 | W76: =+W65 -> 76.31 | X76: =+ROUND($I76*W76,0) -> 8964517 | Y76: =+Y65 -> 47.17 | Z76: =+ROUND($I76*Y76,0) -> 5541296 | AB76: =+ROUND($I76*AA76,0) -> 0 | AC76: =+AC65 -> 38.21 | AD76: =+ROUND($I76*AC76,0) -> 4488720 | AE76: =+AE65 -> 20 | AF76: =+ROUND($I76*AE76,0) -> 2349500 | AH76: =+ROUND($I76*AG76,0) -> 0 | AJ76: =+ROUND($I76*AI76,0) -> 0 | AL76: =+ROUND($I76*AK76,0) -> 0 | AN76: =+ROUND($I76*AM76,0) -> 0 | AP76: =+ROUND($I76*AO76,0) -> 0 | AR76: =+ROUND($I76*AQ76,0) -> 0 | AT76: =+ROUND($I76*AS76,0) -> 0 | AV76: =+ROUND($I76*AU76,0) -> 0 | AX76: =+ROUND($I76*AW76,0) -> 0 | AZ76: =+ROUND($I76*AY76,0) -> 0 | BB76: =+ROUND($I76*BA76,0) -> 0
C77: 3210 | D77: 5014 | E77: =+VLOOKUP(C77,'PRECIOS IDU 2025'!$A$1:$E$3189,2,FALSE) -> BORDILLO PREFABRICADO A80 (SUMINISTRO E INSTALACIÓN. INCLUYE 3CM MORTERO DE NIVELACIÓN 2000 PSI) | F77: =+VLOOKUP(C77,'PRECIOS IDU 2025'!$A$1:$E$3189,3,FALSE) -> ML | G77: =+ROUND(SUM(O77,Q77,S77,U77,W77,Y77,AA77,AC77,AE76,AG77,AI77,AK77,AM77,AO77,AQ77,AS77,AU77,AW77,AY77,BA77),2) -> 20 | H77: =+VLOOKUP(C77,'PRECIOS DE REFERENCIA APU'!$A$1:$D$2745,4,FALSE) -> 72359 | I77: =+ROUND(H77*(1+$J$117),0) -> 99132 | J77: =+ROUND(I77*G77,0) -> 1982640 | L77: 114.3 | P77: =+ROUND($I77*O77,0) -> 0 | R77: =+ROUND($I77*Q77,0) -> 0 | T77: =+ROUND($I77*S77,0) -> 0 | V77: =+ROUND($I77*U77,0) -> 0 | X77: =+ROUND($I77*W77,0) -> 0 | Z77: =+ROUND($I77*Y77,0) -> 0 | AB77: =+ROUND($I77*AA77,0) -> 0 | AD77: =+ROUND($I77*AC77,0) -> 0 | AF77: =+ROUND($I77*AE77,0) -> 0 | AH77: =+ROUND($I77*AG77,0) -> 0 | AJ77: =+ROUND($I77*AI77,0) -> 0 | AL77: =+ROUND($I77*AK77,0) -> 0 | AN77: =+ROUND($I77*AM77,0) -> 0 | AP77: =+ROUND($I77*AO77,0) -> 0 | AR77: =+ROUND($I77*AQ77,0) -> 0 | AT77: =+ROUND($I77*AS77,0) -> 0 | AV77: =+ROUND($I77*AU77,0) -> 0 | AX77: =+ROUND($I77*AW77,0) -> 0 | AZ77: =+ROUND($I77*AY77,0) -> 0 | BB77: =+ROUND($I77*BA77,0) -> 0
C78: 9997 | D78: 5015 | E78: =+VLOOKUP(C78,'PRECIOS IDU 2025'!$A$1:$E$3189,2,FALSE) -> NIVELACIÓN Y COMPACTACIÓN DE SUBRASANTE PARA ESPACIO PÚBLICO | F78: =+VLOOKUP(C78,'PRECIOS IDU 2025'!$A$1:$E$3189,3,FALSE) -> M2 | G78: =+ROUND(SUM(O78,Q78,S78,U78,W78,Y78,AA78,AC78,AE77,AG78,AI78,AK78,AM78,AO78,AQ78,AS78,AU78,AW78,AY78,BA78),2) -> 1337.69 | H78: =+VLOOKUP(C78,'PRECIOS DE REFERENCIA APU'!$A$1:$D$3745,4,FALSE) -> 2781 | I78: =+ROUND(H78*(1+$J$117),0) -> 3810 | J78: =+ROUND(I78*G78,0) -> 5096599 | L78: 1143.02 | O78: =+O64 -> 160.1235 | P78: =+ROUND($I78*O78,0) -> 610071 | Q78: =+Q64 -> 129.3466 | R78: =+ROUND($I78*Q78,0) -> 492811 | S78: =+S64 -> 323.8977 | T78: =+ROUND($I78*S78,0) -> 1234050 | V78: =+ROUND($I78*U78,0) -> 0 | W78: =+W64 -> 219.0097 | X78: =+ROUND($I78*W78,0) -> 834427 | Y78: =+Y64 -> 252.3595 | Z78: =+ROUND($I78*Y78,0) -> 961490 | AB78: =+ROUND($I78*AA78,0) -> 0 | AC78: =+AC64 -> 252.9502 | AD78: =+ROUND($I78*AC78,0) -> 963740 | AE78: =+AE64 -> 40 | AF78: =+ROUND($I78*AE78,0) -> 152400 | AH78: =+ROUND($I78*AG78,0) -> 0 | AJ78: =+ROUND($I78*AI78,0) -> 0 | AL78: =+ROUND($I78*AK78,0) -> 0 | AN78: =+ROUND($I78*AM78,0) -> 0 | AP78: =+ROUND($I78*AO78,0) -> 0 | AR78: =+ROUND($I78*AQ78,0) -> 0 | AT78: =+ROUND($I78*AS78,0) -> 0 | AV78: =+ROUND($I78*AU78,0) -> 0 | AX78: =+ROUND($I78*AW78,0) -> 0 | AZ78: =+ROUND($I78*AY78,0) -> 0 | BB78: =+ROUND($I78*BA78,0) -> 0
C79: 8158 | D79: 5016 | E79: =+VLOOKUP(C79,'PRECIOS IDU 2025'!$A$1:$E$3189,2,FALSE) -> CONCRETO 3000 PSI GRAVA COMÚN PARA PIEZA REMATE TIPO HOMBROS PARA RAMPA (PREMEZCLADO. INCLUYE SUMIN., BOMBEO CON AUTOBOMBA, FORMALETEO Y COLOCACIÓN. NO INCL. REFUERZO, CURADO). | F79: =+VLOOKUP(C79,'PRECIOS IDU 2025'!$A$1:$E$3189,3,FALSE) -> M3 | G79: =+ROUND(SUM(O79,Q79,S79,U79,W79,Y79,AA79,AC79,AE78,AG79,AI79,AK79,AM79,AO79,AQ79,AS79,AU79,AW79,AY79,BA79),2) -> 70 | H79: =+VLOOKUP(C79,'PRECIOS DE REFERENCIA APU'!$A$1:$D$2745,4,FALSE) -> 750363 | I79: =+ROUND(H79*(1+$J$117),0) -> 1027997 | J79: =+ROUND(I79*G79,0) -> 71959790 | L79: 30 | O79: 5 | P79: =+ROUND($I79*O79,0) -> 5139985 | Q79: 5 | R79: =+ROUND($I79*Q79,0) -> 5139985 | S79: 5 | T79: =+ROUND($I79*S79,0) -> 5139985 | V79: =+ROUND($I79*U79,0) -> 0 | W79: 5 | X79: =+ROUND($I79*W79,0) -> 5139985 | Y79: 5 | Z79: =+ROUND($I79*Y79,0) -> 5139985 | AB79: =+ROUND($I79*AA79,0) -> 0 | AC79: 5 | AD79: =+ROUND($I79*AC79,0) -> 5139985 | AE79: 5 | AF79: =+ROUND($I79*AE79,0) -> 5139985 | AH79: =+ROUND($I79*AG79,0) -> 0 | AJ79: =+ROUND($I79*AI79,0) -> 0 | AL79: =+ROUND($I79*AK79,0) -> 0 | AN79: =+ROUND($I79*AM79,0) -> 0 | AP79: =+ROUND($I79*AO79,0) -> 0 | AR79: =+ROUND($I79*AQ79,0) -> 0 | AT79: =+ROUND($I79*AS79,0) -> 0 | AV79: =+ROUND($I79*AU79,0) -> 0 | AX79: =+ROUND($I79*AW79,0) -> 0 | AZ79: =+ROUND($I79*AY79,0) -> 0 | BB79: =+ROUND($I79*BA79,0) -> 0
C80: 4089 | D80: 5017 | E80: =+VLOOKUP(C80,'PRECIOS IDU 2025'!$A$1:$E$3189,2,FALSE) -> SARDINEL BAJO A85 PARA RAMPAS (SUMINISTRO E INSTALACIÓN. INCLUYE 3CM MORTERO 1:5) | F80: =+VLOOKUP(C80,'PRECIOS IDU 2025'!$A$1:$E$3189,3,FALSE) -> ML | G80: =+ROUND(SUM(O80,Q80,S80,U80,W80,Y80,AA80,AC80,AE79,AG80,AI80,AK80,AM80,AO80,AQ80,AS80,AU80,AW80,AY80,BA80),2) -> 53 | H80: =+VLOOKUP(C80,'PRECIOS DE REFERENCIA APU'!$A$1:$D$2745,4,FALSE) -> 67175 | I80: =+ROUND(H80*(1+$J$117),0) -> 92030 | J80: =+ROUND(I80*G80,0) -> 4877590 | L80: 400 | O80: 8 | P80: =+ROUND($I80*O80,0) -> 736240 | Q80: 8 | R80: =+ROUND($I80*Q80,0) -> 736240 | S80: 8 | T80: =+ROUND($I80*S80,0) -> 736240 | V80: =+ROUND($I80*U80,0) -> 0 | W80: 8 | X80: =+ROUND($I80*W80,0) -> 736240 | Y80: 8 | Z80: =+ROUND($I80*Y80,0) -> 736240 | AB80: =+ROUND($I80*AA80,0) -> 0 | AC80: 8 | AD80: =+ROUND($I80*AC80,0) -> 736240 | AE80: 8 | AF80: =+ROUND($I80*AE80,0) -> 736240 | AH80: =+ROUND($I80*AG80,0) -> 0 | AJ80: =+ROUND($I80*AI80,0) -> 0 | AL80: =+ROUND($I80*AK80,0) -> 0 | AN80: =+ROUND($I80*AM80,0) -> 0 | AP80: =+ROUND($I80*AO80,0) -> 0 | AR80: =+ROUND($I80*AQ80,0) -> 0 | AT80: =+ROUND($I80*AS80,0) -> 0 | AV80: =+ROUND($I80*AU80,0) -> 0 | AX80: =+ROUND($I80*AW80,0) -> 0 | AZ80: =+ROUND($I80*AY80,0) -> 0 | BB80: =+ROUND($I80*BA80,0) -> 0
C81: 8166 | D81: 5018 | E81: =+VLOOKUP(C81,'PRECIOS IDU 2025'!$A$1:$E$3189,2,FALSE) -> CENEFA EN LOSETA PREFABRICADA A58 GUIA (20X20X6) CM. SUMINISTRO E INSTALACIÓN. (INCLUYE 4CM DE MORTERO 1:5 HECHO EN OBRA PARA BASE Y ARENA DE PEÑA PARA SELLO) | F81: =+VLOOKUP(C81,'PRECIOS IDU 2025'!$A$1:$E$3189,3,FALSE) -> M2 | G81: =+ROUND(SUM(O81,Q81,S81,U81,W81,Y81,AA81,AC81,AE80,AG81,AI81,AK81,AM81,AO81,AQ81,AS81,AU81,AW81,AY81,BA81),2) -> 395.18 | H81: =+VLOOKUP(C81,'PRECIOS DE REFERENCIA APU'!$A$1:$D$2745,4,FALSE) -> 114332 | I81: =+ROUND(H81*(1+$J$117),0) -> 156635 | J81: =+ROUND(I81*G81,0) -> 61899019 | L81: 174.54 | O81: =+O76 -> 61.35 | P81: =+ROUND($I81*O81,0) -> 9609557 | Q81: =+Q76 -> 42.83 | R81: =+ROUND($I81*Q81,0) -> 6708677 | S81: =+S76 -> 121.31 | T81: =+ROUND($I81*S81,0) -> 19001392 | V81: =+ROUND($I81*U81,0) -> 0 | W81: =+W76 -> 76.31 | X81: =+ROUND($I81*W81,0) -> 11952817 | Y81: =+Y76 -> 47.17 | Z81: =+ROUND($I81*Y81,0) -> 7388473 | AB81: =+ROUND($I81*AA81,0) -> 0 | AC81: =+AC76 -> 38.21 | AD81: =+ROUND($I81*AC81,0) -> 5985023 | AE81: =+AE76 -> 20 | AF81: =+ROUND($I81*AE81,0) -> 3132700 | AH81: =+ROUND($I81*AG81,0) -> 0 | AJ81: =+ROUND($I81*AI81,0) -> 0 | AL81: =+ROUND($I81*AK81,0) -> 0 | AN81: =+ROUND($I81*AM81,0) -> 0 | AP81: =+ROUND($I81*AO81,0) -> 0 | AR81: =+ROUND($I81*AQ81,0) -> 0 | AT81: =+ROUND($I81*AS81,0) -> 0 | AV81: =+ROUND($I81*AU81,0) -> 0 | AX81: =+ROUND($I81*AW81,0) -> 0 | AZ81: =+ROUND($I81*AY81,0) -> 0 | BB81: =+ROUND($I81*BA81,0) -> 0
C82: 4. SEÑALIZACION | G82: =+ROUND(SUM(O82,Q82,S82,U82,W82,Y82,AA82,AC82,AG82,AI82,AK82,AM82,AO82,AQ82,AS82,AU82,AW82,AY82,BA82),2) -> 0 | I82: SUBTOTAL | J82: =+SUM(J64:J81) -> 924807701 | L82: 0
C83: 4240 | D83: 8001 | E83: =+VLOOKUP(C83,'PRECIOS IDU 2025'!$A$1:$E$3189,2,FALSE) -> DEMARCACION LINEA CONTINUA A=0.12M (E=2.3MM,TERMOPLÁSTICA. INC. SUMINISTRO Y APLICACIÓN CON EQUIPO. INCL. MICROESFERAS) | F83: =+VLOOKUP(C83,'PRECIOS IDU 2025'!$A$1:$E$3189,3,FALSE) -> ML | G83: =+ROUND(SUM(O83,Q83,S83,U83,W83,Y83,AA83,AC83,AG83,AI83,AK83,AM83,AO83,AQ83,AS83,AU83,AW83,AY83,BA83),2) -> 20 | H83: =+VLOOKUP(C83,'PRECIOS DE REFERENCIA APU'!$A$1:$D$3745,4,FALSE) -> 18379 | I83: =+ROUND(H83*(1+$J$117),0) -> 25179 | J83: =+ROUND(I83*G83,0) -> 503580 | L83: 3589.34 | P83: =+ROUND($I83*O83,0) -> 0 | R83: =+ROUND($I83*Q83,0) -> 0 | T83: =+ROUND($I83*S83,0) -> 0 | V83: =+ROUND($I83*U83,0) -> 0 | X83: =+ROUND($I83*W83,0) -> 0 | Z83: =+ROUND($I83*Y83,0) -> 0 | AB83: =+ROUND($I83*AA83,0) -> 0 | AD83: =+ROUND($I83*AC83,0) -> 0 | AF83: =+ROUND($I83*AE83,0) -> 0 | AH83: =+ROUND($I83*AG83,0) -> 0 | AJ83: =+ROUND($I83*AI83,0) -> 0 | AK83: 10 | AL83: =+ROUND($I83*AK83,0) -> 251790 | AN83: =+ROUND($I83*AM83,0) -> 0 | AP83: =+ROUND($I83*AO83,0) -> 0 | AR83: =+ROUND($I83*AQ83,0) -> 0 | AT83: =+ROUND($I83*AS83,0) -> 0 | AV83: =+ROUND($I83*AU83,0) -> 0 | AX83: =+ROUND($I83*AW83,0) -> 0 | AZ83: =+ROUND($I83*AY83,0) -> 0 | BA83: 10 | BB83: =+ROUND($I83*BA83,0) -> 251790
C84: 4246 | D84: 8002 | E84: =+VLOOKUP(C84,'PRECIOS IDU 2025'!$A$1:$E$3189,2,FALSE) -> FLECHA DIRECCIONAL "DE FRENTE" (E=2.3MM,TERMOPLÁSTICA. INC. SUMINISTRO Y APLICACIÓN CON EQUIPO. INC MICROESFERAS). MARCA VIAL PARA VELOCIDADES MENORES O IGUALES A 60 KM/H AREA DE LA MARCA: 1.20 M2. | F84: =+VLOOKUP(C84,'PRECIOS IDU 2025'!$A$1:$E$3189,3,FALSE) -> UN | G84: =+ROUND(SUM(O84,Q84,S84,U84,W84,Y84,AA84,AC84,AG84,AI84,AK84,AM84,AO84,AQ84,AS84,AU84,AW84,AY84,BA84),2) -> 10 | H84: =+VLOOKUP(C84,'PRECIOS DE REFERENCIA APU'!$A$1:$D$3745,4,FALSE) -> 183783 | I84: =+ROUND(H84*(1+$J$117),0) -> 251783 | J84: =+ROUND(I84*G84,0) -> 2517830 | L84: 17 | P84: =+ROUND($I84*O84,0) -> 0 | R84: =+ROUND($I84*Q84,0) -> 0 | T84: =+ROUND($I84*S84,0) -> 0 | V84: =+ROUND($I84*U84,0) -> 0 | X84: =+ROUND($I84*W84,0) -> 0 | Z84: =+ROUND($I84*Y84,0) -> 0 | AB84: =+ROUND($I84*AA84,0) -> 0 | AD84: =+ROUND($I84*AC84,0) -> 0 | AF84: =+ROUND($I84*AE84,0) -> 0 | AH84: =+ROUND($I84*AG84,0) -> 0 | AJ84: =+ROUND($I84*AI84,0) -> 0 | AL84: =+ROUND($I84*AK84,0) -> 0 | AN84: =+ROUND($I84*AM84,0) -> 0 | AP84: =+ROUND($I84*AO84,0) -> 0 | AR84: =+ROUND($I84*AQ84,0) -> 0 | AT84: =+ROUND($I84*AS84,0) -> 0 | AV84: =+ROUND($I84*AU84,0) -> 0 | AX84: =+ROUND($I84*AW84,0) -> 0 | AZ84: =+ROUND($I84*AY84,0) -> 0 | BA84: 10 | BB84: =+ROUND($I84*BA84,0) -> 2517830
C85: 4248 | D85: 8003 | E85: =+VLOOKUP(C85,'PRECIOS IDU 2025'!$A$1:$E$3189,2,FALSE) -> DEMARCACION PASO PEATONAL-CEBRA (E=2.3MM,TERMOPLÁSTICA. INC. SUMINISTRO Y APLICACIÓN CON EQUIPO. INC MICROESFERAS) | F85: =+VLOOKUP(C85,'PRECIOS IDU 2025'!$A$1:$E$3189,3,FALSE) -> M2 | G85: =+ROUND(SUM(O85,Q85,S85,U85,W85,Y85,AA85,AC85,AG85,AI85,AK85,AM85,AO85,AQ85,AS85,AU85,AW85,AY85,BA85),2) -> 10 | H85: =+VLOOKUP(C85,'PRECIOS DE REFERENCIA APU'!$A$1:$D$3745,4,FALSE) -> 153152 | I85: =+ROUND(H85*(1+$J$117),0) -> 209818 | J85: =+ROUND(I85*G85,0) -> 2098180 | L85: 350.85 | P85: =+ROUND($I85*O85,0) -> 0 | R85: =+ROUND($I85*Q85,0) -> 0 | T85: =+ROUND($I85*S85,0) -> 0 | V85: =+ROUND($I85*U85,0) -> 0 | X85: =+ROUND($I85*W85,0) -> 0 | Z85: =+ROUND($I85*Y85,0) -> 0 | AB85: =+ROUND($I85*AA85,0) -> 0 | AD85: =+ROUND($I85*AC85,0) -> 0 | AF85: =+ROUND($I85*AE85,0) -> 0 | AH85: =+ROUND($I85*AG85,0) -> 0 | AJ85: =+ROUND($I85*AI85,0) -> 0 | AL85: =+ROUND($I85*AK85,0) -> 0 | AN85: =+ROUND($I85*AM85,0) -> 0 | AP85: =+ROUND($I85*AO85,0) -> 0 | AR85: =+ROUND($I85*AQ85,0) -> 0 | AT85: =+ROUND($I85*AS85,0) -> 0 | AV85: =+ROUND($I85*AU85,0) -> 0 | AX85: =+ROUND($I85*AW85,0) -> 0 | AZ85: =+ROUND($I85*AY85,0) -> 0 | BA85: 10 | BB85: =+ROUND($I85*BA85,0) -> 2098180
C86: 3872 | D86: 8004 | E86: =+VLOOKUP(C86,'PRECIOS IDU 2025'!$A$1:$E$3189,2,FALSE) -> DEMARCACION LINEA DISCONTINUA A=0.12M (E=15 MILS, ACRÍLICA BASE AGUA. INC. SUMIN. Y APLIC. CON EQUIPO. INC MICROESFERAS) | F86: =+VLOOKUP(C86,'PRECIOS IDU 2025'!$A$1:$E$3189,3,FALSE) -> ML | G86: =+ROUND(SUM(O86,Q86,S86,U86,W86,Y86,AA86,AC86,AG86,AI86,AK86,AM86,AO86,AQ86,AS86,AU86,AW86,AY86,BA86),2) -> 10 | H86: =+VLOOKUP(C86,'PRECIOS DE REFERENCIA APU'!$A$1:$D$3745,4,FALSE) -> 2591 | I86: =+ROUND(H86*(1+$J$117),0) -> 3550 | J86: =+ROUND(I86*G86,0) -> 35500 | L86: 1794.5 | P86: =+ROUND($I86*O86,0) -> 0 | R86: =+ROUND($I86*Q86,0) -> 0 | T86: =+ROUND($I86*S86,0) -> 0 | V86: =+ROUND($I86*U86,0) -> 0 | X86: =+ROUND($I86*W86,0) -> 0 | Z86: =+ROUND($I86*Y86,0) -> 0 | AB86: =+ROUND($I86*AA86,0) -> 0 | AD86: =+ROUND($I86*AC86,0) -> 0 | AF86: =+ROUND($I86*AE86,0) -> 0 | AH86: =+ROUND($I86*AG86,0) -> 0 | AJ86: =+ROUND($I86*AI86,0) -> 0 | AL86: =+ROUND($I86*AK86,0) -> 0 | AN86: =+ROUND($I86*AM86,0) -> 0 | AP86: =+ROUND($I86*AO86,0) -> 0 | AR86: =+ROUND($I86*AQ86,0) -> 0 | AT86: =+ROUND($I86*AS86,0) -> 0 | AV86: =+ROUND($I86*AU86,0) -> 0 | AX86: =+ROUND($I86*AW86,0) -> 0 | AZ86: =+ROUND($I86*AY86,0) -> 0 | BA86: 10 | BB86: =+ROUND($I86*BA86,0) -> 35500
C87: 4244 | D87: 8005 | E87: =+VLOOKUP(C87,'PRECIOS IDU 2025'!$A$1:$E$3189,2,FALSE) -> FLECHA DIRECCIONAL "A LA DERECHA" (E=2.3MM,TERMOPLÁSTICA. INC. SUMINISTRO Y APLICACIÓN CON EQUIPO. INC MICROESFERAS). MARCA VIAL PARA VELOCIDADES MENORES O IGUALES A 60 KM/H AREA DE LA MARCA: 1.51M2 | F87: =+VLOOKUP(C87,'PRECIOS IDU 2025'!$A$1:$E$3189,3,FALSE) -> UN | G87: =+ROUND(SUM(O87,Q87,S87,U87,W87,Y87,AA87,AC87,AG87,AI87,AK87,AM87,AO87,AQ87,AS87,AU87,AW87,AY87,BA87),2) -> 10 | H87: =+VLOOKUP(C87,'PRECIOS DE REFERENCIA APU'!$A$1:$D$3745,4,FALSE) -> 231260 | I87: =+ROUND(H87*(1+$J$117),0) -> 316826 | J87: =+ROUND(I87*G87,0) -> 3168260 | L87: 17 | P87: =+ROUND($I87*O87,0) -> 0 | R87: =+ROUND($I87*Q87,0) -> 0 | T87: =+ROUND($I87*S87,0) -> 0 | V87: =+ROUND($I87*U87,0) -> 0 | X87: =+ROUND($I87*W87,0) -> 0 | Z87: =+ROUND($I87*Y87,0) -> 0 | AB87: =+ROUND($I87*AA87,0) -> 0 | AD87: =+ROUND($I87*AC87,0) -> 0 | AF87: =+ROUND($I87*AE87,0) -> 0 | AH87: =+ROUND($I87*AG87,0) -> 0 | AJ87: =+ROUND($I87*AI87,0) -> 0 | AL87: =+ROUND($I87*AK87,0) -> 0 | AN87: =+ROUND($I87*AM87,0) -> 0 | AP87: =+ROUND($I87*AO87,0) -> 0 | AR87: =+ROUND($I87*AQ87,0) -> 0 | AT87: =+ROUND($I87*AS87,0) -> 0 | AV87: =+ROUND($I87*AU87,0) -> 0 | AX87: =+ROUND($I87*AW87,0) -> 0 | AZ87: =+ROUND($I87*AY87,0) -> 0 | BA87: 10 | BB87: =+ROUND($I87*BA87,0) -> 3168260
C88: 4245 | D88: 8006 | E88: =+VLOOKUP(C88,'PRECIOS IDU 2025'!$A$1:$E$3189,2,FALSE) -> FLECHA DIRECCIONAL "DE FRENTE A LA DERECHA" (E=2.3MM,TERMOPLÁSTICA. INC. SUMIN. Y APLIC. CON EQUIPO. INC. MICROESFERAS). MARCA VIAL PARA VELOCIDADES MENORES O IGUALES A 60 KM/H AREA DE LA MARCA: 2.18M2 | F88: =+VLOOKUP(C88,'PRECIOS IDU 2025'!$A$1:$E$3189,3,FALSE) -> UN | G88: =+ROUND(SUM(O88,Q88,S88,U88,W88,Y88,AA88,AC88,AG88,AI88,AK88,AM88,AO88,AQ88,AS88,AU88,AW88,AY88,BA88),2) -> 10 | H88: =+VLOOKUP(C88,'PRECIOS DE REFERENCIA APU'!$A$1:$D$3745,4,FALSE) -> 333872 | I88: =+ROUND(H88*(1+$J$117),0) -> 457405 | J88: =+ROUND(I88*G88,0) -> 4574050 | L88: 17 | P88: =+ROUND($I88*O88,0) -> 0 | R88: =+ROUND($I88*Q88,0) -> 0 | T88: =+ROUND($I88*S88,0) -> 0 | V88: =+ROUND($I88*U88,0) -> 0 | X88: =+ROUND($I88*W88,0) -> 0 | Z88: =+ROUND($I88*Y88,0) -> 0 | AB88: =+ROUND($I88*AA88,0) -> 0 | AD88: =+ROUND($I88*AC88,0) -> 0 | AF88: =+ROUND($I88*AE88,0) -> 0 | AH88: =+ROUND($I88*AG88,0) -> 0 | AJ88: =+ROUND($I88*AI88,0) -> 0 | AL88: =+ROUND($I88*AK88,0) -> 0 | AN88: =+ROUND($I88*AM88,0) -> 0 | AP88: =+ROUND($I88*AO88,0) -> 0 | AR88: =+ROUND($I88*AQ88,0) -> 0 | AT88: =+ROUND($I88*AS88,0) -> 0 | AV88: =+ROUND($I88*AU88,0) -> 0 | AX88: =+ROUND($I88*AW88,0) -> 0 | AZ88: =+ROUND($I88*AY88,0) -> 0 | BA88: 10 | BB88: =+ROUND($I88*BA88,0) -> 4574050
C89: 4247 | D89: 8007 | E89: =+VLOOKUP(C89,'PRECIOS IDU 2025'!$A$1:$E$3189,2,FALSE) -> PINTURA TERMOPLASTICA (E=2.3MM. INCLUYE SUMINISTRO Y APLICACIÓN CON EQUIPO. INCLUYE MICROESFERAS) | F89: =+VLOOKUP(C89,'PRECIOS IDU 2025'!$A$1:$E$3189,3,FALSE) -> M2 | G89: =+ROUND(SUM(O89,Q89,S89,U89,W89,Y89,AA89,AC89,AG89,AI89,AK89,AM89,AO89,AQ89,AS89,AU89,AW89,AY89,BA89),2) -> 10 | H89: =+VLOOKUP(C89,'PRECIOS DE REFERENCIA APU'!$A$1:$D$3745,4,FALSE) -> 153152 | I89: =+ROUND(H89*(1+$J$117),0) -> 209818 | J89: =+ROUND(I89*G89,0) -> 2098180 | L89: 269.2 | P89: =+ROUND($I89*O89,0) -> 0 | R89: =+ROUND($I89*Q89,0) -> 0 | T89: =+ROUND($I89*S89,0) -> 0 | V89: =+ROUND($I89*U89,0) -> 0 | X89: =+ROUND($I89*W89,0) -> 0 | Z89: =+ROUND($I89*Y89,0) -> 0 | AB89: =+ROUND($I89*AA89,0) -> 0 | AD89: =+ROUND($I89*AC89,0) -> 0 | AF89: =+ROUND($I89*AE89,0) -> 0 | AH89: =+ROUND($I89*AG89,0) -> 0 | AJ89: =+ROUND($I89*AI89,0) -> 0 | AL89: =+ROUND($I89*AK89,0) -> 0 | AN89: =+ROUND($I89*AM89,0) -> 0 | AP89: =+ROUND($I89*AO89,0) -> 0 | AR89: =+ROUND($I89*AQ89,0) -> 0 | AT89: =+ROUND($I89*AS89,0) -> 0 | AV89: =+ROUND($I89*AU89,0) -> 0 | AX89: =+ROUND($I89*AW89,0) -> 0 | AZ89: =+ROUND($I89*AY89,0) -> 0 | BA89: 10 | BB89: =+ROUND($I89*BA89,0) -> 2098180
C90: 4569 | D90: 8008 | E90: =+VLOOKUP(C90,'PRECIOS IDU 2025'!$A$1:$E$3189,2,FALSE) -> ESTOPEROLES DE 10 CM X 2.5 CM. SUMINISTRO E INSTALACION. | F90: =+VLOOKUP(C90,'PRECIOS IDU 2025'!$A$1:$E$3189,3,FALSE) -> UN | G90: =+ROUND(SUM(O90,Q90,S90,U90,W90,Y90,AA90,AC90,AG90,AI90,AK90,AM90,AO90,AQ90,AS90,AU90,AW90,AY90,BA90),2) -> 70 | H90: =+VLOOKUP(C90,'PRECIOS DE REFERENCIA APU'!$A$1:$D$3745,4,FALSE) -> 11419 | I90: =+ROUND(H90*(1+$J$117),0) -> 15644 | J90: =+ROUND(I90*G90,0) -> 1095080 | L90: 850 | P90: =+ROUND($I90*O90,0) -> 0 | R90: =+ROUND($I90*Q90,0) -> 0 | T90: =+ROUND($I90*S90,0) -> 0 | V90: =+ROUND($I90*U90,0) -> 0 | X90: =+ROUND($I90*W90,0) -> 0 | Z90: =+ROUND($I90*Y90,0) -> 0 | AB90: =+ROUND($I90*AA90,0) -> 0 | AD90: =+ROUND($I90*AC90,0) -> 0 | AF90: =+ROUND($I90*AE90,0) -> 0 | AH90: =+ROUND($I90*AG90,0) -> 0 | AJ90: =+ROUND($I90*AI90,0) -> 0 | AK90: 50 | AL90: =+ROUND($I90*AK90,0) -> 782200 | AN90: =+ROUND($I90*AM90,0) -> 0 | AP90: =+ROUND($I90*AO90,0) -> 0 | AR90: =+ROUND($I90*AQ90,0) -> 0 | AT90: =+ROUND($I90*AS90,0) -> 0 | AV90: =+ROUND($I90*AU90,0) -> 0 | AX90: =+ROUND($I90*AW90,0) -> 0 | AZ90: =+ROUND($I90*AY90,0) -> 0 | BA90: 20 | BB90: =+ROUND($I90*BA90,0) -> 312880
C91: 5220 | D91: 8009 | E91: =+VLOOKUP(C91,'PRECIOS IDU 2025'!$A$1:$E$3189,2,FALSE) -> PINTURA EN PLASTICO EN FRIO METILMETACRILATO DE A=12CM PARA LINEAS DE DEMARCACIÓN, CON MICROESFERAS Y ESPESOR SECO SEGÚN NORMA NTC 4744. SUMINISTRO Y APLICACIÓN. | F91: =+VLOOKUP(C91,'PRECIOS IDU 2025'!$A$1:$E$3189,3,FALSE) -> ML | G91: =+ROUND(SUM(O91,Q91,S91,U91,W91,Y91,AA91,AC91,AG91,AI91,AK91,AM91,AO91,AQ91,AS91,AU91,AW91,AY91,BA91),2) -> 10 | H91: =+VLOOKUP(C91,'PRECIOS DE REFERENCIA APU'!$A$1:$D$3745,4,FALSE) -> 19113 | I91: =+ROUND(H91*(1+$J$117),0) -> 26185 | J91: =+ROUND(I91*G91,0) -> 261850 | L91: 1024.67 | P91: =+ROUND($I91*O91,0) -> 0 | R91: =+ROUND($I91*Q91,0) -> 0 | T91: =+ROUND($I91*S91,0) -> 0 | V91: =+ROUND($I91*U91,0) -> 0 | X91: =+ROUND($I91*W91,0) -> 0 | Z91: =+ROUND($I91*Y91,0) -> 0 | AB91: =+ROUND($I91*AA91,0) -> 0 | AD91: =+ROUND($I91*AC91,0) -> 0 | AF91: =+ROUND($I91*AE91,0) -> 0 | AH91: =+ROUND($I91*AG91,0) -> 0 | AJ91: =+ROUND($I91*AI91,0) -> 0 | AL91: =+ROUND($I91*AK91,0) -> 0 | AN91: =+ROUND($I91*AM91,0) -> 0 | AP91: =+ROUND($I91*AO91,0) -> 0 | AR91: =+ROUND($I91*AQ91,0) -> 0 | AT91: =+ROUND($I91*AS91,0) -> 0 | AV91: =+ROUND($I91*AU91,0) -> 0 | AX91: =+ROUND($I91*AW91,0) -> 0 | AZ91: =+ROUND($I91*AY91,0) -> 0 | BA91: 10 | BB91: =+ROUND($I91*BA91,0) -> 261850
C92: 5225 | D92: 8010 | E92: =+VLOOKUP(C92,'PRECIOS IDU 2025'!$A$1:$E$3189,2,FALSE) -> PINTURA DE TRÁFICO - IMPRIMANTE NEGRO A=15CM. SUMINISTRO Y APLICACIÓN. | F92: =+VLOOKUP(C92,'PRECIOS IDU 2025'!$A$1:$E$3189,3,FALSE) -> ML | G92: =+ROUND(SUM(O92,Q92,S92,U92,W92,Y92,AA92,AC92,AG92,AI92,AK92,AM92,AO92,AQ92,AS92,AU92,AW92,AY92,BA92),2) -> 10 | H92: =+VLOOKUP(C92,'PRECIOS DE REFERENCIA APU'!$A$1:$D$3745,4,FALSE) -> 4608 | I92: =+ROUND(H92*(1+$J$117),0) -> 6313 | J92: =+ROUND(I92*G92,0) -> 63130 | L92: 1794.67 | P92: =+ROUND($I92*O92,0) -> 0 | R92: =+ROUND($I92*Q92,0) -> 0 | T92: =+ROUND($I92*S92,0) -> 0 | V92: =+ROUND($I92*U92,0) -> 0 | X92: =+ROUND($I92*W92,0) -> 0 | Z92: =+ROUND($I92*Y92,0) -> 0 | AB92: =+ROUND($I92*AA92,0) -> 0 | AD92: =+ROUND($I92*AC92,0) -> 0 | AF92: =+ROUND($I92*AE92,0) -> 0 | AH92: =+ROUND($I92*AG92,0) -> 0 | AJ92: =+ROUND($I92*AI92,0) -> 0 | AL92: =+ROUND($I92*AK92,0) -> 0 | AN92: =+ROUND($I92*AM92,0) -> 0 | AP92: =+ROUND($I92*AO92,0) -> 0 | AR92: =+ROUND($I92*AQ92,0) -> 0 | AT92: =+ROUND($I92*AS92,0) -> 0 | AV92: =+ROUND($I92*AU92,0) -> 0 | AX92: =+ROUND($I92*AW92,0) -> 0 | AZ92: =+ROUND($I92*AY92,0) -> 0 | BA92: 10 | BB92: =+ROUND($I92*BA92,0) -> 63130
C93: 5226 | D93: 8011 | E93: =+VLOOKUP(C93,'PRECIOS IDU 2025'!$A$1:$E$3189,2,FALSE) -> PINTURA DE TRÁFICO - IMPRIMANTE NEGRO A=20CM. SUMINISTRO Y APLICACIÓN. | F93: =+VLOOKUP(C93,'PRECIOS IDU 2025'!$A$1:$E$3189,3,FALSE) -> ML | G93: =+ROUND(SUM(O93,Q93,S93,U93,W93,Y93,AA93,AC93,AG93,AI93,AK93,AM93,AO93,AQ93,AS93,AU93,AW93,AY93,BA93),2) -> 10 | H93: =+VLOOKUP(C93,'PRECIOS DE REFERENCIA APU'!$A$1:$D$3745,4,FALSE) -> 6300 | I93: =+ROUND(H93*(1+$J$117),0) -> 8631 | J93: =+ROUND(I93*G93,0) -> 86310 | L93: 1794.67 | P93: =+ROUND($I93*O93,0) -> 0 | R93: =+ROUND($I93*Q93,0) -> 0 | T93: =+ROUND($I93*S93,0) -> 0 | V93: =+ROUND($I93*U93,0) -> 0 | X93: =+ROUND($I93*W93,0) -> 0 | Z93: =+ROUND($I93*Y93,0) -> 0 | AB93: =+ROUND($I93*AA93,0) -> 0 | AD93: =+ROUND($I93*AC93,0) -> 0 | AF93: =+ROUND($I93*AE93,0) -> 0 | AH93: =+ROUND($I93*AG93,0) -> 0 | AJ93: =+ROUND($I93*AI93,0) -> 0 | AL93: =+ROUND($I93*AK93,0) -> 0 | AN93: =+ROUND($I93*AM93,0) -> 0 | AP93: =+ROUND($I93*AO93,0) -> 0 | AR93: =+ROUND($I93*AQ93,0) -> 0 | AT93: =+ROUND($I93*AS93,0) -> 0 | AV93: =+ROUND($I93*AU93,0) -> 0 | AX93: =+ROUND($I93*AW93,0) -> 0 | AZ93: =+ROUND($I93*AY93,0) -> 0 | BA93: 10 | BB93: =+ROUND($I93*BA93,0) -> 86310
C94: 5227 | D94: 8012 | E94: =+VLOOKUP(C94,'PRECIOS IDU 2025'!$A$1:$E$3189,2,FALSE) -> PINTURA DE TRÁFICO - IMPRIMANTE NEGRO. SUMINISTRO Y APLICACIÓN. | F94: =+VLOOKUP(C94,'PRECIOS IDU 2025'!$A$1:$E$3189,3,FALSE) -> M2 | G94: =+ROUND(SUM(O94,Q94,S94,U94,W94,Y94,AA94,AC94,AG94,AI94,AK94,AM94,AO94,AQ94,AS94,AU94,AW94,AY94,BA94),2) -> 10 | H94: =+VLOOKUP(C94,'PRECIOS DE REFERENCIA APU'!$A$1:$D$3745,4,FALSE) -> 26586 | I94: =+ROUND(H94*(1+$J$117),0) -> 36423 | J94: =+ROUND(I94*G94,0) -> 364230 | L94: 1024.67 | P94: =+ROUND($I94*O94,0) -> 0 | R94: =+ROUND($I94*Q94,0) -> 0 | T94: =+ROUND($I94*S94,0) -> 0 | V94: =+ROUND($I94*U94,0) -> 0 | X94: =+ROUND($I94*W94,0) -> 0 | Z94: =+ROUND($I94*Y94,0) -> 0 | AB94: =+ROUND($I94*AA94,0) -> 0 | AD94: =+ROUND($I94*AC94,0) -> 0 | AF94: =+ROUND($I94*AE94,0) -> 0 | AH94: =+ROUND($I94*AG94,0) -> 0 | AJ94: =+ROUND($I94*AI94,0) -> 0 | AL94: =+ROUND($I94*AK94,0) -> 0 | AN94: =+ROUND($I94*AM94,0) -> 0 | AP94: =+ROUND($I94*AO94,0) -> 0 | AR94: =+ROUND($I94*AQ94,0) -> 0 | AT94: =+ROUND($I94*AS94,0) -> 0 | AV94: =+ROUND($I94*AU94,0) -> 0 | AX94: =+ROUND($I94*AW94,0) -> 0 | AZ94: =+ROUND($I94*AY94,0) -> 0 | BA94: 10 | BB94: =+ROUND($I94*BA94,0) -> 364230
C95: 5241 | D95: 8013 | E95: =+VLOOKUP(C95,'PRECIOS IDU 2025'!$A$1:$E$3189,2,FALSE) -> TACHA REFLECTIVA BIDIRECCIONAL (INCLUYE SUMINISTRO E INSTALACIÓN). | F95: =+VLOOKUP(C95,'PRECIOS IDU 2025'!$A$1:$E$3189,3,FALSE) -> UN | G95: =+ROUND(SUM(O95,Q95,S95,U95,W95,Y95,AA95,AC95,AG95,AI95,AK95,AM95,AO95,AQ95,AS95,AU95,AW95,AY95,BA95),2) -> 10 | H95: =+VLOOKUP(C95,'PRECIOS DE REFERENCIA APU'!$A$1:$D$3745,4,FALSE) -> 19717 | I95: =+ROUND(H95*(1+$J$117),0) -> 27012 | J95: =+ROUND(I95*G95,0) -> 270120 | L95: 34 | P95: =+ROUND($I95*O95,0) -> 0 | R95: =+ROUND($I95*Q95,0) -> 0 | T95: =+ROUND($I95*S95,0) -> 0 | V95: =+ROUND($I95*U95,0) -> 0 | X95: =+ROUND($I95*W95,0) -> 0 | Z95: =+ROUND($I95*Y95,0) -> 0 | AB95: =+ROUND($I95*AA95,0) -> 0 | AD95: =+ROUND($I95*AC95,0) -> 0 | AF95: =+ROUND($I95*AE95,0) -> 0 | AH95: =+ROUND($I95*AG95,0) -> 0 | AJ95: =+ROUND($I95*AI95,0) -> 0 | AL95: =+ROUND($I95*AK95,0) -> 0 | AN95: =+ROUND($I95*AM95,0) -> 0 | AP95: =+ROUND($I95*AO95,0) -> 0 | AR95: =+ROUND($I95*AQ95,0) -> 0 | AT95: =+ROUND($I95*AS95,0) -> 0 | AV95: =+ROUND($I95*AU95,0) -> 0 | AX95: =+ROUND($I95*AW95,0) -> 0 | AZ95: =+ROUND($I95*AY95,0) -> 0 | BA95: 10 | BB95: =+ROUND($I95*BA95,0) -> 270120
C96: 8566 | D96: 8014 | E96: =+VLOOKUP(C96,'PRECIOS IDU 2025'!$A$1:$E$3189,2,FALSE) -> PINTURA EN PLÁSTICO EN FRÍO METILMETACRILATO PARA MARCAS VIALES, CON MICROESFERAS Y ESPESOR SECO SEGÚN NORMA NTC 4744. SUMINISTRO Y APLICACIÓN. (CEBRAS, FLECHAS, PICTOGRAMAS, LINEAS DE PARE, SENDEROS PEATONALES, ACHURADOS, ETC). | F96: =+VLOOKUP(C96,'PRECIOS IDU 2025'!$A$1:$E$3189,3,FALSE) -> M2 | G96: =+ROUND(SUM(O96,Q96,S96,U96,W96,Y96,AA96,AC96,AG96,AI96,AK96,AM96,AO96,AQ96,AS96,AU96,AW96,AY96,BA96),2) -> 10 | H96: =+VLOOKUP(C96,'PRECIOS DE REFERENCIA APU'!$A$1:$D$3745,4,FALSE) -> 147965 | I96: =+ROUND(H96*(1+$J$117),0) -> 202712 | J96: =+ROUND(I96*G96,0) -> 2027120 | L96: 188.94 | P96: =+ROUND($I96*O96,0) -> 0 | R96: =+ROUND($I96*Q96,0) -> 0 | T96: =+ROUND($I96*S96,0) -> 0 | V96: =+ROUND($I96*U96,0) -> 0 | X96: =+ROUND($I96*W96,0) -> 0 | Z96: =+ROUND($I96*Y96,0) -> 0 | AB96: =+ROUND($I96*AA96,0) -> 0 | AD96: =+ROUND($I96*AC96,0) -> 0 | AF96: =+ROUND($I96*AE96,0) -> 0 | AH96: =+ROUND($I96*AG96,0) -> 0 | AJ96: =+ROUND($I96*AI96,0) -> 0 | AL96: =+ROUND($I96*AK96,0) -> 0 | AN96: =+ROUND($I96*AM96,0) -> 0 | AP96: =+ROUND($I96*AO96,0) -> 0 | AR96: =+ROUND($I96*AQ96,0) -> 0 | AT96: =+ROUND($I96*AS96,0) -> 0 | AV96: =+ROUND($I96*AU96,0) -> 0 | AX96: =+ROUND($I96*AW96,0) -> 0 | AZ96: =+ROUND($I96*AY96,0) -> 0 | BA96: 10 | BB96: =+ROUND($I96*BA96,0) -> 2027120
C97: 10264 | D97: 8015 | E97: =+VLOOKUP(C97,'PRECIOS IDU 2025'!$A$1:$E$3189,2,FALSE) -> BANDAS SONORAS REDUCTORAS DE VELOCIDAD DE 3CM DE ALTURA, CONSTRUIDA CON GRAVILLA DE 1/2", PINTURA DE LARGA DURACIÓN BLANCA Y RESINA EPÓXICA. | F97: =+VLOOKUP(C97,'PRECIOS IDU 2025'!$A$1:$E$3189,3,FALSE) -> M2 | G97: =+ROUND(SUM(O97,Q97,S97,U97,W97,Y97,AA97,AC97,AG97,AI97,AK97,AM97,AO97,AQ97,AS97,AU97,AW97,AY97,BA97),2) -> 10 | H97: =+VLOOKUP(C97,'PRECIOS DE REFERENCIA APU'!$A$1:$D$3745,4,FALSE) -> 232836 | I97: =+ROUND(H97*(1+$J$117),0) -> 318985 | J97: =+ROUND(I97*G97,0) -> 3189850 | L97: 58.49 | P97: =+ROUND($I97*O97,0) -> 0 | R97: =+ROUND($I97*Q97,0) -> 0 | T97: =+ROUND($I97*S97,0) -> 0 | V97: =+ROUND($I97*U97,0) -> 0 | X97: =+ROUND($I97*W97,0) -> 0 | Z97: =+ROUND($I97*Y97,0) -> 0 | AB97: =+ROUND($I97*AA97,0) -> 0 | AD97: =+ROUND($I97*AC97,0) -> 0 | AF97: =+ROUND($I97*AE97,0) -> 0 | AH97: =+ROUND($I97*AG97,0) -> 0 | AJ97: =+ROUND($I97*AI97,0) -> 0 | AL97: =+ROUND($I97*AK97,0) -> 0 | AN97: =+ROUND($I97*AM97,0) -> 0 | AP97: =+ROUND($I97*AO97,0) -> 0 | AR97: =+ROUND($I97*AQ97,0) -> 0 | AT97: =+ROUND($I97*AS97,0) -> 0 | AV97: =+ROUND($I97*AU97,0) -> 0 | AX97: =+ROUND($I97*AW97,0) -> 0 | AZ97: =+ROUND($I97*AY97,0) -> 0 | BA97: 10 | BB97: =+ROUND($I97*BA97,0) -> 3189850
I98: SUBTOTAL | J98: =+SUM(J83:J97) -> 22353270
C99: E. SUBTOTAL OBRAS (INCLUYE AIU) | J99: =+J98+J82+J63+J45 -> 1712573903 | O99: =+SUM(P99:AB99) -> 694326010 | P99: =+SUM(P24:P97) -> 107286603 | R99: =+SUM(R24:R97) -> 86210593 | T99: =+SUM(T24:T97) -> 208447091 | V99: =+SUM(V24:V97) -> 0 | X99: =+SUM(X24:X97) -> 141779961 | Z99: =+SUM(Z24:Z97) -> 150601762 | AB99: =+SUM(AB24:AB97) -> 0 | AD99: =+SUM(AD24:AD97) -> 148352924 | AF99: =+SUM(AF24:AF97) -> 33837188 | AH99: =+SUM(AH24:AH97) -> 2492932 | AJ99: =+SUM(AJ24:AJ97) -> 10555067 | AL99: =+SUM(AL24:AL97) -> 10175323 | AN99: =+SUM(AN24:AN97) -> #VALUE! | AP99: =+SUM(AP24:AP97) -> 8593328 | AR99: =+SUM(AR24:AR97) -> #VALUE! | AT99: =+SUM(AT24:AT97) -> #VALUE! | AV99: =+SUM(AV24:AV97) -> #VALUE! | AX99: =+SUM(AX24:AX97) -> #VALUE! | AZ99: =+SUM(AZ24:AZ97) -> #VALUE! | BB99: =+SUM(BB24:BB97) -> 743199330
I101: PORCENTAJE FIJO NO OFERTABLE | J101: VALOR EN PESOS | M101: VIAS | N101: ESPACIO PUBLICO
E102: F. SUBTOTAL OBRAS (INCLUYE AIU) | J102: =+J99 -> 1712573903 | M102: =+J45+J63+J98 -> 787766202 | N102: =+J82 -> 924807701 | P102: =+P99 -> 107286603 | R102: =+R99 -> 86210593 | T102: =+T99 -> 208447091 | V102: =+V99 -> 0 | X102: =+X99 -> 141779961 | Z102: =+Z99 -> 150601762 | AB102: =+AB99 -> 0 | AD102: =+AD99 -> 148352924 | AF102: =+AF99 -> 33837188
E103: G. COSTO COMPONENTE AMBIENTAL Y SST: | I103: =ROUND(J103/($J$99/(1+$J$117)),6) -> 0.042416 | J103: {=+'COMPONENTE AMBIENTAL'!N99:O99} -> 53022691 | K103: 0 | M103: =+($N$113/$N$114)*J103 -> 24400607 | N103: =+($N$112/$N$114)*J103 -> 28622084 | O103: =+SUM(P103:AB103) -> 29450532 | P103: =+P99*$I$103 -> 4550668.6 | R103: =+R99*$I$103 -> 3656708.5 | T103: =+T99*$I$103 -> 8841491.8 | V103: =+V99*$I$103 -> 0 | X103: =+X99*$I$103 -> 6013738.8 | Z103: =+Z99*$I$103 -> 6387924.3 | AB103: =+AB99*$I$103 -> 0 | AD103: =+AD99*$I$103 -> 6292537.6 | AF103: =+AF99*$I$103 -> 1435238.2
E104: H. COSTO COMPONENTE SOCIAL: | I104: =ROUND(J104/($J$99/(1+$J$117)),6) -> 0.023617 | J104: =+'COMPONENTE SOCIAL'!L48 -> 29522037 | M104: =+($N$113/$N$114)*J104 -> 13585799 | N104: =+($N$112/$N$114)*J104 -> 15936238 | O104: =+SUM(P104:AB104) -> 16397897 | P104: =+P99*$I$104 -> 2533787.7 | R104: =+R99*$I$104 -> 2036035.6 | T104: =+T99*$I$104 -> 4922894.9 | V104: =+V99*$I$104 -> 0 | X104: =+X99*$I$104 -> 3348417.3 | Z104: =+Z99*$I$104 -> 3556761.8 | AB104: =+AB99*$I$104 -> 0 | AD104: =+AD99*$I$104 -> 3503651 | AF104: =+AF99*$I$104 -> 799132.87
E105: I. COSTO COMPONENTE PMT: | I105: =ROUND(J105/($J$99/(1+$J$117)),6) -> 0.043983 | J105: =+'COMPONENTE PMT'!T33 -> 54980774 | M105: =+($N$113/$N$114)*J105 -> 25301701 | N105: =+($N$112/$N$114)*J105 -> 29679073 | O105: =+SUM(P105:AB105) -> 30538541 | P105: =+P99*$I$105 -> 4718786.7 | R105: =+R99*$I$105 -> 3791800.5 | T105: =+T99*$I$105 -> 9168128.4 | V105: =+V99*$I$105 -> 0 | X105: =+X99*$I$105 -> 6235908 | Z105: =+Z99*$I$105 -> 6623917.3 | AB105: =+AB99*$I$105 -> 0 | AD105: =+AD99*$I$105 -> 6525006.7 | AF105: =+AF99*$I$105 -> 1488261
E106: J. VALOR PROPUESTO COSTO DIRECTO PARA PROVISIÓN PARA AJUSES, OBRAS COMPLEMENTARIAS Y ADICIONALES (DEBE PROPONERSE DE TAL FORMA QUE EL VALOR TOTAL CONTRATO PROPUESTO A EJECUTAR SEA IGUAL AL PRESUPUESTO OFICIAL), este rubro se encuentra en la versión 1 del pliego tipo y, aunque en las versiones posteriores se omitió, en las respuestas sobre su obligatoriedad la Agencia respondió que no era obligatorio pero si aconsejable): | J106: =+M106+N106 -> 1148729 | M106: =1209633.41-334741.62 -> 874891.79 | N106: =967805.592526845-693968.38 -> 273837.21
E107: VALOR TOTAL PRESUPUESTO OFICIAL = | J107: =+SUM(J102:J106) -> 1.8512481e+09 | M107: =+SUM(M102:M106) -> 8.519292e+08 | N107: =+SUM(N102:N106) -> 9.9931893e+08 | O107: =+SUM(P107:AD107) -> 9.353871e+08 | P107: =+SUM(P102:P105) -> 1.1908985e+08 | R107: =+SUM(R102:R105) -> 95695138 | T107: =+SUM(T102:T105) -> 2.3137961e+08 | V107: =+SUM(V102:V105) -> 0 | X107: =+SUM(X102:X105) -> 1.5737803e+08 | Z107: =+SUM(Z102:Z105) -> 1.6717037e+08 | AB107: =+SUM(AB102:AB105) -> 0 | AD107: =+SUM(AD102:AD105) -> 1.6467412e+08 | AF107: =+SUM(AF102:AF105) -> 37559820 | AH107: =+SUM(AH102:AH105) -> 0 | AJ107: =+SUM(AJ102:AJ105) -> 0 | AL107: =+SUM(AL102:AL105) -> 0 | AN107: =+SUM(AN102:AN105) -> 0 | AP107: =+SUM(AP102:AP105) -> 0 | AR107: =+SUM(AR102:AR105) -> 0 | AT107: =+SUM(AT102:AT105) -> 0 | AV107: =+SUM(AV102:AV105) -> 0 | AX107: =+SUM(AX102:AX105) -> 0 | AZ107: =+SUM(AZ102:AZ105) -> 0 | BB107: =+SUM(BB102:BB105) -> 0
...

Sheet PRECIOS DE REFERENCIA APU
A1: 3007 | B1: REPLANTEO GENERAL | C1: M2 | D1: 996 | E1: Actualización 2025-I Fase I
A2: 3009 | B2: EXCAVACION MANUAL PARA REDES PROFUNDIDAD 0M - 2M (INCLUYE CARGUE) | C2: M3 | D2: 55856 | E2: Actualización 2025-I Fase I
A3: 3010 | B3: DEMOLICION PAVIMENTO ASFALTICO (INCLUYE CARGUE). NO INCLUYE TRANSPORTE Y DISPOSICIÓN FINAL DE SOBRANTES. | C3: M3 | D3: 45548 | E3: Actualización 2025-I Fase I
A4: 3011 | B4: DEMOLICION MANUAL SARDINEL EXISTENTE (INCLUYE CARGUE). NO INCLUYE TRANSPORTE Y DISPOSICIÓN FINAL DE SOBRANTES. | C4: ML | D4: 7827 | E4: Actualización 2025-I Fase I
A5: 3012 | B5: DEMOLICIÓN PISOS DE CONCRETO (ESPESOR VARIABLE HASTA 0.10 M. INCLUYE CARGUE). NO INCLUYE TRANSPORTE Y DISPOSICIÓN FINAL DE SOBRANTES. | C5: M2 | D5: 9810 | E5: Actualización 2025-I Fase I
A6: 3015 | B6: RETIRO DE POSTES DE AP/LA (INCLUYE TRASLADO A SITIO DE ACOPIO) | C6: UN | D6: 263096 | E6: Actualización 2025-I Fase I
A7: 3017 | B7: TRANSPORTE Y DISPOSICIÓN FINAL DE ESCOMBROS EN SITIO AUTORIZADO (DISTANCIA DE TRANSPORTE 21 KM). A DISTANCIA MAYOR DEL ACARREO LIBRE (90 M) EN SITIO AUTORIZADO POR LA ENTIDAD AMBIENTAL COMPETENTE. | C7: M3 | D7: 45600 | E7: Actualización 2025-I Fase I
A8: 3018 | B8: RELLENO EN TIERRA NEGRA PARA EMPRADIZACION (SUMINISTRO Y EXTENDIDO) | C8: M3 | D8: 105111 | E8: Actualización 2025-I Fase I
A9: 3021 | B9: DEMOLICION PAVIMENTO ASFALTICO (ESPESOR VARIABLE. INCLUYE CARGUE). NO INCLUYE TRANSPORTE Y DISPOSICIÓN FINAL DE SOBRANTES. | C9: M2 | D9: 8874 | E9: Actualización 2025-I Fase I
A10: 3022 | B10: DEMOLICIÓN PISOS DE CONCRETO (INCLUYE CARGUE). NO INCLUYE TRANSPORTE Y DISPOSICIÓN FINAL DE SOBRANTES. | C10: M3 | D10: 68205 | E10: Actualización 2025-I Fase II + M.O. Ley 2101 de 2021
A11: 3024 | B11: RELLENO PARA REDES EN ARENA DE PEÑA (SUMINISTRO, EXTENDIDO, HUMEDECIMIENTO Y COMPACTACIÓN) | C11: M3 | D11: 160860 | E11: Actualización 2025-I Fase I
A12: 3027 | B12: SARDINEL TIPO A10 (SUMINISTRO E INSTALACIÓN. INCLUYE 3CM MORTERO 1:5) | C12: ML | D12: 84115 | E12: Actualización 2025-I Fase I
... A2745: 8628 | B2745: NIVELACIÓN DE CÁMARA TIPO "F2" TELECOMUNICACIONES UNE - EPM H= 0.14m (Dimensiones internas L=0.41 m, B=0,36m, A=0.56 m) (Incluye demolición de cinta y retiro de tapa, transporte y disposición de escombros, suministro e instalación de ladrillos, mortero, minicargador, acero de refuerzo. | C2745: UN | D2745: 239603 | E2745: Actualización 2025-I Fase II + M.O. Ley 2101 de 2021
A2746: 8629 | B2746: CANAL DE DRENAJE MONOLÍTICO Y REJA EN CONCRETO POLIMÉRICO RD 150V H480 F900 (1.00 X 0.21 X 0.48) m (Incluye concreto 21 MPa para cama y atraque. Incluye suministro, instalación y prueba de estanqueidad). | C2746: ML | D2746: 1287020
A2747: 8631 | B2747: EMPATE ORTOGONAL PVC - AC 4"X4" SEGÚN NORMA NS-023, INCLUYE SUMINISTRO E INSTALACIÓN DE TUBERÍA PVC D=4" U.M RDE 21=1 ML, TEE HD 4"X4" PARA AC=1 UN, UG HD D=4"=3 UN, ADAPTADOR U.S. D=4"=1 UN, UR HD D=4"=1 UN (Suministro e instalación). | C2747: UN | D2747: 1279700
A2748: 8632 | B2748: CANAL DE DRENAJE MONOLÍTICO Y REJA EN CONCRETO POLIMÉRICO PD 100V H230 D400 (1.00 X 0.15 X 0.23) m (Incluye concreto 21 MPa para cama y atraque. Incluye suministro, instalación y prueba de estanqueidad). | C2748: ML | D2748: 580846
A2749: 8633 | B2749: CANAL DE DRENAJE MONOLÍTICO Y REJA EN CONCRETO POLIMÉRICO RD 200V H330 F900 (1.00 X 0.26 X 0.33) m, INCLUYE CONCRETO 21 Mpa PARA CAMA Y ATRAQUE (Incluye suministro, instalación y prueba de estanqueidad). | C2749: ML | D2749: 1278605
A2750: 8634 | B2750: EMPATE ORTOGONAL PVC - HG 4"X4" SEGÚN NORMA NS-023, INCLUYE SUMINISTRO E INSTALACIÓN DE TUBERÍA PVC D=4" U.M RDE 21=1 ML, TEE HD 4"X4" PARA AC=1 UN, UG HD D=4"=3 UN, ADAPTADOR U.S. D=4"=1 UN, UR HD D=4"=1 UN (Suministro e instalación). | C2750: UN | D2750: 1304026
A2751: 8636 | B2751: EMPATE ORTOGONAL PVC - PVC 4"X3" SEGÚN NORMA NS-023, INCLUYE SUMINISTRO E INSTALACIÓN DE TUBERÍA PVC D=4" U.M RDE 21=1 ML, TEE HD EL 4"X3"=1 UN, UZ U.M PVC D=4"=1 UN, UZ U.M PVC D=3"=1 UN, UR U.M PVC D=4"=1 UN, UR U.M PVC D=3"=1 UN (Suministro e instalación). | C2751: UN | D2751: 724910
A2752: 8637 | B2752: EMPATE ORTOGONAL PVC - AC 6"X6" SEGÚN NORMA NS-023, INCLUYE SUMINISTRO E INSTALACIÓN DE TUBERÍA PVC D=6" U.M RDE 21=1 ML, TEE HD 6"X6" PARA AC=1 UN, UG HD D=6"=3 UN, UZ U.M PVC D=6"=1 UN, UR HD D=6"=1 UN (Suministro e instalación). | C2752: UN | D2752: 2178690
A2753: 8638 | B2753: CAJA PARA CONEXIÓN DE DRENAJE EN CONCRETO REFORZADO 28 MPa (Dimensiones internas: (0.9x0.9) m, H=1.94 m, e=0,2 m) (Incluye muros, concreto de limpieza e=0,05 m, placa de base y placa de cubierta e=0,16 m, dos arobases y arotapas HF según NP-024. Suministro y construcción. | C2753: UN | D2753: 4814413
A2754: 8639 | B2754: CAJA PARA CONEXIÓN DE DRENAJE EN CONCRETO REFORZADO 28 MPa (Dimensiones internas: (1.4x1.5) m, H=2.23 m, e=0,2 m) (Incluye muros, concreto de limpieza e=0,05 m, placa de base y placa de cubierta e=0,16 m, dos arobases y arotapas HF según NP-024. Suministro y construcción. | C2754: UN | D2754: 8159104
A2755: 8640 | B2755: TAPÓN HD EXTREMO JUNTA HIDRÁULICA D=3" (Suministro e instalación). | C2755: UN | D2755: 162462
A2756: 8641 | B2756: TEE HD EXTREMO JUNTA HIDRÁULICA 10"x6" (Suministro e instalación). | C2756: UN | D2756: 2019710
A2757: 8642 | B2757: CODO HD 22.5° EXTREMO JUNTA HIDRÁULICA PARA PVC D= 2" (Suministro e instalación) | C2757: UN | D2757: 134564
... A3173: 10639 | B3173: ARQUEOLOGÍA PÚBLICA (SOCIALIZACIÓN DE LA IMPLEMENTACIÓN DEL PLAN DE MANEJO ARQUEOLÓGICO INCLUYE PIEZAS DE COMUNICACIÓN). | C3173: GLB/MES | D3173: 12093

Sheet PRECIOS DE REFERENCIA INSUMOS
A1: 322 | B1: CONCRETO GRAVA COMÚN 2000 PSI 14 MPa (140 Kg/m2) | C1: M3 | D1: 536920 | E1: Actualización 2025-I Fase I
A2: 323 | B2: CONCRETO GRAVA COMÚN 2500 PSI 17 MPa (175 Kg/cm2) | C2: M3 | D2: 575187 | E2: Actualización 2025-I Fase I
A3: 324 | B3: CONCRETO GRAVA COMÚN 3000 PSI 21 MPa (210 Kg/cm2) | C3: M3 | D3: 573851 | E3: Actualización 2025-I Fase I
A4: 325 | B4: CONCRETO GRAVA COMÚN 3500 PSI 24 MPa (245 Kg/cm2) | C4: M3 | D4: 589499 | E4: Actualización 2025-I Fase I
A5: 326 | B5: CONCRETO GRAVA COMÚN 4000 PSI 28 MPa (280 Kg/cm2) | C5: M3 | D5: 610583 | E5: Actualización 2025-I Fase I
A6: 328 | B6: CONCRETO GRAVA COMÚN 5000 PSI 34 MPa (350 Kg/cm2) | C6: M3 | D6: 637049 | E6: Actualización 2025-I Fase I
A7: 333 | B7: CONCRETO GRAVA FINA 3000 PSI 21 MPa (210 Kg/cm2) | C7: M3 | D7: 586995 | E7: Actualización 2025-I Fase I
A8: 366 | B8: MORTERO 2000 PSI 14 MPa (140 Kg/cm2) | C8: M3 | D8: 623456 | E8: Actualización 2025-I Fase I
A9: 1505 | B9: COMPACTADOR DE LLANTAS - MASA SIN LASTRES DE 9 A 11 TONELADAS - INCLUYE OPERARIO Y COMBUSTIBLE | C9: HR | D9: 189970 | E9: Actualización 2025-I Fase I
A10: 1512 | B10: GRAMA | C10: M2 | D10: 18794 | E10: Actualización 2025-I Fase II + M.O. Ley 2101 de 2021
A11: 1515 | B11: FORMALETA METÁLICA SARDINEL | C11: ML/DI | D11: 1131 | E11: Actualización 2025-I Fase I
A12: 1794 | B12: ALAMBRE RECOCIDO No.18 | C12: KG | D12: 5501 | E12: Actualización 2025-I Fase I
... A2745: 13590 | B2745: GEOMALLA BIAXIAL CON RESISTENCIA ULTIMA A LA TENSION, SENTIDO LONGITUDINAL Y TRANSVERSAL: ENTRE 100 KN/M Y 106 KN/M | C2745: M2 | D2745: 18568 | E2745: Actualización 2025-I Fase II + M.O. Ley 2101 de 2021
A2746: 8629 | B2746: CANAL DE DRENAJE MONOLÍTICO Y REJA EN CONCRETO POLIMÉRICO RD 150V H480 F900 (1.00 X 0.21 X 0.48) m (Incluye concreto 21 MPa para cama y atraque. Incluye suministro, instalación y prueba de estanqueidad). | C2746: ML | D2746: 1287020
A2747: 8631 | B2747: EMPATE ORTOGONAL PVC - AC 4"X4" SEGÚN NORMA NS-023, INCLUYE SUMINISTRO E INSTALACIÓN DE TUBERÍA PVC D=4" U.M RDE 21=1 ML, TEE HD 4"X4" PARA AC=1 UN, UG HD D=4"=3 UN, ADAPTADOR U.S. D=4"=1 UN, UR HD D=4"=1 UN (Suministro e instalación). | C2747: UN | D2747: 1279700
A2748: 8632 | B2748: CANAL DE DRENAJE MONOLÍTICO Y REJA EN CONCRETO POLIMÉRICO PD 100V H230 D400 (1.00 X 0.15 X 0.23) m (Incluye concreto 21 MPa para cama y atraque. Incluye suministro, instalación y prueba de estanqueidad). | C2748: ML | D2748: 580846
A2749: 8633 | B2749: CANAL DE DRENAJE MONOLÍTICO Y REJA EN CONCRETO POLIMÉRICO RD 200V H330 F900 (1.00 X 0.26 X 0.33) m, INCLUYE CONCRETO 21 Mpa PARA CAMA Y ATRAQUE (Incluye suministro, instalación y prueba de estanqueidad). | C2749: ML | D2749: 1278605
A2750: 8634 | B2750: EMPATE ORTOGONAL PVC - HG 4"X4" SEGÚN NORMA NS-023, INCLUYE SUMINISTRO E INSTALACIÓN DE TUBERÍA PVC D=4" U.M RDE 21=1 ML, TEE HD 4"X4" PARA AC=1 UN, UG HD D=4"=3 UN, ADAPTADOR U.S. D=4"=1 UN, UR HD D=4"=1 UN (Suministro e instalación). | C2750: UN | D2750: 1304026
A2751: 8636 | B2751: EMPATE ORTOGONAL PVC - PVC 4"X3" SEGÚN NORMA NS-023, INCLUYE SUMINISTRO E INSTALACIÓN DE TUBERÍA PVC D=4" U.M RDE 21=1 ML, TEE HD EL 4"X3"=1 UN, UZ U.M PVC D=4"=1 UN, UZ U.M PVC D=3"=1 UN, UR U.M PVC D=4"=1 UN, UR U.M PVC D=3"=1 UN (Suministro e instalación). | C2751: UN | D2751: 724910
A2752: 8637 | B2752: EMPATE ORTOGONAL PVC - AC 6"X6" SEGÚN NORMA NS-023, INCLUYE SUMINISTRO E INSTALACIÓN DE TUBERÍA PVC D=6" U.M RDE 21=1 ML, TEE HD 6"X6" PARA AC=1 UN, UG HD D=6"=3 UN, UZ U.M PVC D=6"=1 UN, UR HD D=6"=1 UN (Suministro e instalación). | C2752: UN | D2752: 2178690
A2753: 8638 | B2753: CAJA PARA CONEXIÓN DE DRENAJE EN CONCRETO REFORZADO 28 MPa (Dimensiones internas: (0.9x0.9) m, H=1.94 m, e=0,2 m) (Incluye muros, concreto de limpieza e=0,05 m, placa de base y placa de cubierta e=0,16 m, dos arobases y arotapas HF según NP-024. Suministro y construcción. | C2753: UN | D2753: 4814413
A2754: 8639 | B2754: CAJA PARA CONEXIÓN DE DRENAJE EN CONCRETO REFORZADO 28 MPa (Dimensiones internas: (1.4x1.5) m, H=2.23 m, e=0,2 m) (Incluye muros, concreto de limpieza e=0,05 m, placa de base y placa de cubierta e=0,16 m, dos arobases y arotapas HF según NP-024. Suministro y construcción. | C2754: UN | D2754: 8159104
A2755: 8640 | B2755: TAPÓN HD EXTREMO JUNTA HIDRÁULICA D=3" (Suministro e instalación). | C2755: UN | D2755: 162462
A2756: 8641 | B2756: TEE HD EXTREMO JUNTA HIDRÁULICA 10"x6" (Suministro e instalación). | C2756: UN | D2756: 2019710
A2757: 8642 | B2757: CODO HD 22.5° EXTREMO JUNTA HIDRÁULICA PARA PVC D= 2" (Suministro e instalación) | C2757: UN | D2757: 134564
... A3173: 10639 | B3173: ARQUEOLOGÍA PÚBLICA (SOCIALIZACIÓN DE LA IMPLEMENTACIÓN DEL PLAN DE MANEJO ARQUEOLÓGICO INCLUYE PIEZAS DE COMUNICACIÓN). | C3173: GLB/MES | D3173: 12093

Sheet FORMULARIO 1 PROPUESTA ECONOMIC
C3: Formulario 1 - Propuesta económica - Documento tipo de licitación de obra pública de infraestructura de transporte - versión 4
C4: Código | D4: CCE-EICP-FM-14
C5: FORMULARIO 1
C6: PROPUESTA ECONÓMICA
C7: ALCALDIA MAYOR DE BOGOTA
C8: FONDO DE DESARROLLO LOCAL
C9: ALCALDIA LOCAL DE TUNJUELITO
C10: OBJETO DE LA LICITACION : | E10: EJECUTAR A MONTO AGOTABLE SIN FORMULA DE REAJUSTE POR EL SISTEMA DE PRECIOS UNITARIOS, LAS ACTIVIDADES PARA LA CONSERVACIÓN Y/O MANTENIMIENTO Y/O REHABILITACIÓN DE LA MALLA VIAL LOCAL E INTERMEDIA Y ESPACIO PÚBLICO EN LA LOCALIDAD DE TUNJUELITO DE LA CIUDAD DE BOGOTÁ D.C
C14: COD. IDU | D14: ÍTEM DE PAGO | E14: DESCRIPCIÓN | F14: UND. | G14: CANTIDAD | I14: VALOR TOTAL
C16: 1. DIAGNOSTICOS Y DISEÑOS
C17: ACTIVIDADES DE DIAGNOSTICO QUE NO INCLUYEN IVA
C18: 10996 | D18: 1001 | E18: =+VLOOKUP(C18,'PRECIOS INSUMOS IDU 2025'!$A$1:$E$3189,2,FALSE) -> APIQUE MANUAL HASTA 2 M DE 1.5 M X 1.5 M - RELLENO Y ADECUACIÓN DEL SITIO - INCLUYE TRANSPORTE | F18: =+VLOOKUP(C18,'PRECIOS INSUMOS IDU 2025'!$A$1:$E$3189,3,FALSE) -> UN | G18: 18
C19: 7488 | D19: 1002 | E19: =+VLOOKUP(C19,'PRECIOS INSUMOS IDU 2025'!$A$1:$E$3189,2,FALSE) -> DETERMINACION EN EL LABORATORIO DEL CONTENIDO DE AGUA (HUMEDAD) DE MUESTRAS DE SUELO, ROCA Y MEZCLAS DE SUELO-AGREGADO. Norma técnica: INVE-122-13 NTC-1495-13 ASTM D2216-19. | F19: =+VLOOKUP(C19,'PRECIOS INSUMOS IDU 2025'!$A$1:$E$3189,3,FALSE) -> UN | G19: 18
C20: 7490 | D20: 1003 | E20: =+VLOOKUP(C20,'PRECIOS INSUMOS IDU 2025'!$A$1:$E$3189,2,FALSE) -> DETERMINACION DE LOS TAMAÑOS DE LAS PARTICULAS DE LOS SUELOS (GRANULOMETRIA POR TAMIZADO E HIDROMETRIA). Norma técnica: INVE-123-13 ASTM D422-63 (07)e2 | F20: =+VLOOKUP(C20,'PRECIOS INSUMOS IDU 2025'!$A$1:$E$3189,3,FALSE) -> UN | G20: 18
C21: 7489 | D21: 1004 | E21: =+VLOOKUP(C21,'PRECIOS INSUMOS IDU 2025'!$A$1:$E$3189,2,FALSE) -> METODO DE PRUEBA ESTANDAR PARA LA DETERMINACION DE LA DENSIDAD (PESO UNITARIO) EN LABORATORIO DE ESPECIMENES DE SUELO. Norma técnica: ASTM D7263-21. | F21: =+VLOOKUP(C21,'PRECIOS INSUMOS IDU 2025'!$A$1:$E$3189,3,FALSE) -> UN | G21: 18
C22: 7494 | D22: 1005 | E22: =+VLOOKUP(C22,'PRECIOS INSUMOS IDU 2025'!$A$1:$E$3189,2,FALSE) -> DETERMINACION DE LA GRAVEDAD ESPECÍFICA DE LAS PARTICULAS SOLIDAS DE LOS SUELOS Y DEL LLENANTE MINERAL, EMPLEANDO UN PICNOMETRO CON AGUA. Norma técnica: INVE-128-13 ASTM D854-23 | F22: =+VLOOKUP(C22,'PRECIOS INSUMOS IDU 2025'!$A$1:$E$3189,3,FALSE) -> UN | G22: 18
C23: 7496 | D23: 1006 | E23: =+VLOOKUP(C23,'PRECIOS INSUMOS IDU 2025'!$A$1:$E$3189,2,FALSE) -> DETERMINACION DE LOS FACTORES DE CONTRACCION DE LOS SUELOS. Norma técnica: INVE-127-13 NTC-1503-01 ASTM D427-04 | F23: =+VLOOKUP(C23,'PRECIOS INSUMOS IDU 2025'!$A$1:$E$3189,3,FALSE) -> UN | G23: 18
C24: 7497 | D24: 1007 | E24: =+VLOOKUP(C24,'PRECIOS INSUMOS IDU 2025'!$A$1:$E$3189,2,FALSE) -> DETERMINACION DEL CONTENIDO ORGANICO DE UN SUELO MEDIANTE EL ENSAYO DE PERDIDA POR IGNICION. Norma técnica: INVE-121-13 AASHTO T-267-22 | F24: =+VLOOKUP(C24,'PRECIOS INSUMOS IDU 2025'!$A$1:$E$3189,3,FALSE) -> UN | G24: 18
C25: 10019 | D25: 1008 | E25: =+VLOOKUP(C25,'PRECIOS INSUMOS IDU 2025'!$A$1:$E$3189,2,FALSE) -> DETERMINACION DEL LIMITE LIQUIDO DE LOS SUELOS - LIMITE PLASTICO E INDICE DE PLASTICIDAD DE LOS SUELOS. Norma técnica: INVE-125-13 INVE-126-13 NTC-4630-99 ASTM D4318-17e1 (18). | F25: =+VLOOKUP(C25,'PRECIOS INSUMOS IDU 2025'!$A$1:$E$3189,3,FALSE) -> UN | G25: 18
C26: 10024 | D26: 1009 | E26: =+VLOOKUP(C26,'PRECIOS INSUMOS IDU 2025'!$A$1:$E$3189,2,FALSE) -> DETERMINACION DEL POTENCIAL DE CAMBIO VOLUMETRICO DE UN SUELO EMPLEANDO EL APARATO DE LAMBE. Norma técnica: INVE-120-13 UNE-EN-103600-96 | F26: =+VLOOKUP(C26,'PRECIOS INSUMOS IDU 2025'!$A$1:$E$3189,3,FALSE) -> UN | G26: 18
C27: 8012 | D27: 1010 | E27: =+VLOOKUP(C27,'PRECIOS INSUMOS IDU 2025'!$A$1:$E$3189,2,FALSE) -> CBR SOBRE MUESTRA INALTERADA (METODO II). Norma técnica: INVE-148-13 NTC-2122-13 ASTM D1883-21. | F27: =+VLOOKUP(C27,'PRECIOS INSUMOS IDU 2025'!$A$1:$E$3189,3,FALSE) -> UN | G27: 34
C28: 7892 | D28: 1011 | E28: =+VLOOKUP(C28,'PRECIOS INSUMOS IDU 2025'!$A$1:$E$3189,2,FALSE) -> EQUIPO DE PRESION - SUCCION - SONDEO - LIMPIEZA - RECOLECCIÓN DE LODOS NO PELIGROSOS (No incluye agua). | F28: =+VLOOKUP(C28,'PRECIOS INSUMOS IDU 2025'!$A$1:$E$3189,3,FALSE) -> HR | G28: 50
C29: 9434 | D29: 1012 | E29: =+VLOOKUP(C29,'PRECIOS INSUMOS IDU 2025'!$A$1:$E$3189,2,FALSE) -> TRATAMIENTO Y DISPOSICIÓN FINAL DE LODOS NO PELIGROSOS PROVENIENTES DE ALCANTARILLADO | F29: =+VLOOKUP(C29,'PRECIOS INSUMOS IDU 2025'!$A$1:$E$3189,3,FALSE) -> KG | G29: 2000
C30: ACTIVIDADES DE DIAGNOSTICO QUE INCLUYEN IVA
D31: 1013 | E31: DISEÑO PARA RECONSTRUCCION DE VIAS - PAV. FLEXIBLE/RIGIDO (INCLUYE TOMA DE DEFLEXIONES, DETERMINACIÓN DE ESPESORES, EVALUACIÓN SUPERFICIAL Y PROCESAMIENTO Y ENTREGA DE LA INFORMACIÓN) IVA INCLUIDO | F31: M2 | G31: 5112.31
C32: 8000 | D32: 1014 | E32: =+VLOOKUP(C32,'PRECIOS INSUMOS IDU 2025'!$A$1:$E$3189,2,FALSE) -> INSPECCIÓN DE REDES DE ALCANTARILLADO CON SISTEMA CCTV PARA DIÁMETROS ENTRE 6" Y 36". INCL MANO DE OBRA IDÓNEA, INFORME ESCRITO DE DIAGNÓSTICO Y DVD CON VIDEO. INCL IVA | F32: =+VLOOKUP(C32,'PRECIOS INSUMOS IDU 2025'!$A$1:$E$3189,3,FALSE) -> ML | G32: 1350.11
C33: 8001 | D33: 1015 | E33: =+VLOOKUP(C33,'PRECIOS INSUMOS IDU 2025'!$A$1:$E$3189,2,FALSE) -> INSPECCIÓN DE REDES DE ALCANTARILLADO CON SISTEMA CCTV PARA DIÁMETROS MAYORES A 36". INCL MANO DE OBRA IDÓNEA, INFORME ESCRITO DE DIAGNÓSTICO Y DVD CON VIDEO. INCL IVA | F33: =+VLOOKUP(C33,'PRECIOS INSUMOS IDU 2025'!$A$1:$E$3189,3,FALSE) -> ML | G33: 150.01
C34: 8002 | D34: 1016 | E34: =+VLOOKUP(C34,'PRECIOS INSUMOS IDU 2025'!$A$1:$E$3189,2,FALSE) -> LAVADO Y SONDEO DE REDES DE ALCANTARILLADO ENTRE 6" Y 16" DE DIÁMETRO Y CON GRADO DE COLMATACIÓN MENOR DEL 30%. INCL MANO DE OBRA IDÓNEA, SEÑALIZACIÓN BÁSICA, SUMIN DE COMBUSTIBLE Y AGUA. INCL. IVA | F34: =+VLOOKUP(C34,'PRECIOS INSUMOS IDU 2025'!$A$1:$E$3189,3,FALSE) -> ML | G34: 1050.08
C35: 8003 | D35: 1017 | E35: =+VLOOKUP(C35,'PRECIOS INSUMOS IDU 2025'!$A$1:$E$3189,2,FALSE) -> LAVADO Y SONDEO DE REDES DE ALCANTARILLADO ENTRE 18" Y 36" DE DIÁMETRO Y CON GRADO DE COLMATACIÓN MENOR DEL 30%. INCLUYE MANO DE OBRA IDÓNEA, SEÑALIZACIÓN BÁSICA, SUMIN DE COMBUSTIBLE Y AGUA. INCL IVA | F35: =+VLOOKUP(C35,'PRECIOS INSUMOS IDU 2025'!$A$1:$E$3189,3,FALSE) -> ML | G35: 450.04
C37: A. SUBTOTAL ACTIVIDADES DE DIAGNOSTICO QUE NO INCLUYEN I.V.A..:
C38: B. IVA (19%):
C39: C. ACTIVIDADES DE DIAGNOSTICO QUE INCLUYEN IVA:
C41: D. SUBTOTAL DIAGNOSTICOS (A+B+C)
C43: ACTIVIDADES DE OBRA
C44: COD. IDU | D44: ÍTEM DE PAGO | E44: DESCRIPCIÓN | F44: UND. | G44: CANTIDAD | H44: VR. UNITARIO (INCLUIDO A.I.U.) | I44: VALOR TOTAL
C47: 2. RECONSTRUCCION - REHABILITACION VIA PAVIMENTO FLEXIBLE
C48: 3007 | D48: 2001 | E48: =+VLOOKUP(C48,'PRECIOS IDU 2025'!$A$1:$E$3190,2,FALSE) -> REPLANTEO GENERAL | F48: =+VLOOKUP(C48,'PRECIOS IDU 2025'!$A$1:$E$3189,3,FALSE) -> M2 | G48: 5112.31
C49: 3811 | D49: 2002 | E49: =+VLOOKUP(C49,'PRECIOS IDU 2025'!$A$1:$E$3189,2,FALSE) -> CORTE DE PAVIMENTO - INCLUYE EQUIPO: CORTADORA DE CONCRETO INCLUYE OPERARIO Y COMBUSTIBLE. INCLUYE DISCO DIAMANTADO ASFALTO-CONCRETO 350 MM, AGUA Y MANO DE OBRA | F49: =+VLOOKUP(C49,'PRECIOS IDU 2025'!$A$1:$E$3189,3,FALSE) -> ML | G49: 1500
C50: 3010 | D50: 2003 | E50: =+VLOOKUP(C50,'PRECIOS IDU 2025'!$A$1:$E$3189,2,FALSE) -> DEMOLICION PAVIMENTO ASFALTICO (INCLUYE CARGUE). NO INCLUYE TRANSPORTE Y DISPOSICIÓN FINAL DE SOBRANTES. | F50: =+VLOOKUP(C50,'PRECIOS IDU 2025'!$A$1:$E$3189,3,FALSE) -> M3 | G50: 613.48
C51: 3710 | D51: 2004 | E51: =+VLOOKUP(C51,'PRECIOS IDU 2025'!$A$1:$E$3189,2,FALSE) -> EXCAVACIÓN MECÁNICA EN MATERIAL COMÚN (INCLUYE CARGUE) | F51: =+VLOOKUP(C51,'PRECIOS IDU 2025'!$A$1:$E$3189,3,FALSE) -> M3 | G51: 3578.62
C52: 3464 | D52: 2005 | E52: =+VLOOKUP(C52,'PRECIOS IDU 2025'!$A$1:$E$3189,2,FALSE) -> EXCAVACION MANUAL EN MATERIAL COMUN. INCLUYE CARGUE. | F52: =+VLOOKUP(C52,'PRECIOS IDU 2025'!$A$1:$E$3189,3,FALSE) -> M3 | G52: 1022.46
C53: 3017 | D53: 2006 | E53: =+VLOOKUP(C53,'PRECIOS IDU 2025'!$A$1:$E$3189,2,FALSE) -> TRANSPORTE Y DISPOSICIÓN FINAL DE ESCOMBROS EN SITIO AUTORIZADO (DISTANCIA DE TRANSPORTE 21 KM). A DISTANCIA MAYOR DEL ACARREO LIBRE (90 M) EN SITIO AUTORIZADO POR LA ENTIDAD AMBIENTAL COMPETENTE. | F53: =+VLOOKUP(C53,'PRECIOS IDU 2025'!$A$1:$E$3189,3,FALSE) -> M3 | G53: 5981.4
C54: 3800 | D54: 2007 | E54: =+VLOOKUP(C54,'PRECIOS IDU 2025'!$A$1:$E$3189,2,FALSE) -> NIVELACION Y COMPACTACIÓN DE SUBRASANTE | F54: =+VLOOKUP(C54,'PRECIOS IDU 2025'!$A$1:$E$3189,3,FALSE) -> M2 | G54: 5112.31
C55: 10016 | D55: 2008 | E55: =+VLOOKUP(C55,'PRECIOS IDU 2025'!$A$1:$E$3189,2,FALSE) -> ESTABILIZACION O MEJORAMIENTO DE SUBRASANTE CON RAJON = 6" A 12" (15 - 30 cm) Y SELLO CON SUBBASE GRANULAR CLASE C - Gr1 (SBGC_Gr1). INCLUYE (SUMINISTRO, EXTENDIDO, NIVELACION Y COMPACTACIÓN MECANICA CON EXCAVADORA MEDIANA SOBRE ORUGAS Y RODILLO VIBROCOMPACTADOR TANDEM (2,5 - 3,0 TON), TRANSPORTE DEL RAJON Y SELLO HASTA 21 KM) | F55: =+VLOOKUP(C55,'PRECIOS IDU 2025'!$A$1:$E$3189,3,FALSE) -> M3 | G55: 460.11
C56: 7900 | D56: 2009 | E56: =+VLOOKUP(C56,'PRECIOS IDU 2025'!$A$1:$E$3189,2,FALSE) -> GEOCELDA DE POLIETILENO DE ALTA DENSIDAD (PEAD-HDPE) CON ALTURA DE 150 MM. (INCLUYE SUMINISTRO E INSTALACION). | F56: =+VLOOKUP(C56,'PRECIOS IDU 2025'!$A$1:$E$3189,3,FALSE) -> M2 | G56: 5112.31
C57: 4015 | D57: 2010 | E57: =+VLOOKUP(C57,'PRECIOS IDU 2025'!$A$1:$E$3189,2,FALSE) -> GEOTEXTIL NO TEJIDO CON RESISTENCIA A LA TENSION GRAB: ENTRE 850 N Y 980 N. PARA SEPARACION SUBRASANTE/CAPAS GRANULARES. (INCLUYE SUMINISTRO E INSTALACION). | F57: =+VLOOKUP(C57,'PRECIOS IDU 2025'!$A$1:$E$3189,3,FALSE) -> M2 | G57: 5112.31
C58: 4034 | D58: 2011 | E58: =+VLOOKUP(C58,'PRECIOS IDU 2025'!$A$1:$E$3189,2,FALSE) -> GEOTEXTIL TEJIDO CON RESISTENCIA A LA TENSION METODO TIRA ANCHA SENTIDO LONGITUDINAL: ENTRE 90 KN/M Y 110 KN/M. PARA SEPARACION SUBRASANTE/CAPAS GRANULARES. (INCLUYE SUMINISTRO E INSTALACION). | F58: =+VLOOKUP(C58,'PRECIOS IDU 2025'!$A$1:$E$3189,3,FALSE) -> M2 | G58: 511.23
C59: 4161 | D59: 2012 | E59: =+VLOOKUP(C59,'PRECIOS IDU 2025'!$A$1:$E$3189,2,FALSE) -> SUBBASE GRANULAR CLASE A (SBG_A) (SUMINISTRO, EXTENDIDO, NIVELACIÓN, HUMEDECIMIENTO Y COMPACTACIÓN CON VIBROCOMPACTADOR) | F59: =+VLOOKUP(C59,'PRECIOS IDU 2025'!$A$1:$E$3189,3,FALSE) -> M3 | G59: 21
C60: 4746 | D60: 2013 | E60: =+VLOOKUP(C60,'PRECIOS IDU 2025'!$A$1:$E$3189,2,FALSE) -> SUBBASE GRANULAR CLASE A (SBG_A) CON RECICLADO DE CONCRETO HIDRAULICO (SUMINISTRO, EXTENDIDO, NIVELACIÓN, HUMEDECIMIENTO Y COMPACTACIÓN CON VIBROCOMPACTADOR) | F60: =+VLOOKUP(C60,'PRECIOS IDU 2025'!$A$1:$E$3189,3,FALSE) -> M3 | G60: 178.93
... C63: 4836 | D63: 2016 | E63: =+VLOOKUP(C63,'PRECIOS IDU 2025'!$A$1:$E$3189,2,FALSE) -> BASE GRANULAR CLASE A (BG_A) ESTABILIZADA AL 4% CON EMULSIÓN ASFÁLTICA CRL-1 (INCLUYE SUMINISTRO TRANSPORTE, COLOCACION Y COMPACTACION). | F63: =+VLOOKUP(C63,'PRECIOS IDU 2025'!$A$1:$E$3189,3,FALSE) -> M3 | G63: 10
C64: 4836 | D64: 2017 | E64: ESTABILIZACIÓN DE SUB BASE Y BASES GRANULARES CON ADITIVO POTENCIALIZADOR FLEXIBILIZANTE + CEMENTO 5% | F64: M3 | G64: 1533.69
C65: 3864 | D65: 2018 | E65: =+VLOOKUP(C65,'PRECIOS IDU 2025'!$A$1:$E$3189,2,FALSE) -> IMPRIMACION CON EMULSION ASFALTICA CRL-0 (SUMINISTRO, BARRIDO SUPERFICIE Y RIEGO MECANICO) | F65: =+VLOOKUP(C65,'PRECIOS IDU 2025'!$A$1:$E$3189,3,FALSE) -> M2 | G65: 511.23
C66: 3867 | D66: 2019 | E66: =+VLOOKUP(C66,'PRECIOS IDU 2025'!$A$1:$E$3189,2,FALSE) -> RIEGO DE LIGA CON EMULSION ASFALTICA CRR-2 (SUMINISTRO, BARRIDO SUPERFICIE Y RIEGO MECANICO) | F66: =+VLOOKUP(C66,'PRECIOS IDU 2025'!$A$1:$E$3189,3,FALSE) -> M2 | G66: 511.23
C67: 3841 | D67: 2020 | E67: =+VLOOKUP(C67,'PRECIOS IDU 2025'!$A$1:$E$3189,2,FALSE) -> MEZCLA DENSA EN CALIENTE MD20 ASFALTO 80-100 (SUMINISTRO, EXTENDIDO, NIVELACIÓN Y COMPACTACIÓN MECANICA) | F67: =+VLOOKUP(C67,'PRECIOS IDU 2025'!$A$1:$E$3189,3,FALSE) -> M3 | G67: 10
C68: 6313 | D68: 2021 | E68: =+VLOOKUP(C68,'PRECIOS IDU 2025'!$A$1:$E$3189,2,FALSE) -> MEZCLA ASFÁLTICA DENSA EN CALIENTE MD12 CON CEMENTO ASFÁLTICO 60-70 (SUMINISTRO, EXTENDIDO, NIVELACIÓN Y COMPACTACIÓN MECANICA CON VIBROCOMPACTADOR Y COMPACTADOR DE LLANTAS) | F68: =+VLOOKUP(C68,'PRECIOS IDU 2025'!$A$1:$E$3189,3,FALSE) -> M3 | G68: 575.13
C69: 4712 | D69: 2022 | E69: =+VLOOKUP(C69,'PRECIOS IDU 2025'!$A$1:$E$3189,2,FALSE) -> MEZCLA ASFALTICA CON ASFALTO CAUCHO (SUMINISTRO, EXTENDIDO, NIVELACIÓN Y COMPACTACIÓN MECANICA) | F69: =+VLOOKUP(C69,'PRECIOS IDU 2025'!$A$1:$E$3189,3,FALSE) -> M3 | G69: 191.71
C70: 4522 | D70: 2023 | E70: PERFORACIONES EN SECO DE 3" CON PROFUNDIDAD DE 1 METRO (INCLUYE AHOYADOR HIDRÁULICO DE ALTA RESISTENCIA, JUEGO DE BROCAS, OPERARIO Y COMBUSTIBLE) | F70: UN | G70: 100
C71: 4523 | D71: 2024 | E71: INYECCIÓN DE CAL COMERCIAL AL 6% EN PERFORACIONES EN SECO DE 3" CON COMPACTACIÓN MANUAL DE IMPACTO PARA PROFUNDIDAD DE 1 METRO. (INCLUYE CAL COMERCIAL AL 6%). | F71: UN | G71: 100
C72: 6425 | D72: 2025 | E72: =+VLOOKUP(C72,'PRECIOS IDU 2025'!$A$1:$E$3189,2,FALSE) -> GEOCOMPUESTO PARA DRENAJE, CONFORMADO POR GEODREN (RED DRENANTE DE POLIETILENO DE ALTA DENSIDAD PEAD-HDPE Y GEOTEXTIL NO TEJIDO) CON ALTURA DE 1.0 M Y TUBERIA FLEXIBLE CORRUGADA DE DRENAJE CON DIAMETRO DE 100 MM. (INCLUYE COLOCACION BASE GRANULAR CLASE C). | F72: =+VLOOKUP(C72,'PRECIOS IDU 2025'!$A$1:$E$3189,3,FALSE) -> ML | G72: 100
C73: 6219 | D73: 2026 | E73: =+VLOOKUP(C73,'PRECIOS IDU 2025'!$A$1:$E$3189,2,FALSE) -> TRATAMIENTO SILVICULTURAL PODA DE RAÍCES (INCLUYE EXCAVACIÓN MANUAL, CORTE, CICATRIZACIÓN Y DISPOSICIÓN FINAL DE ESCOMBROS A 28 KILÓMETROS) | F73: =+VLOOKUP(C73,'PRECIOS IDU 2025'!$A$1:$E$3189,3,FALSE) -> UN | G73: 50
C74: 3. RECONSTRUCCION - REHABILITACION VIA PAVIMENTO RIGIDO
C75: 3007 | D75: 3001 | E75: =+VLOOKUP(C75,'PRECIOS IDU 2025'!$A$1:$E$3189,2,FALSE) -> REPLANTEO GENERAL | F75: =+VLOOKUP(C75,'PRECIOS IDU 2025'!$A$1:$E$3189,3,FALSE) -> M2 | G75: 10
C76: 3811 | D76: 3002 | E76: =+VLOOKUP(C76,'PRECIOS IDU 2025'!$A$1:$E$3189,2,FALSE) -> CORTE DE PAVIMENTO - INCLUYE EQUIPO: CORTADORA DE CONCRETO INCLUYE OPERARIO Y COMBUSTIBLE. INCLUYE DISCO DIAMANTADO ASFALTO-CONCRETO 350 MM, AGUA Y MANO DE OBRA | F76: =+VLOOKUP(C76,'PRECIOS IDU 2025'!$A$1:$E$3189,3,FALSE) -> ML | G76: 10
C77: 3010 | D77: 3003 | E77: =+VLOOKUP(C77,'PRECIOS IDU 2025'!$A$1:$E$3189,2,FALSE) -> DEMOLICION PAVIMENTO ASFALTICO (INCLUYE CARGUE). NO INCLUYE TRANSPORTE Y DISPOSICIÓN FINAL DE SOBRANTES. | F77: =+VLOOKUP(C77,'PRECIOS IDU 2025'!$A$1:$E$3189,3,FALSE) -> M3 | G77: 10
C78: 3486 | D78: 3004 | E78: =+VLOOKUP(C78,'PRECIOS IDU 2025'!$A$1:$E$3189,2,FALSE) -> DEMOLICIÓN CONCRETO ESTRUCTURAL (INCLUYE CARGUE MANUAL). NO INCLUYE TRANSPORTE Y DISPOSICIÓN FINAL DE SOBRANTES. | F78: =+VLOOKUP(C78,'PRECIOS IDU 2025'!$A$1:$E$3189,3,FALSE) -> M3 | G78: 10
C79: 3710 | D79: 3005 | E79: =+VLOOKUP(C79,'PRECIOS IDU 2025'!$A$1:$E$3189,2,FALSE) -> EXCAVACIÓN MECÁNICA EN MATERIAL COMÚN (INCLUYE CARGUE) | F79: =+VLOOKUP(C79,'PRECIOS IDU 2025'!$A$1:$E$3189,3,FALSE) -> M3 | G79: 10
C80: 3464 | D80: 3006 | E80: =+VLOOKUP(C80,'PRECIOS IDU 2025'!$A$1:$E$3189,2,FALSE) -> EXCAVACION MANUAL EN MATERIAL COMUN. INCLUYE CARGUE. | F80: =+VLOOKUP(C80,'PRECIOS IDU 2025'!$A$1:$E$3189,3,FALSE) -> M3 | G80: 10
C81: 3017 | D81: 3007 | E81: =+VLOOKUP(C81,'PRECIOS IDU 2025'!$A$1:$E$3189,2,FALSE) -> TRANSPORTE Y DISPOSICIÓN FINAL DE ESCOMBROS EN SITIO AUTORIZADO (DISTANCIA DE TRANSPORTE 21 KM). A DISTANCIA MAYOR DEL ACARREO LIBRE (90 M) EN SITIO AUTORIZADO POR LA ENTIDAD AMBIENTAL COMPETENTE. | F81: =+VLOOKUP(C81,'PRECIOS IDU 2025'!$A$1:$E$3189,3,FALSE) -> M3 | G81: 10
C82: 3800 | D82: 3008 | E82: =+VLOOKUP(C82,'PRECIOS IDU 2025'!$A$1:$E$3189,2,FALSE) -> NIVELACION Y COMPACTACIÓN DE SUBRASANTE | F82: =+VLOOKUP(C82,'PRECIOS IDU 2025'!$A$1:$E$3189,3,FALSE) -> M2 | G82: 10
C83: 10016 | D83: 3009 | E83: =+VLOOKUP(C83,'PRECIOS IDU 2025'!$A$1:$E$3189,2,FALSE) -> ESTABILIZACION O MEJORAMIENTO DE SUBRASANTE CON RAJON = 6" A 12" (15 - 30 cm) Y SELLO CON SUBBASE GRANULAR CLASE C - Gr1 (SBGC_Gr1). INCLUYE (SUMINISTRO, EXTENDIDO, NIVELACION Y COMPACTACIÓN MECANICA CON EXCAVADORA MEDIANA SOBRE ORUGAS Y RODILLO VIBROCOMPACTADOR TANDEM (2,5 - 3,0 TON), TRANSPORTE DEL RAJON Y SELLO HASTA 21 KM) | F83: =+VLOOKUP(C83,'PRECIOS IDU 2025'!$A$1:$E$3189,3,FALSE) -> M3 | G83: 10
C84: 4015 | D84: 3011 | E84: =+VLOOKUP(C84,'PRECIOS IDU 2025'!$A$1:$E$3189,2,FALSE) -> GEOTEXTIL NO TEJIDO CON RESISTENCIA A LA TENSION GRAB: ENTRE 850 N Y 980 N. PARA SEPARACION SUBRASANTE/CAPAS GRANULARES. (INCLUYE SUMINISTRO E INSTALACION). | F84: =+VLOOKUP(C84,'PRECIOS IDU 2025'!$A$1:$E$3189,3,FALSE) -> M2 | G84: 10
C85: 4034 | D85: 3012 | E85: =+VLOOKUP(C85,'PRECIOS IDU 2025'!$A$1:$E$3189,2,FALSE) -> GEOTEXTIL TEJIDO CON RESISTENCIA A LA TENSION METODO TIRA ANCHA SENTIDO LONGITUDINAL: ENTRE 90 KN/M Y 110 KN/M. PARA SEPARACION SUBRASANTE/CAPAS GRANULARES. (INCLUYE SUMINISTRO E INSTALACION). | F85: =+VLOOKUP(C85,'PRECIOS IDU 2025'!$A$1:$E$3189,3,FALSE) -> M2 | G85: 10
C86: 4160 | D86: 3013 | E86: =+VLOOKUP(C86,'PRECIOS IDU 2025'!$A$1:$E$3189,2,FALSE) -> SUBBASE GRANULAR CLASE B (SBG_B) (SUMINISTRO, EXTENDIDO, NIVELACIÓN, HUMEDECIMIENTO Y COMPACTACIÓN CON VIBROCOMPACTADOR) | F86: =+VLOOKUP(C86,'PRECIOS IDU 2025'!$A$1:$E$3189,3,FALSE) -> M3 | G86: 1
... C99: 5404 | D99: 3028 | E99: =+VLOOKUP(C99,'PRECIOS IDU 2025'!$A$1:$E$3189,2,FALSE) -> CANASTILLA PASAJUNTAS (INCLUYE SUMINISTRO Y FIJACIÓN) | F99: =+VLOOKUP(C99,'PRECIOS IDU 2025'!$A$1:$E$3189,3,FALSE) -> KG | G99: 10
C100: 4. MANTENIMIENTO RUTINARIO-PERIODICO VIA PAVIMENTO FLEXIBLE
C101: 3007 | D101: 4001 | E101: =+VLOOKUP(C101,'PRECIOS IDU 2025'!$A$1:$E$3189,2,FALSE) -> REPLANTEO GENERAL | F101: =+VLOOKUP(C101,'PRECIOS IDU 2025'!$A$1:$E$3189,3,FALSE) -> M2 | G101: 186.7
C102: 3811 | D102: 4002 | E102: =+VLOOKUP(C102,'PRECIOS IDU 2025'!$A$1:$E$3189,2,FALSE) -> CORTE DE PAVIMENTO - INCLUYE EQUIPO: CORTADORA DE CONCRETO INCLUYE OPERARIO Y COMBUSTIBLE. INCLUYE DISCO DIAMANTADO ASFALTO-CONCRETO 350 MM, AGUA Y MANO DE OBRA | F102: =+VLOOKUP(C102,'PRECIOS IDU 2025'!$A$1:$E$3189,3,FALSE) -> ML | G102: 11.1
C103: 3010 | D103: 4003 | E103: =+VLOOKUP(C103,'PRECIOS IDU 2025'!$A$1:$E$3189,2,FALSE) -> DEMOLICION PAVIMENTO ASFALTICO (INCLUYE CARGUE). NO INCLUYE TRANSPORTE Y DISPOSICIÓN FINAL DE SOBRANTES. | F103: =+VLOOKUP(C103,'PRECIOS IDU 2025'!$A$1:$E$3189,3,FALSE) -> M3 | G103: 6.73
C104: 3710 | D104: 4004 | E104: =+VLOOKUP(C104,'PRECIOS IDU 2025'!$A$1:$E$3189,2,FALSE) -> EXCAVACIÓN MECÁNICA EN MATERIAL COMÚN (INCLUYE CARGUE) | F104: =+VLOOKUP(C104,'PRECIOS IDU 2025'!$A$1:$E$3189,3,FALSE) -> M3 | G104: 143.76
C105: 3464 | D105: 4005 | E105: =+VLOOKUP(C105,'PRECIOS IDU 2025'!$A$1:$E$3189,2,FALSE) -> EXCAVACION MANUAL EN MATERIAL COMUN. INCLUYE CARGUE. | F105: =+VLOOKUP(C105,'PRECIOS IDU 2025'!$A$1:$E$3189,3,FALSE) -> M3 | G105: 7.19
C106: 3017 | D106: 4006 | E106: =+VLOOKUP(C106,'PRECIOS IDU 2025'!$A$1:$E$3189,2,FALSE) -> TRANSPORTE Y DISPOSICIÓN FINAL DE ESCOMBROS EN SITIO AUTORIZADO (DISTANCIA DE TRANSPORTE 21 KM). A DISTANCIA MAYOR DEL ACARREO LIBRE (90 M) EN SITIO AUTORIZADO POR LA ENTIDAD AMBIENTAL COMPETENTE. | F106: =+VLOOKUP(C106,'PRECIOS IDU 2025'!$A$1:$E$3189,3,FALSE) -> M3 | G106: 204.98
C107: 3800 | D107: 4007 | E107: =+VLOOKUP(C107,'PRECIOS IDU 2025'!$A$1:$E$3189,2,FALSE) -> NIVELACION Y COMPACTACIÓN DE SUBRASANTE | F107: =+VLOOKUP(C107,'PRECIOS IDU 2025'!$A$1:$E$3189,3,FALSE) -> M2 | G107: 186.7
C108: 5843 | D108: 4008 | E108: =+VLOOKUP(C108,'PRECIOS IDU 2025'!$A$1:$E$3189,2,FALSE) -> GEOMALLA BIAXIAL PARA EL CONTROL DEL REFLEJO DE AGRIETAMIENTO EN CAPAS DE CONCRETO ASFALTICO, CON MODULO DE TENSION CICLICA MINIMO DE 2340 KN/M. (INCLUYE SUMINISTRO E INSTALACION). | F108: =+VLOOKUP(C108,'PRECIOS IDU 2025'!$A$1:$E$3189,3,FALSE) -> M2 | G108: 186.7
C109: 3864 | D109: 4009 | E109: =+VLOOKUP(C109,'PRECIOS IDU 2025'!$A$1:$E$3189,2,FALSE) -> IMPRIMACION CON EMULSION ASFALTICA CRL-0 (SUMINISTRO, BARRIDO SUPERFICIE Y RIEGO MECANICO) | F109: =+VLOOKUP(C109,'PRECIOS IDU 2025'!$A$1:$E$3189,3,FALSE) -> M2 | G109: 186.7
C110: 3867 | D110: 4010 | E110: =+VLOOKUP(C110,'PRECIOS IDU 2025'!$A$1:$E$3189,2,FALSE) -> RIEGO DE LIGA CON EMULSION ASFALTICA CRR-2 (SUMINISTRO, BARRIDO SUPERFICIE Y RIEGO MECANICO) | F110: =+VLOOKUP(C110,'PRECIOS IDU 2025'!$A$1:$E$3189,3,FALSE) -> M2 | G110: 9.34
C111: 6313 | D111: 4012 | E111: =+VLOOKUP(C111,'PRECIOS IDU 2025'!$A$1:$E$3189,2,FALSE) -> MEZCLA ASFÁLTICA DENSA EN CALIENTE MD12 CON CEMENTO ASFÁLTICO 60-70 (SUMINISTRO, EXTENDIDO, NIVELACIÓN Y COMPACTACIÓN MECANICA CON VIBROCOMPACTADOR Y COMPACTADOR DE LLANTAS) | F111: =+VLOOKUP(C111,'PRECIOS IDU 2025'!$A$1:$E$3189,3,FALSE) -> M3 | G111: 15.68
C112: 4712 | D112: 4013 | E112: =+VLOOKUP(C112,'PRECIOS IDU 2025'!$A$1:$E$3189,2,FALSE) -> MEZCLA ASFALTICA CON ASFALTO CAUCHO (SUMINISTRO, EXTENDIDO, NIVELACIÓN Y COMPACTACIÓN MECANICA) | F112: =+VLOOKUP(C112,'PRECIOS IDU 2025'!$A$1:$E$3189,3,FALSE) -> M3 | G112: 6.72
... C116: 3724 | D116: 4017 | E116: =+VLOOKUP(C116,'PRECIOS IDU 2025'!$A$1:$E$3189,2,FALSE) -> LIMPIEZA DE SUMIDEROS (INCLUYE CARGUE, RETIRO Y DISPOSICIÓN FINAL DE SOBRANTES) | F116: =+VLOOKUP(C116,'PRECIOS IDU 2025'!$A$1:$E$3189,3,FALSE) -> UN | G116: 1
C117: 5. MANTENIMIENTO RUTINARIO-PERIODICO VIA PAVIMENTO RIGIDO
C118: 3007 | D118: 5001 | E118: =+VLOOKUP(C118,'PRECIOS IDU 2025'!$A$1:$E$3189,2,FALSE) -> REPLANTEO GENERAL | F118: =+VLOOKUP(C118,'PRECIOS IDU 2025'!$A$1:$E$3189,3,FALSE) -> M2 | G118: 5
C119: 3010 | D119: 5003 | E119: =+VLOOKUP(C119,'PRECIOS IDU 2025'!$A$1:$E$3189,2,FALSE) -> DEMOLICION PAVIMENTO ASFALTICO (INCLUYE CARGUE). NO INCLUYE TRANSPORTE Y DISPOSICIÓN FINAL DE SOBRANTES. | F119: =+VLOOKUP(C119,'PRECIOS IDU 2025'!$A$1:$E$3189,3,FALSE) -> M3 | G119: 5
C120: 3486 | D120: 5004 | E120: =+VLOOKUP(C120,'PRECIOS IDU 2025'!$A$1:$E$3189,2,FALSE) -> DEMOLICIÓN CONCRETO ESTRUCTURAL (INCLUYE CARGUE MANUAL). NO INCLUYE TRANSPORTE Y DISPOSICIÓN FINAL DE SOBRANTES. | F120: =+VLOOKUP(C120,'PRECIOS IDU 2025'!$A$1:$E$3189,3,FALSE) -> M3 | G120: 5
C121: 3017 | D121: 5007 | E121: =+VLOOKUP(C121,'PRECIOS IDU 2025'!$A$1:$E$3189,2,FALSE) -> TRANSPORTE Y DISPOSICIÓN FINAL DE ESCOMBROS EN SITIO AUTORIZADO (DISTANCIA DE TRANSPORTE 21 KM). A DISTANCIA MAYOR DEL ACARREO LIBRE (90 M) EN SITIO AUTORIZADO POR LA ENTIDAD AMBIENTAL COMPETENTE. | F121: =+VLOOKUP(C121,'PRECIOS IDU 2025'!$A$1:$E$3189,3,FALSE) -> M3 | G121: 5
C122: 3800 | D122: 5008 | E122: =+VLOOKUP(C122,'PRECIOS IDU 2025'!$A$1:$E$3189,2,FALSE) -> NIVELACION Y COMPACTACIÓN DE SUBRASANTE | F122: =+VLOOKUP(C122,'PRECIOS IDU 2025'!$A$1:$E$3189,3,FALSE) -> M2 | G122: 5
C123: 3864 | D123: 5009 | E123: =+VLOOKUP(C123,'PRECIOS IDU 2025'!$A$1:$E$3189,2,FALSE) -> IMPRIMACION CON EMULSION ASFALTICA CRL-0 (SUMINISTRO, BARRIDO SUPERFICIE Y RIEGO MECANICO) | F123: =+VLOOKUP(C123,'PRECIOS IDU 2025'!$A$1:$E$3189,3,FALSE) -> M2 | G123: 5
C124: 3867 | D124: 5010 | E124: =+VLOOKUP(C124,'PRECIOS IDU 2025'!$A$1:$E$3189,2,FALSE) -> RIEGO DE LIGA CON EMULSION ASFALTICA CRR-2 (SUMINISTRO, BARRIDO SUPERFICIE Y RIEGO MECANICO) | F124: =+VLOOKUP(C124,'PRECIOS IDU 2025'!$A$1:$E$3189,3,FALSE) -> M2 | G124: 5
C125: 6313 | D125: 5012 | E125: =+VLOOKUP(C125,'PRECIOS IDU 2025'!$A$1:$E$3189,2,FALSE) -> MEZCLA ASFÁLTICA DENSA EN CALIENTE MD12 CON CEMENTO ASFÁLTICO 60-70 (SUMINISTRO, EXTENDIDO, NIVELACIÓN Y COMPACTACIÓN MECANICA CON VIBROCOMPACTADOR Y COMPACTADOR DE LLANTAS) | F125: =+VLOOKUP(C125,'PRECIOS IDU 2025'!$A$1:$E$3189,3,FALSE) -> M3 | G125: 5
C126: 4712 | D126: 5013 | E126: =+VLOOKUP(C126,'PRECIOS IDU 2025'!$A$1:$E$3189,2,FALSE) -> MEZCLA ASFALTICA CON ASFALTO CAUCHO (SUMINISTRO, EXTENDIDO, NIVELACIÓN Y COMPACTACIÓN MECANICA) | F126: =+VLOOKUP(C126,'PRECIOS IDU 2025'!$A$1:$E$3189,3,FALSE) -> M3 | G126: 5
C127: 3708 | D127: 5014 | E127: =+VLOOKUP(C127,'PRECIOS IDU 2025'!$A$1:$E$3189,2,FALSE) -> ACERO DE REFUERZO FY=60000 PSI. SUMINISTRO E INSTALACIÓN. DE ACUERDO A LO ESTIPULADO POR LA NSR-10, NORMA ASTM A-706, ICONTEC 2289 PARA EL ACERO PDR-60. INCLUYE TODOS LOS COSTOS DE SUMINISTRO DE MATERIALES (REFUERZO (G60) FIGURADO, CORRUGADO, INCLUYE EL ALAMBRE DE AMARRE), EQUIPOS, TRANSPORTES, MANEJO, ALMACENAMIENTO, DESPERDICIOS Y MANO DE OBRA. | F127: =+VLOOKUP(C127,'PRECIOS IDU 2025'!$A$1:$E$3189,3,FALSE) -> KG | G127: 5
C128: 4959 | D128: 5015 | E128: =+VLOOKUP(C128,'PRECIOS IDU 2025'!$A$1:$E$3189,2,FALSE) -> ACERO LISO PARA TRANSFERENCIA DE LOSAS D= 1 1/4" (NO INCLUYE CANASTILLA). SUMINISTRO E INSTALACIÓN. | F128: =+VLOOKUP(C128,'PRECIOS IDU 2025'!$A$1:$E$3189,3,FALSE) -> KG | G128: 5
...

Sheet AIU FLDT
B1: MATRIZ PARA CÁLCULO DE AIU
B5: EJECUTAR A MONTO AGOTABLE Y POR EL SISTEMA DE PRECIOS UNITARIOS, MEDIANTE BRIGADAS DE MANTENIMIENTO, ACTIVIDADES PUNTUALES PARA LA ATENCIÓN DE DAÑOS EN LA MALLA VIAL LOCAL E INTERMEDIA Y EN EL ESPACIO PÚBLICO DE LA LOCALIDAD DE TUNJUELITO, BOGOTÁ D.C.
C7: COSTO DIRECTO ESTIMADO DE OBRA (CD) | D7: 1.4999069e+09 | G7: FECHA: | H7: 46236
C8: TERMINO ESTIMADO DE EJECUCIÓN DE OBRA | D8: 4 | E8: MESES | G8: CONTRATO No.
B12: ITEM | C12: A. ADMINISTRACIÓN
C13: 1. COSTOS MENSUALES DE PERSONAL
C14: CARGO | D14: CANTIDAD | E14: CATEGORÍA | F14: Dedicación /Mes | G14: TOPE SALARIO MES | H14: FACTOR PRESTACIONAL | I14: No. MESES | J14: SALARIO + PRESTACIONES
D15: A | F15: B | G15: C | H15: D | I15: E | J15: F=A*B*C*D*E
B16: 1.1 | C16: PERSONAL PROFESIONAL (Ingenieros y otros)
A17: 9110 | B17: =+B16+0.001 -> 1.101 | C17: DIRECTOR DE OBRA | D17: 1 | E17: 4 | F17: 0.3 | G17: =+VLOOKUP(A17,'PRECIOS INSUMOS IDU 2025'!$A$1:$E$2794,4,FALSE) -> 9522000 | H17: =+'CÁLCULO FACTOR MULTIPLICADOR'!$D$25 -> 1.58 | I17: =+$D$8 -> 4 | J17: =ROUND(D17*F17*G17*H17*I17,0) -> 18053712
A18: 9112 | B18: =+B17+0.001 -> 1.102 | C18: INGENIERO RESIDENTE DE OBRA | D18: 1 | E18: 6 | F18: 1 | G18: =+VLOOKUP(A18,'PRECIOS INSUMOS IDU 2025'!$A$1:$E$2794,4,FALSE) -> 7659000 | H18: =+'CÁLCULO FACTOR MULTIPLICADOR'!$D$25 -> 1.58 | I18: =+$D$8 -> 4 | J18: =ROUND(D18*F18*G18*H18*I18,0) -> 48404880
A19: 9110 | B19: =+B18+0.001 -> 1.103 | C19: ESPECIALISTA EN GEOTECNIA Y PAVIMENTOS | D19: 1 | E19: 4 | F19: 0.5 | G19: =+VLOOKUP(A19,'PRECIOS INSUMOS IDU 2025'!$A$1:$E$2794,4,FALSE) -> 9522000 | H19: =+'CÁLCULO FACTOR MULTIPLICADOR'!$D$25 -> 1.58 | I19: =+$D$8 -> 4 | J19: =ROUND(D19*F19*G19*H19*I19,0) -> 30089520
A20: 9112 | B20: =+B19+0.001 -> 1.104 | C20: PROFESIONAL AMBIENTAL | D20: 1 | E20: 6 | F20: 0.2 | G20: =+VLOOKUP(A20,'PRECIOS INSUMOS IDU 2025'!$A$1:$E$2794,4,FALSE) -> 7659000 | H20: =+'CÁLCULO FACTOR MULTIPLICADOR'!$D$25 -> 1.58 | I20: =+$D$8 -> 4 | J20: =ROUND(D20*F20*G20*H20*I20,0) -> 9680976
A21: 9112 | B21: =+B20+0.001 -> 1.105 | C21: PROFESIONAL EN SEGURIDAD Y SALUD EN EL TRABAJO | D21: 1 | E21: 6 | F21: 0.5 | G21: =+VLOOKUP(A21,'PRECIOS INSUMOS IDU 2025'!$A$1:$E$2794,4,FALSE) -> 7659000 | H21: =+'CÁLCULO FACTOR MULTIPLICADOR'!$D$25 -> 1.58 | I21: =+$D$8 -> 4 | J21: =ROUND(D21*F21*G21*H21*I21,0) -> 24202440
A22: 9112 | B22: =+B21+0.001 -> 1.106 | C22: PROFESIONAL SOCIAL | D22: 1 | E22: 6 | F22: 0.3 | G22: =+VLOOKUP(A22,'PRECIOS INSUMOS IDU 2025'!$A$1:$E$2794,4,FALSE) -> 7659000 | H22: =+'CÁLCULO FACTOR MULTIPLICADOR'!$D$25 -> 1.58 | I22: =+$D$8 -> 4 | J22: =ROUND(D22*F22*G22*H22*I22,0) -> 14521464
A23: 9110 | B23: =+B22+0.001 -> 1.107 | C23: ESPECIALISTA EN TRÁNSITO Y TRANSPORTE | D23: 1 | E23: 4 | F23: 0.5 | G23: =+VLOOKUP(A23,'PRECIOS INSUMOS IDU 2025'!$A$1:$E$2794,4,FALSE) -> 9522000 | H23: =+'CÁLCULO FACTOR MULTIPLICADOR'!$D$25 -> 1.58 | I23: =+$D$8 -> 4 | J23: =ROUND(D23*F23*G23*H23*I23,0) -> 30089520
B25: 1.2 | C25: PERSONAL TÉCNICO Y PERSONAL AUXILIAR
A26: 9093 | B26: 1.202 | C26: TARIFA MES - PERSONAL TÉCNICO - INSPECTOR 1 (No incluye Factor de Prestaciones) | D26: 2 | E26: N/A | F26: 1 | G26: =+VLOOKUP(A26,'PRECIOS INSUMOS IDU 2025'!$A$1:$E$2794,4,FALSE) -> 2718000 | H26: =+'CÁLCULO FACTOR MULTIPLICADOR'!$D$25 -> 1.58 | I26: =+$D$8 -> 4 | J26: =ROUND(D26*F26*G26*H26*I26,0) -> 34355520
A27: 9088 | B27: 1.203 | C27: TARIFA MES - PERSONAL TÉCNICO - TOPÓGRAFO INSPECTOR (No incluye Factor de Prestaciones) | D27: 1 | E27: N/A | F27: 0.5 | G27: =+VLOOKUP(A27,'PRECIOS INSUMOS IDU 2025'!$A$1:$E$2794,4,FALSE) -> 3736000 | H27: =+'CÁLCULO FACTOR MULTIPLICADOR'!$D$25 -> 1.58 | I27: =+$D$8 -> 4 | J27: =ROUND(D27*F27*G27*H27*I27,0) -> 11805760
C29: SUBTOTAL COSTOS MENSUALES DE PERSONAL | J29: =SUM(J17:J28) -> 221203792
B31: 2 | C31: GASTOS OPERACIONALES MENSUALES | D31: CANTIDAD | E31: AREA (M2) | F31: Dedicación /Mes | G31: DEDICACIÓN X AREA (M2) | H31: COSTO ($/M2.MES) | I31: No. MESES | J31: VALOR ($)
A32: 9576 | B32: 2.01 | C32: =+VLOOKUP(A32,'PRECIOS INSUMOS IDU 2025'!$A$1:$E$2794,2,FALSE) -> TARIFA MES - ARRIENDO OFICINA INCL. ADMINISTRACIÓN, SERVICIOS PÚBLICOS, COMUNICACIONES | D32: 1 | E32: 50 | F32: 1 | G32: =+E32*F32 -> 50 | H32: =+VLOOKUP(A32,'PRECIOS INSUMOS IDU 2025'!$A$1:$E$2794,4,FALSE) -> 55270 | I32: =+$D$8 -> 4 | J32: =+G32*H32*I32 -> 11054000
A33: 9578 | B33: 2.02 | C33: =+VLOOKUP(A33,'PRECIOS INSUMOS IDU 2025'!$A$1:$E$2794,2,FALSE) -> TARIFA MES - GASTOS OFICINA (PAPELERIA, FOTOCOPIAS Y OTROS) | D33: 1 | E33: N/A | F33: 0.5 | G33: N/A | H33: =+VLOOKUP(A33,'PRECIOS INSUMOS IDU 2025'!$A$1:$E$2794,4,FALSE) -> 1260967 | I33: =+$D$8 -> 4 | J33: =+F33*H33*I33 -> 2521934
A34: 9117 | B34: 2.03 | C34: =+VLOOKUP(A34,'PRECIOS INSUMOS IDU 2025'!$A$1:$E$2794,2,FALSE) -> TARIFA MES - EQUIPO COMPLETO DE LABORATORIO - ESTUDIOS | D34: 1 | E34: N/A | F34: 0.3 | G34: N/A | H34: =+VLOOKUP(A34,'PRECIOS INSUMOS IDU 2025'!$A$1:$E$2794,4,FALSE) -> 7732000 | I34: 4 | J34: =+F34*H34*I34 -> 9278400
A35: 12782 | B35: 2.04 | C35: =+VLOOKUP(A35,'PRECIOS INSUMOS IDU 2025'!$A$1:$E$2794,2,FALSE) -> TARIFA MES - ALQUILER DE VEHICULO MES: CAMPERO, PICK-UP, CAMIONETA, CAMION O SIMILAR DE 1300cc A 2000cc DE CILINDRADA, MODELO 2022 A 2019. 80% DE LA TARIFA ESTABLECIDA. INCLUYE TODOS LOS COSTOS DE OPERACIÓN Y MANTENIMIENTO EXCEPTO EL SALARIO DEL CONDUCTOR. | D35: 1 | E35: N/A | F35: 1 | G35: N/A | H35: =+VLOOKUP(A35,'PRECIOS INSUMOS IDU 2025'!$A$1:$E$2794,4,FALSE) -> 6997000 | I35: 4 | J35: =+F35*H35*I35 -> 27988000
A36: 9575 | B36: 2.05 | C36: =+VLOOKUP(A36,'PRECIOS INSUMOS IDU 2025'!$A$1:$E$2794,2,FALSE) -> TARIFA MES - PERSONAL TÉCNICO - CELADOR ARMADO (24 horas por 30 dias dividos en 3 turnos de 8 horas diarias. Incluye prestaciones de ley, Administraciòn y servicios). | D36: 2 | E36: N/A | F36: 0.6 | G36: N/A | H36: 12320209 | I36: 4 | J36: =+F36*H36*I36*D36 -> 59137003
A37: 13420 | B37: 2.06 | C37: =+VLOOKUP(A37,'PRECIOS INSUMOS IDU 2025'!$A$1:$E$2794,2,FALSE) -> EQUIPO DE TOPOGRAFÍA. ESTACION TOTAL, Precisión lineal ≤ (2 mm + 2 ppm x D), precisión angular ≤ 3". Alcance: con un prisma hasta 2000 metros en buenas condiciones. (Accesorios: Trípodes, bastones, prismas, cintas metálicas, baterías, entre otros). Y NIVEL electrónico o automático óptico (lectura de 3 hilos), los diámetros mínimos de los objetivos en centímetros (cm) serán 2.5 a 4.5, sensibilidad del nivel 60" a 30", aumento ≥ 28x, precisión instrumental (mm/km) ≤ 1.5. (Accesorios: Trípode y miras patronadas y/o en buen estado). Incluye todos los accesorios. TARIFA MES | D37: 2 | E37: N/A | F37: 0.6 | G37: N/A | H37: =+VLOOKUP(A37,'PRECIOS INSUMOS IDU 2025'!$A$1:$E$2794,4,FALSE) -> 2856000 | I37: 4 | J37: =+F37*H37*I37 -> 6854400
A38: 4988 | B38: 2.07 | C38: MOVILIZACIÓN DE EQUIPO DESDE LA OBRA HASTA SITIO AUTORIZADO EN CUMPLIMIENTO DEL PMT DENTRO DEL AREA DE INFLUENCIA DE LA OBRA (INCLUYE CARGUE, DESCARGUE Y CARROS ESCOLTA). EL VIAJE ES IDA Y VUELTA. | D38: 14 | E38: N/A | F38: 1 | G38: N/A | H38: 1840000 | I38: 4 | J38: =+F38*H38*I38 -> 7360000
C39: SUBTOTAL GASTOS OPERACIONALES | J39: =SUM(J32:J38) -> 1.2419374e+08
C40: COSTOS MENSUALES DE PERSONAL + GASTOS OPERACIONALES MENSUALES | J40: =+J29+J39 -> 3.4539753e+08
C41: COSTOS MENSUALES DE PERSONAL + GASTOS OPERACIONALES MENSUALES EN PORCENTAJE DEL COSTO DIRECTO | J41: =+ROUND(J40/D7,2) -> 0.23
B43: 3 | C43: IMPUESTOS Y GARANTIAS
B44: 3.1 | C44: IMPUESTOS
B45: ITEM | C45: DESCRIPCIÓN | I45: IMPUESTO | J45: VALOR ($)
B46: 3.101 | C46: Contribución Especial (Impuesto de Guerra Ley 1738 DIC18-2014 prorroga 4 años) | I46: 0.05 | J46: =+D7*I46 -> 74995344
B47: 3.102 | C47: ICA (Ley 14 6jul1983, Res 265 13abr2021) | E47: Mes | F47: =+#REF! -> #REF! | G47: 1 | H47: =F47*G47 -> #REF! | I47: 0.00712 | J47: =+D7*I47 -> 10679337
B48: 3.103 | C48: GMF (Ley 1739 23dic2014 modifica el Estatuto Tributario) | I48: 0.004 | J48: =+D7*I48 -> 5999627.5
B49: 3.104 | C49: Estampilla Universidad Pedagogica (Dec. 584 de 19 Dic 2014) | I49: 0.005 | J49: =+D7*I49 -> 7499534.4
B50: 3.104 | C50: Timbre | I50: 0.005 | J50: =+D7*I50 -> 7499534.4
C51: SUBTOTAL IMPUESTOS | J51: =SUM(J46:J50) -> 1.0667338e+08
B53: 3.2 | C53: GARANTÍAS
B54: ITEM | C54: DESCRIPCIÓN | E54: VALOR BASE | G54: % ASEGURADO | H54: VIGENCIA AMPARO (MESES) | I54: TASA ASEGURADORA | J54: VALOR ($)
B55: 3.201 | C55: CUMPLIMIENTO | D55: GARANTÍA UNICA | E55: =+$D$7 -> 1.4999069e+09 | G55: 0.1 | H55: =+D8+6 -> 10 | I55: 0.002 | J55: =ROUND((((((E55*G55)*I55)/12)*H55)+2500)*1.19,0) -> 300457
B56: 3.202 | C56: SALARIOS Y PRESTACIONES SOCIALES | E56: =+$D$7 -> 1.4999069e+09 | G56: 0.05 | H56: =+D8+36 -> 40 | I56: 0.002 | J56: =ROUND((((((E56*G56)*I56)/12)*H56)+2500)*1.19,0) -> 597938
B57: 3.203 | C57: ESTABILIDAD DE LA OBRA | E57: =+$D$7 -> 1.4999069e+09 | G57: 0.3 | H57: 60 | I57: 0.002 | J57: =ROUND((((((E57*G57)*I57)/12)*H57)+2500)*1.19,0) -> 5357643
B58: 3.204 | C58: Predios, labores y Operaciones- Vigencia (Decreto 1082 de 2015 Sección III) | D58: RESPONSABILIDAD CIVIL EXTRACONTRACTUAL | E58: 500SMMLV | G58: 1 | H58: =+$D$8 -> 4 | I58: 0.002 | J58: =+(1423500*500)*H58*I58 -> 5694000
C60: SUBTOTAL GARANTÍAS | J60: =SUM(J55:J59) -> 11950038
C62: TOTAL IMPUESTOS Y GARANTÍAS | J62: =+J51+J60 -> 1.1862342e+08
C63: 1 | J63: =+ROUND(J62/D7,2) -> 0.08
C65: A | D65: ADMINISTRACIÓN | J65: =+J41+J63 -> 0.31
C66: I | D66: IMPREVISTOS | J66: 0.01
C67: U | D67: UTILIDAD | J67: 0.05
C69: A.I.U (ADMINISTRACIÓN, IMPREVISTOS Y UTILIDAD) | J69: =SUM(J65:J67) -> 0.37
B71: NOTA: NO SE PAGARÁN CELADORES ADICIONALES, EL CONTRATISTA ACEPTA CON ESTE AIU A EJECUTAR EL PROYECTO EN ESTAS CONDICIONES.

Sheet CÁLCULO FACTOR MULTIPLICADOR
B1: CÁLCULO DEL FACTOR MULTIPLICADOR PERSONAL
E2: =+'AIU FLDT'!D8 -> 4
A4: ITEM | B4: DESCRIPCIÓN | C4: % | D4: % ACUMULADO
A5: 1 | B5: PRESTACIONES SOCIALES | D5: =SUM(C5:C10) -> 1.2183333
B6: Salarios | C6: 1
B7: Cesantías | C7: =1/12 -> 0.083333333
B8: Intereses de Cesantías | C8: 0.01
B9: Prima de servicio | C9: =1/12 -> 0.083333333
B10: Vacaciones | C10: =0.5/12 -> 0.041666667
A12: 2 | B12: SEGURIDAD SOCIAL | D12: =SUM(C12:C15) -> 0.2746
B13: Pensión | C13: 0.12
B14: Salud | C14: 0.085
B15: A.R.L. | C15: 0.0696
A17: 3 | B17: PARAFISCALES | D17: =SUM(C18:C20) -> 0.09
B18: Caja de Compensación | C18: 0.04
B19: I.C.B.F. | C19: 0.03
B20: Sena | C20: 0.02
A22: 4 | B22: COSTOS INDIRECTOS | D22: =SUM(C23:C23) -> 0
B24: TOTAL | D24: =SUM(D5:D22) -> 1.5829333
A25: FACTOR MULTIPLICADOR | D25: =ROUND((D24),2) -> 1.58

Sheet COMPONENTE AMBIENTAL
F3: FONDO DE DESARROLLO LOCAL DE TUNJUELITO
C7: OBJETO DE LA LICITACIÓN: | F7: EJECUTAR A MONTO AGOTABLE SIN FORMULA DE REAJUSTE POR EL SISTEMA DE PRECIOS UNITARIOS, LAS ACTIVIDADES PARA LA CONSERVACIÓN DE LA MALLA VIAL LOCAL E INTERMEDIA Y ESPACIO PÚBLICO EN LA LOCALIDAD DE TUNJUELITO DE LA CIUDAD DE BOGOTÁ D.C
C9: SISTEMA DE GESTIÓN AMBIENTAL, SEGURIDAD Y SALUD EN EL TRABAJO
C10: COMPONENTE A - PERSONAL
K12: EJECUCIÓN DE OBRA | N12: ='CÁLCULO FACTOR MULTIPLICADOR'!E2 -> 4 | O12: MESES
C13: EJECUCIÓN DE OBRAS
C14: ÍTEMS | H14: UN. | I14: CAT | J14: CANT | K14: DEDIC H/MES | L14: TOTAL DEDIC H/PROY | M14: TARIFA | N14: F.P | O14: TOTAL ACTIVIDAD
D15: BRIGADA DE ORDEN, ASEO Y LIMPIEZA
B16: 9455 | C16: 3 | D16: =+VLOOKUP(B16,'PRECIOS INSUMOS IDU 2025'!$A$1:$E$2794,2,FALSE) -> TARIFA MES - PERSONAL DE OBRA - AYUDANTE (NO INCLUYE FACTOR DE PRESTACIONES) | H16: =+VLOOKUP(B16,'PRECIOS INSUMOS IDU 2025'!$A$1:$E$2794,3) -> MES | I16: 3 | J16: 5 | K16: 1 | L16: =+K16*J16 -> 5 | M16: =+VLOOKUP(B16,'PRECIOS INSUMOS IDU 2025'!$A$1:$E$2794,4) -> 1750905 | N16: ='CÁLCULO FACTOR MULTIPLICADOR'!$D$25 -> 1.58 | O16: =ROUND(L16*M16*N16,0) -> 13832150
H17: SUBTOTAL COMPONENTE A | O17: =SUM(O15:O16) -> 13832150
C19: COMPONTE C. MANEJO DE LA VEGETACION Y DEL PAISAJE
C20: ÍTEMS | G20: ESPECIFICACIÓN | H20: UN. | I20: CANTIDAD | K20: VALOR UNITARIO | N20: VALOR TOTAL
C21: C1 | D21: MANEJO DE LA VEGETACION EXISTENTE Y DE ACTIVIDADES DE DISEÑO PAISAJISTICO
B22: 7559 | C22: 1.1 | D22: PROTECCION DE ARBOLES | G22: =+VLOOKUP(B22,'PRECIOS INSUMOS IDU 2025'!$A$1:$E$2794,2) -> TELA VERDE DE CERRAMIENTO (2.10mx250) | H22: =VLOOKUP(B22,'[115]Insumos sin EBSA'!$G$15:$J$3677,3,0) -> M2 | I22: 300 | K22: =+VLOOKUP(B22,'PRECIOS INSUMOS IDU 2025'!$A$1:$E$2794,4) -> 2763 | N22: =ROUND(I22*K22,0) -> 828900
B23: 7285 | C23: 1.2 | D23: SOPORTE MALLA | G23: =+VLOOKUP(B23,'PRECIOS INSUMOS IDU 2025'!$A$1:$E$2794,2) -> VARA DE CORREDOR 6.0 M | H23: =VLOOKUP(B23,'[115]Insumos sin EBSA'!$G$15:$J$3677,3,0) -> UN | I23: 200 | K23: =+VLOOKUP(B23,'PRECIOS INSUMOS IDU 2025'!$A$1:$E$2794,4) -> 22050 | N23: =ROUND(I23*K23,0) -> 4410000
H24: SUBTOTAL DEL COMPONENTE C | N24: =SUM(N22:O23) -> 5238900
C26: COMPONTE D. ACTIVIDADES CONSTRUCTIVAS
C27: ÍTEMS | G27: ESPECIFICACIÓN | H27: UN. | I27: CANTIDAD | K27: VALOR UNITARIO | N27: VALOR TOTAL
C28: D 1 | D28: MANEJO DE CAMPAMENTOS Y CENTROS DE ACOPIO
B29: 9290 | C29: 1.1 | D29: CANECAS PARA CAMPAMENTOS Y FRENTES DE OBRA | G29: =+VLOOKUP(B29,'PRECIOS INSUMOS IDU 2025'!$A$1:$E$2794,2) -> CANECA PLÁSTICA NEGRA DE 55 GALONES CON TAPA PLANA. | H29: =VLOOKUP(B29,'[115]Insumos sin EBSA'!$G$15:$J$3677,3,0) -> UN | I29: 4 | K29: =+VLOOKUP(B29,'PRECIOS INSUMOS IDU 2025'!$A$1:$E$2794,4) -> 142496 | N29: =ROUND(I29*K29,0) -> 569984
H30: SUBTOTAL DEL PROGRAMA | N30: =SUM(N29:N29) -> 569984
C32: D 2 | D32: MANEJO DE MATERIALES DE CONSTRUCCIÓN
B33: 7556 | C33: 2.1 | D33: PUNTO DE ACOPIO DE MATERIALES | G33: =+VLOOKUP(B33,'PRECIOS INSUMOS IDU 2025'!$A$1:$E$2794,2) -> PLASTICO NEGRO CALIBRE 6 | H33: =VLOOKUP(B33,'[115]Insumos sin EBSA'!$G$15:$J$3677,3,0) -> M2 | I33: =15*20 -> 300 | K33: =+VLOOKUP(B33,'PRECIOS INSUMOS IDU 2025'!$A$1:$E$2794,4) -> 1728 | N33: =ROUND(I33*K33,0) -> 518400
B34: 7554 | G34: =+VLOOKUP(B34,'PRECIOS INSUMOS IDU 2025'!$A$1:$E$2794,2) -> SEÑALIZACION TUBULAR COLOMBINA PLASTICA | H34: =VLOOKUP(B34,'[115]Insumos sin EBSA'!$G$15:$J$3677,3,0) -> UN | I34: 30 | K34: =+VLOOKUP(B34,'PRECIOS INSUMOS IDU 2025'!$A$1:$E$2794,4) -> 46520 | N34: =ROUND(I34*K34,0) -> 1395600
B35: 7850 | G35: =+VLOOKUP(B35,'PRECIOS INSUMOS IDU 2025'!$A$1:$E$2794,2) -> CINTA PARA SEÑALIZACION DE 500MT X 4" PELIGRO CALIBRE 3.5 | H35: =VLOOKUP(B35,'[115]Insumos sin EBSA'!$G$15:$J$3677,3,0) -> ROLLO | I35: =3*20 -> 60 | K35: =+VLOOKUP(B35,'PRECIOS INSUMOS IDU 2025'!$A$1:$E$2794,4) -> 26009 | N35: =ROUND(I35*K35,0) -> 1560540
H36: SUBTOTAL DEL PROGRAMA | N36: =SUM(N33:O35) -> 3474540
C38: D 3 | D38: MANEJO INTEGRAL DE RESIDUOS SÓLIDOS
B39: 7556 | C39: 3.1 | D39: ACOPIO TEMPORAL DE RCD EN FRENTES DE OBRA | G39: =+VLOOKUP(B39,'PRECIOS INSUMOS IDU 2025'!$A$1:$E$2794,2,FALSE) -> PLASTICO NEGRO CALIBRE 6 | H39: =VLOOKUP(B39,'[115]Insumos sin EBSA'!$G$15:$J$3677,3,0) -> M2 | I39: 100 | K39: =+VLOOKUP(B39,'PRECIOS INSUMOS IDU 2025'!$A$1:$E$2794,4) -> 1728 | N39: =+ROUND(I39*K39,0) -> 172800
B40: 7812 | C40: 3.2 | D40: KIT BRIGADA DE ASEO Y LIMPIEZA | G40: CARRETILLA RUEDA NEUMATICA PLATON METALICO CAPACIDAD CINCO PIES CUBICOS MANGO MADERA TIPO BUGGY | H40: =VLOOKUP(B40,'[115]Insumos sin EBSA'!$G$15:$J$3677,3,0) -> UN | I40: 15 | K40: 210100 | N40: =+ROUND(I40*K40,0) -> 3151500
B41: 9287 | G41: =+VLOOKUP(B41,'PRECIOS INSUMOS IDU 2025'!$A$1:$E$2794,2,FALSE) -> PALA REDONDA No. 2 CON CABO | H41: =VLOOKUP(B41,'[115]Insumos sin EBSA'!$G$15:$J$3677,3,0) -> UN | I41: 10 | K41: =+VLOOKUP(B41,'PRECIOS INSUMOS IDU 2025'!$A$1:$E$2794,4) -> 22046 | N41: =+ROUND(I41*K41,0) -> 220460
B42: 7811 | G42: =+VLOOKUP(B42,'PRECIOS INSUMOS IDU 2025'!$A$1:$E$2794,2,FALSE) -> CEPILLO INDUSTRIAL DE NYLON CON CABO DE 35CM A 42CM X 9CM X 17CM | H42: =VLOOKUP(B42,'[115]Insumos sin EBSA'!$G$15:$J$3677,3,0) -> UN | I42: 10 | K42: =+VLOOKUP(B42,'PRECIOS INSUMOS IDU 2025'!$A$1:$E$2794,4) -> 16483 | N42: =+ROUND(I42*K42,0) -> 164830
B43: 7813 | G43: =VLOOKUP(B43,'[115]Insumos sin EBSA'!$G$15:$J$3677,2,0) -> BARRA DE 18LB CON PUNTA Y PALA 150CM X 10CM | H43: =VLOOKUP(B43,'[115]Insumos sin EBSA'!$G$15:$J$3677,3,0) -> UN | I43: 10 | K43: 64260 | N43: =+ROUND(I43*K43,0) -> 642600
B44: 7814 | G44: =VLOOKUP(B44,'[115]Insumos sin EBSA'!$G$15:$J$3677,2,0) -> SERRUCHO DE 20" DIENTE ENDURECIDO | H44: =VLOOKUP(B44,'[115]Insumos sin EBSA'!$G$15:$J$3677,3,0) -> UN | I44: 10 | K44: 37900 | N44: =+ROUND(I44*K44,0) -> 379000
B45: 7815 | G45: MARTILLO DE BOLA DE 2 LB | H45: UN | I45: 10 | K45: 37900 | N45: =+ROUND(I45*K45,0) -> 379000
B46: 9280 | G46: =VLOOKUP(B46,'[115]Insumos sin EBSA'!$G$15:$J$3677,2,0) -> BOLSA PARA BASURA TIPO INDUSTRIAL NEGRA DE 60 x 90 Cm CALIBRE 2 (PAQUETE DE 30 UNIDADES) | H46: =VLOOKUP(B46,'[115]Insumos sin EBSA'!$G$15:$J$3677,3,0) -> UN | I46: 20 | K46: 10042 | N46: =+ROUND(I46*K46,0) -> 200840
H47: SUBTOTAL DEL PROGRAMA | N47: =SUM(N39:O46) -> 5311030
C49: D 4 | D49: MANEJO INTEGRAL DE CUERPOS DE AGUA
B50: 12507 | C50: 4.1 | D50: BAÑO | G50: =+VLOOKUP(B50,'PRECIOS INSUMOS IDU 2025'!$A$1:$E$2794,2,FALSE) -> BAÑO TIPO FLUSHING - ALQUILER MANTENIMIENTO Y ASEO DE BAÑOS PORTÁTILES VIP MENSUAL_(Según Apéndice Bioseguridad Covid 19_V1 y V2) | H50: =VLOOKUP(B50,'[115]Insumos sin EBSA'!$G$15:$J$3677,3,0) -> UN/MES | I50: 4 | K50: =+VLOOKUP(B50,'PRECIOS INSUMOS IDU 2025'!$A$1:$E$2794,4) -> 720000 | N50: =+ROUND(I50*K50*3,0) -> 8640000
B51: 5168 | C51: 4.2 | D51: PROTECCIÓN DE SUMIDEROS | G51: =VLOOKUP(B51,'[115] APU''s sin EBSA'!$F$12:$I$4065,2,0) -> PROTECCION A SUMIDEROS (INCLUYE SUMINISTRO Y COLOCACIÓN DE BOLSAS DE LONA Y GEOTEXTIL NT 1600 O SIMILAR). | H51: =VLOOKUP(B51,'[115] APU''s sin EBSA'!$F$12:$I$4065,3,0) -> UN/MES | I51: 5 | K51: 10121 | N51: =+ROUND(I51*K51*7,0) -> 354235
B52: 5169 | C52: 4.3 | G52: =VLOOKUP(B52,'[115] APU''s sin EBSA'!$F$12:$I$4065,2,0) -> PLAFONADO DE POZOS (INCLUYE SUMINISTRO Y COLOCACIÓN DE PUNTILLA, TABLA BURRA DE 2.90 X0.28X0.025M, CINTA DE SEÑALIZACION CAL 4 ROLLO 500MX0.10M Y SEÑALIZACIÓN TUBULAR COLOMBINA PLÁSTICA). | H52: =VLOOKUP(B52,'[115] APU''s sin EBSA'!$F$12:$I$4065,3,0) -> UN | I52: 5 | K52: 153543 | N52: =+ROUND(I52*K52,0) -> 767715
B53: 5366 | C53: 4.4 | G53: =VLOOKUP(B53,'[115] APU''s sin EBSA'!$F$12:$I$4065,2,0) -> POLISOMBRA VERDE PARA CERRAMIENTO. SUMINISTRO E INSTALACION. | H53: =VLOOKUP(B53,'[115] APU''s sin EBSA'!$F$12:$I$4065,3,0) -> M2 | I53: 200 | K53: 2656 | N53: =+ROUND(I53*K53,0) -> 531200
H54: SUBTOTAL DEL PROGRAMA | N54: =SUM(N50:O53) -> 10293150
H55: SUBTOTAL COMPONENTE D | N55: =+N54+N47+N36+N30 -> 19648704
C57: COMPONENTE E. GESTIÓN EN SEGURIDAD Y SALUD EN EL TRABAJO
C58: ÍTEMS | H58: UN. | I58: CANTIDAD | K58: VALOR UNITARIO | N58: VALOR TOTAL
C59: E1 | D59: SEGURIDAD Y SALUD EN EL TRABAJO
B60: 7819 | C60: 1 | D60: =+VLOOKUP(B60,'PRECIOS INSUMOS IDU 2025'!$A$1:$E$2794,2,FALSE) -> EXTINTOR POLVO QUIMICO SECO DE 20LB TIPO ABC METALICO CON GANCHO Y AVISO | H60: =+VLOOKUP(B60,'PRECIOS INSUMOS IDU 2025'!$A$1:$E$2794,3,FALSE) -> UN | I60: 3 | K60: =+VLOOKUP(B60,'PRECIOS INSUMOS IDU 2025'!$A$1:$E$2794,4,FALSE) -> 93900 | N60: =+ROUND(I60*K60,0) -> 281700
B61: 7822 | C61: 2 | D61: =+VLOOKUP(B61,'PRECIOS INSUMOS IDU 2025'!$A$1:$E$2794,2,FALSE) -> BOTA CUERO LISA NEGRA SEGURIDAD PUNTERA DE ACERO | H61: =+VLOOKUP(B61,'PRECIOS INSUMOS IDU 2025'!$A$1:$E$2794,3,FALSE) -> PAR | I61: 15 | K61: =+VLOOKUP(B61,'PRECIOS INSUMOS IDU 2025'!$A$1:$E$2794,4,FALSE) -> 96900 | N61: =+ROUND(I61*K61,0) -> 1453500
B62: 7823 | C62: 3 | D62: =+VLOOKUP(B62,'PRECIOS INSUMOS IDU 2025'!$A$1:$E$2794,2,FALSE) -> BOTA DE CAUCHO CON PUNTERA Y ENTRESUELA EN ACERO, CINTA AMARILLA | H62: =+VLOOKUP(B62,'PRECIOS INSUMOS IDU 2025'!$A$1:$E$2794,3,FALSE) -> PAR | I62: 15 | K62: =+VLOOKUP(B62,'PRECIOS INSUMOS IDU 2025'!$A$1:$E$2794,4,FALSE) -> 130000 | N62: =+ROUND(I62*K62,0) -> 1950000
B63: 7827 | C63: 4 | D63: =+VLOOKUP(B63,'PRECIOS INSUMOS IDU 2025'!$A$1:$E$2794,2,FALSE) -> PROTECTOR AUDITIVO TIPO TAPON INSERCION EN SILICONA CON CORDEL EN ESTUCHE | H63: =+VLOOKUP(B63,'PRECIOS INSUMOS IDU 2025'!$A$1:$E$2794,3,FALSE) -> PAR | I63: 15 | K63: =+VLOOKUP(B63,'PRECIOS INSUMOS IDU 2025'!$A$1:$E$2794,4,FALSE) -> 2142 | N63: =+ROUND(I63*K63,0) -> 32130
B64: 7583 | C64: 5 | D64: =+VLOOKUP(B64,'PRECIOS INSUMOS IDU 2025'!$A$1:$E$2794,2,FALSE) -> PROTECTOR AUDITIVO TIPO COPA | H64: =+VLOOKUP(B64,'PRECIOS INSUMOS IDU 2025'!$A$1:$E$2794,3,FALSE) -> UN | I64: 8 | K64: =+VLOOKUP(B64,'PRECIOS INSUMOS IDU 2025'!$A$1:$E$2794,4,FALSE) -> 29750 | N64: =+ROUND(I64*K64,0) -> 238000
B65: 7825 | C65: 6 | D65: =+VLOOKUP(B65,'PRECIOS INSUMOS IDU 2025'!$A$1:$E$2794,2,FALSE) -> MASCARILLA DESECHABLE CONTRA POLVOS Y PARTICULAS NO TOXICAS | H65: =+VLOOKUP(B65,'PRECIOS INSUMOS IDU 2025'!$A$1:$E$2794,3,FALSE) -> UN | I65: 8 | K65: =+VLOOKUP(B65,'PRECIOS INSUMOS IDU 2025'!$A$1:$E$2794,4,FALSE) -> 4400 | N65: =+ROUND(I65*K65,0) -> 35200
B66: 9289 | C66: 7 | D66: =+VLOOKUP(B66,'PRECIOS INSUMOS IDU 2025'!$A$1:$E$2794,2,FALSE) -> FILTRO PARTICULAS PARA RESPIRADOR | H66: =+VLOOKUP(B66,'PRECIOS INSUMOS IDU 2025'!$A$1:$E$2794,3,FALSE) -> UN | I66: 8 | K66: =+VLOOKUP(B66,'PRECIOS INSUMOS IDU 2025'!$A$1:$E$2794,4,FALSE) -> 12350 | N66: =+ROUND(I66*K66,0) -> 98800
B67: 7580 | C67: 8 | D67: =+VLOOKUP(B67,'PRECIOS INSUMOS IDU 2025'!$A$1:$E$2794,2,FALSE) -> CASCO DE SEGURIDAD DIELECTRICO | H67: =+VLOOKUP(B67,'PRECIOS INSUMOS IDU 2025'!$A$1:$E$2794,3,FALSE) -> UN | I67: 8 | K67: =+VLOOKUP(B67,'PRECIOS INSUMOS IDU 2025'!$A$1:$E$2794,4,FALSE) -> 23000 | N67: =+ROUND(I67*K67,0) -> 184000
B68: 7832 | C68: 9 | D68: =+VLOOKUP(B68,'PRECIOS INSUMOS IDU 2025'!$A$1:$E$2794,2,FALSE) -> BARBUQUEJO EN REATA CON MENTONERA CON TRES APOYOS PARA CASCO | H68: =+VLOOKUP(B68,'PRECIOS INSUMOS IDU 2025'!$A$1:$E$2794,3,FALSE) -> UN | I68: 8 | K68: =+VLOOKUP(B68,'PRECIOS INSUMOS IDU 2025'!$A$1:$E$2794,4,FALSE) -> 6188 | N68: =+ROUND(I68*K68,0) -> 49504
B69: 7577 | C69: 10 | D69: =+VLOOKUP(B69,'PRECIOS INSUMOS IDU 2025'!$A$1:$E$2794,2,FALSE) -> GAFAS DE SEGURIDAD | H69: =+VLOOKUP(B69,'PRECIOS INSUMOS IDU 2025'!$A$1:$E$2794,3,FALSE) -> UN | I69: 8 | K69: =+VLOOKUP(B69,'PRECIOS INSUMOS IDU 2025'!$A$1:$E$2794,4,FALSE) -> 8000 | N69: =+ROUND(I69*K69,0) -> 64000
B70: 9286 | C70: 11 | D70: =+VLOOKUP(B70,'PRECIOS INSUMOS IDU 2025'!$A$1:$E$2794,2,FALSE) -> OVEROL EN DRILL DOS PIEZAS, CAMISA Y PANTALÓN | H70: =+VLOOKUP(B70,'PRECIOS INSUMOS IDU 2025'!$A$1:$E$2794,3,FALSE) -> UN | I70: 8 | K70: =+VLOOKUP(B70,'PRECIOS INSUMOS IDU 2025'!$A$1:$E$2794,4,FALSE) -> 71281 | N70: =+ROUND(I70*K70,0) -> 570248
B71: 7839 | C71: 12 | D71: =+VLOOKUP(B71,'PRECIOS INSUMOS IDU 2025'!$A$1:$E$2794,2,FALSE) -> OVEROL IMPERMEABLE INDUSTRIAL AMARILLO 2 PIEZAS CON CAPUCHA | H71: =+VLOOKUP(B71,'PRECIOS INSUMOS IDU 2025'!$A$1:$E$2794,3,FALSE) -> UN | I71: 8 | K71: =+VLOOKUP(B71,'PRECIOS INSUMOS IDU 2025'!$A$1:$E$2794,4,FALSE) -> 57715 | N71: =+ROUND(I71*K71,0) -> 461720
... B75: 7844 | C75: 16 | D75: =+VLOOKUP(B75,'PRECIOS INSUMOS IDU 2025'!$A$1:$E$2794,2,FALSE) -> GUANTE NITRILO 13" RESISTENTE CONTRA QUIMICOS COMBUSTIBLES SOLVENTES GRASAS | H75: =+VLOOKUP(B75,'PRECIOS INSUMOS IDU 2025'!$A$1:$E$2794,3,FALSE) -> PAR | I75: 15 | K75: =+VLOOKUP(B75,'PRECIOS INSUMOS IDU 2025'!$A$1:$E$2794,4,FALSE) -> 10591 | N75: =+ROUND(I75*K75,0) -> 158865
D76: EXÁMENES OCUPACIONALES
B77: 7904 | C77: =C75+0.01 -> 16.01 | D77: =+VLOOKUP(B77,'PRECIOS INSUMOS IDU 2025'!$A$1:$E$2794,2,FALSE) -> EXÁMEN MÉDICO OCUPACIONAL DE INGRESO O RETIRO | H77: =+VLOOKUP(B77,'PRECIOS INSUMOS IDU 2025'!$A$1:$E$2794,3,FALSE) -> UN | I77: 15 | K77: =+VLOOKUP(B77,'PRECIOS INSUMOS IDU 2025'!$A$1:$E$2794,4,FALSE) -> 33000 | N77: =+ROUND(I77*K77,0) -> 495000
B78: 7906 | C78: =C77+0.01 -> 16.02 | D78: =+VLOOKUP(B78,'PRECIOS INSUMOS IDU 2025'!$A$1:$E$2794,2,FALSE) -> EXAMEN DE AUDIOMETRÍA DE INGRESO O EGRESO | H78: =+VLOOKUP(B78,'PRECIOS INSUMOS IDU 2025'!$A$1:$E$2794,3,FALSE) -> UN | I78: 15 | K78: =+VLOOKUP(B78,'PRECIOS INSUMOS IDU 2025'!$A$1:$E$2794,4,FALSE) -> 25000 | N78: =+ROUND(I78*K78,0) -> 375000
B79: 7908 | C79: =C78+0.01 -> 16.03 | D79: =+VLOOKUP(B79,'PRECIOS INSUMOS IDU 2025'!$A$1:$E$2794,2,FALSE) -> EXAMEN DE OPTOMETRÍA DE INGRESO O EGRESO | H79: =+VLOOKUP(B79,'PRECIOS INSUMOS IDU 2025'!$A$1:$E$2794,3,FALSE) -> UN | I79: 15 | K79: =+VLOOKUP(B79,'PRECIOS INSUMOS IDU 2025'!$A$1:$E$2794,4,FALSE) -> 25600 | N79: =+ROUND(I79*K79,0) -> 384000
B80: 7910 | C80: =C79+0.01 -> 16.04 | D80: =+VLOOKUP(B80,'PRECIOS INSUMOS IDU 2025'!$A$1:$E$2794,2,FALSE) -> EXAMEN DE ESPIROMETRÍA DE INGRESO O EGRESO | H80: =+VLOOKUP(B80,'PRECIOS INSUMOS IDU 2025'!$A$1:$E$2794,3,FALSE) -> UN | I80: 15 | K80: =+VLOOKUP(B80,'PRECIOS INSUMOS IDU 2025'!$A$1:$E$2794,4,FALSE) -> 30000 | N80: =+ROUND(I80*K80,0) -> 450000
H81: SUBTOTAL DEL PROGRAMA | N81: =SUM(N60:O80) -> 7624077
H82: SUBTOTAL COMPONENTE E | N82: =N81 -> 7624077
C84: Nota: Los costos de elementos de protección y de exámenes médicos ocupacionales para los cargos relacionados con las actividades de estructuras metálicas (Montadores, Soldadores y Pintores) están incluidos en el costo de kilogramo de acero de estructura,
C86: COMPONENTE F. PLAN DE SEÑALIZACIÓN
C87: ÍTEMS | G87: ESPECIFICACIÓN | H87: UN. | I87: CANTIDAD | K87: VALOR UNITARIO | N87: VALOR TOTAL
C88: F1 | D88: MANEJO SEÑALIZACIÓN FRENTE DE OBRA
B89: 7554 | C89: 1.1 | D89: SEÑALIZACIÓN INTERNA DE EXCAVACIONES, POZOS, VACÍOS | G89: =+VLOOKUP(B89,'PRECIOS INSUMOS IDU 2025'!$A$1:$E$2794,2,FALSE) -> SEÑALIZACION TUBULAR COLOMBINA PLASTICA | H89: =+VLOOKUP(B89,'PRECIOS INSUMOS IDU 2025'!$A$1:$E$2794,3,FALSE) -> UN | I89: 2 | K89: =+VLOOKUP(B89,'PRECIOS INSUMOS IDU 2025'!$A$1:$E$2794,4,FALSE) -> 46520 | N89: =+ROUND(I89*K89,0) -> 93040
B90: 7850 | G90: =+VLOOKUP(B90,'PRECIOS INSUMOS IDU 2025'!$A$1:$E$2794,2,FALSE) -> CINTA PARA SEÑALIZACION DE 500MT X 4" PELIGRO CALIBRE 3.5 | H90: =+VLOOKUP(B90,'PRECIOS INSUMOS IDU 2025'!$A$1:$E$2794,3,FALSE) -> ROLLO | I90: 2 | K90: =+VLOOKUP(B90,'PRECIOS INSUMOS IDU 2025'!$A$1:$E$2794,4,FALSE) -> 26009 | N90: =+ROUND(I90*K90,0) -> 52018
B91: 9985 | C91: 1.2 | D91: SEÑALES DE CAMPAMENTO Y FRENTES DE OBRA | G91: =+VLOOKUP(B91,'PRECIOS INSUMOS IDU 2025'!$A$1:$E$2794,2,FALSE) -> SEÑAL EN POLIESTIRENO (30cm x 20cm) FOTOLUMINISCENTE - NORMA NTC - ISO | H91: =+VLOOKUP(B91,'PRECIOS INSUMOS IDU 2025'!$A$1:$E$2794,3,FALSE) -> UN | I91: 2 | K91: =+VLOOKUP(B91,'PRECIOS INSUMOS IDU 2025'!$A$1:$E$2794,4,FALSE) -> 70765 | N91: =+ROUND(I91*K91,0) -> 141530
B92: 9986 | G92: =+VLOOKUP(B92,'PRECIOS INSUMOS IDU 2025'!$A$1:$E$2794,2,FALSE) -> SEÑAL EN POLIESTRIENO (30cm x 45cm) REFLECTIVO GRADO INGENIERÍA - NORMA ISO | H92: =+VLOOKUP(B92,'PRECIOS INSUMOS IDU 2025'!$A$1:$E$2794,3,FALSE) -> UN | I92: 2 | K92: =+VLOOKUP(B92,'PRECIOS INSUMOS IDU 2025'!$A$1:$E$2794,4,FALSE) -> 93902 | N92: =+ROUND(I92*K92,0) -> 187804
H93: SUBTOTAL DEL PROGRAMA | N93: =SUM(N89:O92) -> 474392
H94: SUBTOTAL COMPONENTE F | N94: =+N93 -> 474392
C97: SUBTOTAL COMPONENTES A+C+D+E+F | N97: =O17+N24+N55+N82+N94 -> 46818223
C98: A.I.U. | M98: =SUM('AIU COMP. AMBIENTAL'!L37) -> 0.13252251 | N98: =ROUND(N97*M98,0) -> 6204468
C99: VALOR GLOBAL AMBIENTAL CON AIU : TOTAL COMPONENTES A+C+D+E+F | N99: =+N97+N98 -> 53022691
C101: NOTA: EN LOS ITEMS MARCADOS CON ** EL VALOR TOTAL SE OBTIENE DE MULTIPLICAR LA CANTIDAD POR EL NUMERO DE MESES DE EJECUCION DE OBRA Y POR EL VALOR UNITARIO.

Sheet AIU COMP. AMBIENTAL
B2: FONDO DE DESARROLLO LOCAL DE TUNJUELITO
B6: OBJETO DE LA LICITACIÓN: | D6: EJECUTAR A MONTO AGOTABLE SIN FORMULA DE REAJUSTE POR EL SISTEMA DE PRECIOS UNITARIOS, LAS ACTIVIDADES PARA LA CONSERVACIÓN Y/O MANTENIMIENTO Y/O REHABILITACIÓN DE LA MALLA VIAL LOCAL E INTERMEDIA Y ESPACIO PÚBLICO EN LA LOCALIDAD DE TUNJUELITO DE LA CIUDAD DE BOGOTÁ D.C
B8: MATRIZ PARA CÁLCULO DE AIU- AMBIENTAL
B9: SUBTOTAL COMPONENTES A+C+D+E+F | E9: =SUM('COMPONENTE AMBIENTAL'!N97:O97) -> 46818223 | I9: FECHA: | J9: ='AIU FLDT'!H7 -> 46236
B10: TERMINO ESTIMADO DE EJECUCIÓN DE OBRA | E10: =+'COMPONENTE AMBIENTAL'!N12 -> 4 | F10: MESES | I10: CONTRATO No.
B12: 3. IMPUESTOS Y GARANTÍAS
B13: 3.1 | C13: IMPUESTOS
B14: ÍTEM | C14: DESCRIPCIÓN | J14: IMPUESTO | L14: VALOR ($)
B15: =B13+0.001 -> 3.101 | C15: Contribución Especial (Impuesto de Guerra Ley 1738 DIC18-2014 prorroga 4 años) | J15: 0.05 | L15: =ROUND((($E$9*ROUND((1+$M$37),4)))*J15,0) -> 2340911
B16: =B15+0.001 -> 3.102 | C16: ICA (Ley 14 6jul1983, Res 265 13abr2021) | J16: =7.12/1000 -> 0.00712 | L16: =ROUND((($E$9*ROUND((1+$M$37),4)))*J16,0) -> 333346
B17: =B16+0.001 -> 3.103 | C17: GMF (Ley 1739 23dic2014 modifica el Estatuto Tributario) | J17: 0.004 | L17: =ROUND((($E$9*ROUND((1+$M$37),4)))*J17,0) -> 187273
B18: =B17+0.001 -> 3.104 | C18: Estampilla Unipedagógica (Dec 584 de 19 dic 2014) | J18: 0.005 | L18: =ROUND((($E$9*ROUND((1+$M$37),4)))*J18,0) -> 234091
C19: SUBTOTAL IMPUESTOS | L19: =SUM(L15:L18) -> 3095621
B21: =B13+0.1 -> 3.2 | C21: GARANTIAS
B22: ÍTEM | C22: DESCRIPCIÓN | E22: VR. BASE | G22: % ASEGURADO | I22: VIGENCIA AMPARO (MESES) | J22: TASA ASEGURADORA | L22: VALOR ($)
B23: =B21+0.001 -> 3.201 | C23: Cumplimiento | D23: GARANTIA UNICA | E23: =ROUND(($E$9*ROUND((1+$M$37),4)),0) -> 46818223 | G23: 0.3 | I23: =$E$10+6 -> 10 | J23: 0.002 | L23: =ROUND((((((E23*G23)*J23)/12)*I23)+2500)*1.19,0) -> 30832
B24: =B23+0.001 -> 3.202 | C24: Salarios y Prestaciones Sociales | E24: =$E$23 -> 46818223 | G24: 0.1 | I24: =$E$10+36 -> 40 | J24: 0.002 | L24: =ROUND((((((E24*G24)*J24)/12)*I24)+2500)*1.19,0) -> 40117
B25: =B24+0.001 -> 3.203 | C25: Estabilidad de la Obra | E25: =E23 -> 46818223 | G25: 0.3 | I25: 60 | J25: 0.002 | L25: =ROUND((((((E25*G25)*J25)/12)*I25)+2500)*1.19,0) -> 170116
B26: =B25+0.001 -> 3.204 | C26: Predios, labores y Operaciones- Vigencia (Decreto 1082 de 2015 Sección III) | D26: RESPONSABILIDAD CIVIL EXTRACONTRACTUAL | E26: =E23 -> 46818223 | G26: 1 | I26: =$E$10 -> 4 | J26: 0.003 | L26: =ROUND((((((E26*G26)*J26)/12)*I26)+2500)*1.19,0) -> 58689
C28: SUBTOTAL GARANTÍAS | L28: =ROUND(SUM(L23:L26),0) -> 299754
C30: TOTAL IMPUESTOS Y GARANTÍAS | L30: =ROUND(L19+L28,0) -> 3395375
C31: TOTAL IMPUESTOS Y GARANTÍAS EN PORCENTAJE DEL COSTO DIRECTO | L31: =+L30/E9 -> 0.072522509
C33: A. ADMINISTRACIÓN (1 + 2 + 3) | L33: =L31 -> 0.072522509
C34: I. IMPREVISTOS | L34: 0.01
C35: U. UTILIDAD | L35: 0.05
C37: A.I.U. (ADMINISTRACIÓN, IMPREVISTOS Y UTILIDAD) | L37: =SUM(L33:L35) -> 0.13252251
K40: 210100

Sheet COMPONENTE SOCIAL
D3: FONDO DE DESARROLLO LOCAL DE TUNJUELITO
D8: PLAN DE GESTIÓN SOCIAL
C9: OBJETO DE LA LICITACIÓN: | E9: EJECUTAR A MONTO AGOTABLE SIN FORMULA DE REAJUSTE POR EL SISTEMA DE PRECIOS UNITARIOS, LAS ACTIVIDADES PARA LA CONSERVACIÓN Y/O MANTENIMIENTO Y/O REHABILITACIÓN DE LA MALLA VIAL LOCAL E INTERMEDIA Y ESPACIO PÚBLICO EN LA LOCALIDAD DE TUNJUELITO DE LA CIUDAD DE BOGOTÁ D.C
C11: CONTROL DE INVERSIÓN GESTION SOCIAL PARA OBRAS
C12: COMPONENTE | E12: Unidad | F12: Valor Unitario | G12: Factor prestacional | H12: Cantidad | I12: Dedicación H/Mes | J12: Plazo (Meses) | K12: Dedicación Total (Meses) | L12: Subtotal
C13: Componente A. Personal Profesional de Gestión Social
D14: GUIA CIVICO
B15: 9455 | C15: A.4 | D15: =+VLOOKUP(B15,'PRECIOS INSUMOS IDU 2025'!$A$1:$E$2794,2,FALSE) -> TARIFA MES - PERSONAL DE OBRA - AYUDANTE (NO INCLUYE FACTOR DE PRESTACIONES) | E15: =+VLOOKUP(B15,'PRECIOS INSUMOS IDU 2025'!$A$1:$E$2794,3,FALSE) -> MES | F15: 1750905 | G15: 1.6478735 | H15: 1 | I15: 0.5 | J15: 4 | K15: =H15*I15*J15 -> 2 | L15: =ROUND(F15*K15*G15,0) -> 5770540
D16: ACTAS DE VECINDAD
B17: 9113 | C17: A.5 | D17: Asistente Social | E17: MES | F17: =+VLOOKUP(B17,'PRECIOS INSUMOS IDU 2025'!$A$1:$E$2794,4,FALSE) -> 5791000 | G17: 1.4532 | H17: 1 | I17: 0.5 | J17: =+J15 -> 4 | K17: =H17*I17*J17 -> 2 | L17: =ROUND(F17*K17*G17,0) -> 16830962
K18: Subtotal Componente personal Profesional | L18: =SUM(L14:L17) -> 22601502
C20: Componente B. Plan de Gestión Social
C21: COMPONENTE | E21: Unidad | F21: Valor Unitario | J21: Cantidad Obra | L21: Subtotal
C22: B.1 | D22: Programa de Información
B23: 7870 | C23: B.1.1 | D23: =+VLOOKUP(B23,'PRECIOS INSUMOS IDU 2025'!$A$1:$E$2794,2,FALSE) -> VÍDEO BEAM - ALQUILER POR DIA | E23: =+VLOOKUP(B23,'PRECIOS INSUMOS IDU 2025'!$A$1:$E$2794,3,FALSE) -> DIA | F23: =+VLOOKUP(B23,'PRECIOS INSUMOS IDU 2025'!$A$1:$E$2794,4,FALSE) -> 100862 | J23: 3 | L23: =ROUND(F23*J23,0) -> 302586
K24: SubTotal programa de información | L24: =SUM(L23:L23) -> 302586
C25: B.2 | D25: Programa de Divulgación al ciudadano
B26: 7897 | C26: B.2.2 | D26: =+VLOOKUP(B26,'PRECIOS INSUMOS IDU 2025'!$A$1:$E$2794,2,FALSE) -> AFICHE TAMAÑO MEDIO PLIEGO A 4X0 TINTAS EN PROPALCOTE DE 115 GR. | E26: =+VLOOKUP(B26,'PRECIOS INSUMOS IDU 2025'!$A$1:$E$2794,3,FALSE) -> UN | F26: =+VLOOKUP(B26,'PRECIOS INSUMOS IDU 2025'!$A$1:$E$2794,4,FALSE) -> 1345 | J26: 2 | L26: =ROUND(F26*J26,0) -> 2690
B27: 7898 | C27: B.2.3 | D27: =+VLOOKUP(B27,'PRECIOS INSUMOS IDU 2025'!$A$1:$E$2794,2,FALSE) -> PLEGABLES DE SOSTENIBILIDAD EN TRES CUERPOS TAMAÑO CARTA A 4X4 TINTAS EN PROPALCOTE. | E27: =+VLOOKUP(B27,'PRECIOS INSUMOS IDU 2025'!$A$1:$E$2794,3,FALSE) -> UN | F27: =+VLOOKUP(B27,'PRECIOS INSUMOS IDU 2025'!$A$1:$E$2794,4,FALSE) -> 719 | J27: 2 | L27: =+ROUND(F27*J27,0) -> 1438
B28: 7896 | C28: B.2.1 | D28: =+VLOOKUP(B28,'PRECIOS INSUMOS IDU 2025'!$A$1:$E$2794,2,FALSE) -> IMPRESIÓN HOJA CARTA, A 1X0 TINTAS EN PAPEL BOND DE 75 GR. | E28: =+VLOOKUP(B28,'PRECIOS INSUMOS IDU 2025'!$A$1:$E$2794,3,FALSE) -> UN | F28: =+VLOOKUP(B28,'PRECIOS INSUMOS IDU 2025'!$A$1:$E$2794,4,FALSE) -> 161 | J28: 100 | L28: =+ROUND(F28*J28,0) -> 16100
K29: SubTotal programa de divulgación al ciudadano | L29: =SUM(L26:L28) -> 20228
C31: B.3 | D31: Programa de Atención al ciudadano
C32: COMPONENTE | E32: Unidad | F32: Valor Unitario | G32: Cantidad | I32: Dedicación Mes | J32: Plazo (Meses) | K32: Dedicación Total (Meses) | L32: Subtotal
C33: B.3.1 | D33: Adecuación del punto CREA-Atención al ciudadano
B34: 9409 | C34: B.3.1.2 | D34: =+VLOOKUP(B34,'PRECIOS INSUMOS IDU 2025'!$A$1:$E$2794,2,FALSE) -> SILLA ESCRITORIO GIRATORIA CON BRAZOS | E34: =+VLOOKUP(B34,'PRECIOS INSUMOS IDU 2025'!$A$1:$E$2794,3,FALSE) -> UN | F34: =+VLOOKUP(B34,'PRECIOS INSUMOS IDU 2025'!$A$1:$E$2794,4,FALSE) -> 191249 | J34: 4 | K34: 4 | L34: =+ROUND(F34*K34,0) -> 764996
B35: 9408 | C35: B.3.1.3 | D35: =+VLOOKUP(B35,'PRECIOS INSUMOS IDU 2025'!$A$1:$E$2794,2,FALSE) -> PUESTO DE TRABAJO - ESCRITORIO 75x120x50 | E35: =+VLOOKUP(B35,'PRECIOS INSUMOS IDU 2025'!$A$1:$E$2794,3,FALSE) -> UN | F35: =+VLOOKUP(B35,'PRECIOS INSUMOS IDU 2025'!$A$1:$E$2794,4,FALSE) -> 211607 | J35: 4 | K35: 4 | L35: =+ROUND(F35*K35,0) -> 846428
B36: 9414 | C36: B.3.1.4 | D36: =+VLOOKUP(B36,'PRECIOS INSUMOS IDU 2025'!$A$1:$E$2794,2,FALSE) -> SILLA PLÁSTICA SIN BRAZOS | E36: =+VLOOKUP(B36,'PRECIOS INSUMOS IDU 2025'!$A$1:$E$2794,3,FALSE) -> UN | F36: =+VLOOKUP(B36,'PRECIOS INSUMOS IDU 2025'!$A$1:$E$2794,4,FALSE) -> 36607 | J36: 4 | K36: 4 | L36: =+ROUND(F36*K36,0) -> 146428
B37: 9048 | C37: B.3.1.5 | D37: =+VLOOKUP(B37,'PRECIOS INSUMOS IDU 2025'!$A$1:$E$2794,2,FALSE) -> CARTELERA CON MARCO EN ALUMINIO ANODIZADO, PAÑO COLOR GRIS CON CENEFA SUPERIOR, PUERTAS CORREDIZAS. Incl. transporte | E37: =+VLOOKUP(B37,'PRECIOS INSUMOS IDU 2025'!$A$1:$E$2794,3,FALSE) -> UN | F37: =+VLOOKUP(B37,'PRECIOS INSUMOS IDU 2025'!$A$1:$E$2794,4,FALSE) -> 568502 | J37: 1 | K37: 1 | L37: =+ROUND(F37*K37,0) -> 568502
B38: 11834 | C38: B.3.1.6 | D38: =+VLOOKUP(B38,'PRECIOS INSUMOS IDU 2025'!$A$1:$E$2794,2,FALSE) -> AVISO PUNTO IDU 1.50m x 0.90m EN LÁMINA GALVANIZADA CAL. 24. INCLUYE SUMINISTRO E INSTALACIÓN | E38: =+VLOOKUP(B38,'PRECIOS INSUMOS IDU 2025'!$A$1:$E$2794,3,FALSE) -> UN | F38: =+VLOOKUP(B38,'PRECIOS INSUMOS IDU 2025'!$A$1:$E$2794,4,FALSE) -> 799680 | J38: 1 | K38: 1 | L38: =+ROUND(F38*K38,0) -> 799680
K39: SubTotal programa de atención al ciudadano | L39: =SUM(L34:L38) -> 3126034
D41: SUBTOTAL COSTO DE PERSONAL PARA EL PLAN DE GESTION SOCIAL | L41: =L18 -> 22601502
D42: SUBTOTAL COSTOS DE SUBPROGRAMAS DE PLAN DE GESTION SOCIAL | L42: =L24+L29+L39 -> 3448848
D44: SUBTOTAL COSTO DEL PLAN DE GESTION SOCIAL | L44: =+L41+L42 -> 26050350
D46: AIU | K46: =+'[116]AIU COMP. SOCIAL'!L37 -> 0.13326834 | L46: =ROUND(L44*K46,0) -> 3471687
D48: TOTAL COSTO DEL PLAN DE GESTION SOCIAL | L48: =ROUND(L44+L46,0) -> 29522037

Sheet AIU COMP. SOCIAL
B2: FONDO DE DESARROLLO LOCAL DE TUNJUELITO
B6: OBJETO DE LA LICITACIÓN: | D6: EJECUTAR A MONTO AGOTABLE SIN FORMULA DE REAJUSTE POR EL SISTEMA DE PRECIOS UNITARIOS, LAS ACTIVIDADES PARA LA CONSERVACIÓN Y/O MANTENIMIENTO Y/O REHABILITACIÓN DE LA MALLA VIAL LOCAL E INTERMEDIA Y ESPACIO PÚBLICO EN LA LOCALIDAD DE TUNJUELITO DE LA CIUDAD DE BOGOTÁ D.C
B8: MATRIZ PARA CÁLCULO DE AIU- SOCIAL (PGS)
B9: COSTO DIRECTO ESTIMADO PGS (CD) | E9: =+'COMPONENTE SOCIAL'!L44 -> 26050350 | I9: FECHA: | J9: ='AIU FLDT'!H7 -> 46236
B10: TERMINO ESTIMADO DE EJECUCIÓN DE OBRA | E10: ='AIU FLDT'!D8 -> 4 | F10: MESES | I10: CONTRATO No.
B12: 3. IMPUESTOS Y GARANTÍAS
B13: 3.1 | C13: IMPUESTOS
B14: ÍTEM | C14: DESCRIPCIÓN | J14: IMPUESTO | L14: VALOR ($)
B15: =B13+0.001 -> 3.101 | C15: Contribución Especial (Impuesto de Guerra Ley 1738 DIC18-2014 prorroga 4 años) | J15: 0.05 | L15: =ROUND((($E$9*ROUND((1+$M$37),4)))*J15,0) -> 1302518
B16: =B15+0.001 -> 3.102 | C16: ICA (Ley 14 6jul1983, Res 265 13abr2021) | J16: =6.9/1000 -> 0.0069 | L16: =ROUND((($E$9*ROUND((1+$M$37),4)))*J16,0) -> 179747
B17: =B16+0.001 -> 3.103 | C17: GMF (Ley 1739 23dic2014 modifica el Estatuto Tributario) | J17: 0.004 | L17: =ROUND((($E$9*ROUND((1+$M$37),4)))*J17,0) -> 104201
B18: =B17+0.001 -> 3.104 | C18: Estampilla Unipedagógica (Dec 584 de 19 dic 2014) | J18: 0.005 | L18: =ROUND((($E$9*ROUND((1+$M$37),4)))*J18,0) -> 130252
C19: SUBTOTAL IMPUESTOS | L19: =SUM(L15:L18) -> 1716718
B21: =B13+0.1 -> 3.2 | C21: GARANTIAS
B22: ÍTEM | C22: DESCRIPCIÓN | E22: VR. BASE | G22: % ASEGURADO | I22: VIGENCIA AMPARO (MESES) | J22: TASA ASEGURADORA | L22: VALOR ($)
B23: =B21+0.001 -> 3.201 | C23: Cumplimiento | D23: GARANTIA UNICA | E23: =ROUND(($E$9*ROUND((1+$M$37),4)),0) -> 26050350 | G23: 0.3 | I23: =$E$10+6 -> 10 | J23: 0.002 | L23: =ROUND((((((E23*G23)*J23)/12)*I23)+2500)*1.19,0) -> 18475
B24: =B23+0.001 -> 3.202
B25: =B24+0.001 -> 3.203 | C25: Salarios y Prestaciones Sociales | E25: =$E$23 -> 26050350 | G25: 0.1 | I25: =$E$10+36 -> 40 | J25: 0.002 | L25: =ROUND((((((E25*G25)*J25)/12)*I25)+2500)*1.19,0) -> 23642
B26: =B25+0.001 -> 3.204 | C26: Estabilidad de la Obra | E26: =E23 -> 26050350 | G26: 0.3 | I26: 60 | J26: 0.002 | L26: =ROUND((((((E26*G26)*J26)/12)*I26)+2500)*1.19,0) -> 95975
B27: =B26+0.001 -> 3.205 | C27: Predios, labores y Operaciones- Vigencia (Decreto 1082 de 2015 Sección III) | D27: RESPONSABILIDAD CIVIL EXTRACONTRACTUAL | E27: =E23 -> 26050350 | G27: 1 | I27: =$E$10 -> 4 | J27: 0.003 | L27: =ROUND((((((E27*G27)*J27)/12)*I27)+2500)*1.19,0) -> 33975
C28: SUBTOTAL GARANTÍAS | L28: =ROUND(SUM(L23:L27),0) -> 172067
C30: TOTAL IMPUESTOS Y GARANTÍAS | L30: =ROUND(L19+L28,0) -> 1888785
C31: TOTAL IMPUESTOS Y GARANTÍAS EN PORCENTAJE DEL COSTO DIRECTO | L31: =+L30/E9-0.0003 -> 0.072205168
C33: A. ADMINISTRACIÓN (1 + 2 + 3) | L33: =L31 -> 0.072205168
C34: I. IMPREVISTOS | L34: 0.01
C35: U. UTILIDAD | L35: 0.05
C37: A.I.U. (ADMINISTRACIÓN, IMPREVISTOS Y UTILIDAD) | L37: =SUM(L33:L35) -> 0.13220517
C40: NOTA: | D40: LA EDICIÓN DE LAS FÓRMULAS COMPROMETE LA RESPONSABILIDAD DEL USUARIO DE LA MATRIZ.
C41: NOTA: | D41: * INCLUYE EN F.P HORAS EXTRAS.

Sheet COMPONENTE PMT
C2: FONDO DE DESARROLLO LOCAL DE TUNJUELITO
C6: OBJETO DE LA LICITACIÓN: | E6: EJECUTAR A MONTO AGOTABLE SIN FORMULA DE REAJUSTE POR EL SISTEMA DE PRECIOS UNITARIOS, LAS ACTIVIDADES PARA LA CONSERVACIÓN Y/O MANTENIMIENTO Y/O REHABILITACIÓN DE LA MALLA VIAL LOCAL E INTERMEDIA Y ESPACIO PÚBLICO EN LA LOCALIDAD DE TUNJUELITO DE LA CIUDAD DE BOGOTÁ D.C
C8: CONTROL DE INVERSIÓN PLAN DE MANEJO DE TRÁFICO
E10: PLAZO: | G10: ='AIU FLDT'!D8 -> 4 | H10: MESES
C12: No. | D12: DESCRIPCIÓN | E12: TIEMPO | G12: CAT | H12: VALOR UNITARIO (MENSUAL) | I12: F.P. | J12: CONSTRUCCION | S12: CANT TOTAL | T12: VR TOTAL
E13: Und | F13: Cant | J13: 1 | K13: 2 | L13: 3 | M13: 4 | N13: 5 | O13: 6 | P13: 7 | R13: 8
C14: 1 | D14: PERSONAL
D15: AFORADOR
B16: 9455 | C16: 1.2 | D16: =+VLOOKUP(B16,'PRECIOS INSUMOS IDU 2025'!$A$1:$E$2794,2,FALSE) -> TARIFA MES - PERSONAL DE OBRA - AYUDANTE (NO INCLUYE FACTOR DE PRESTACIONES) | E16: =+VLOOKUP(B16,'PRECIOS INSUMOS IDU 2025'!$A$1:$E$2794,3,FALSE) -> MES | F16: 0.1 | H16: =+VLOOKUP(B16,'PRECIOS INSUMOS IDU 2025'!$A$1:$E$2794,4,FALSE) -> 1750905 | I16: ='CÁLCULO FACTOR MULTIPLICADOR'!$D$25 -> 1.58 | J16: 1 | K16: 1 | S16: =F16*(SUM(J16:R16)) -> 0.2 | T16: =ROUND(S16*H16*I16,0) -> 553286
D17: PALETERO
B18: 9455 | C18: 1.3 | D18: =+VLOOKUP(B18,'PRECIOS INSUMOS IDU 2025'!$A$1:$E$2794,2,FALSE) -> TARIFA MES - PERSONAL DE OBRA - AYUDANTE (NO INCLUYE FACTOR DE PRESTACIONES) | E18: =+VLOOKUP(B18,'PRECIOS INSUMOS IDU 2025'!$A$1:$E$2794,3,FALSE) -> MES | F18: 1 | H18: =+VLOOKUP(B18,'PRECIOS INSUMOS IDU 2025'!$A$1:$E$2794,4,FALSE) -> 1750905 | I18: ='CÁLCULO FACTOR MULTIPLICADOR'!$D$25 -> 1.58 | J18: 2 | K18: 2 | L18: 2 | M18: 2 | S18: =F18*(SUM(J18:R18)) -> 8 | T18: =ROUND(S18*H18*I18,0) -> 22131439
S19: SUBTOTAL COSTOS PERSONAL | T19: =SUM(T15:T18) -> 22684725
C20: 2 | D20: OTROS
D21: SEÑALIZACION TEMPORAL
C22: 2.1 | D22: CANALIZACIÓN DE TRÁFICO (INSTALACIÓN, MANTENIMIENTO Y DESINSTALACIÓN MENSUAL) CON SEÑALIZADORES TUBULARES COLOMBINA PLÁSTICA Y TRIPLE CINTA DE SEÑALIZACIÓN (INCLUYE ALQUILER DE SEÑALIZADORES TUBULARES). LONGITUD 3 METROS. | E22: UN/MES | F22: 1 | H22: 8482 | J22: 5 | K22: 5 | L22: 5 | M22: 5 | S22: =F22*(SUM(J22:R22)) -> 20 | T22: =ROUND(S22*H22,0) -> 169640
C23: 2.4 | D23: ALQUILER SEÑAL VERTICAL GRUPO I (75X75CM) (INCLUYE SUMINISTRO E INSTALACIÓN) | E23: UN/MES | F23: 1 | H23: 14641 | J23: 5 | K23: 5 | L23: 5 | M23: 5 | S23: =F23*(SUM(J23:R23)) -> 20 | T23: =ROUND(S23*H23,0) -> 292820
C24: 2.5 | D24: ALQUILER BARRERA RELLENABLE (2.00X0.55X1.00M) | E24: UN/MES | F24: 1 | H24: 15620 | J24: 5 | K24: 5 | L24: 5 | M24: 5 | S24: =F24*(SUM(J24:R24)) -> 20 | T24: =ROUND(S24*H24,0) -> 312400
C25: 2.6 | D25: ALQUILER DE SEÑAL LUMINOSA BIDIRECCIONAL 1.50M X 0.50M (INCLUYE INSTALACIÓN, MANTENIMIENTO Y DESINSTALACIÓN). | E25: UN/MES | F25: 1 | H25: 169650 | J25: 5 | K25: 5 | L25: 5 | M25: 5 | S25: =F25*(SUM(J25:R25)) -> 20 | T25: =ROUND(S25*H25,0) -> 3393000
C26: 2.7 | D26: PASACALLE IMPRESO EN LONA BANNER (7.00m x 1.00m) INCLUYE PALOS A LOS EXTREMOS | E26: UN | F26: 3 | H26: 285705 | J26: 5 | K26: 5 | L26: 5 | M26: 5 | S26: =F26*(SUM(J26:R26)) -> 60 | T26: =ROUND(S26*H26,0) -> 17142300
C27: 2.8 | D27: CINTA DE SEÑALIZACION CAL 4 (ROLLO 500mx0.10m) | E27: UN | F27: 6 | H27: 37188 | J27: 5 | K27: 5 | L27: 5 | M27: 5 | S27: =F27*(SUM(J27:R27)) -> 120 | T27: =ROUND(S27*H27,0) -> 4462560
C28: 2.9 | D28: ALQUILER DE PALETA PARE-SIGA EN POLIETILENO. | E28: UN/MES | F28: 1 | H28: 2470 | J28: 5 | K28: 5 | L28: 5 | M28: 5 | S28: =F28*(SUM(J28:R28)) -> 20 | T28: =ROUND(S28*H28,0) -> 49400
S29: SUBTOTAL OTROS COSTOS DIRECTOS | T29: =ROUND(SUM(T21:T28),0) -> 25822120
H31: SUB TOTAL | T31: =ROUND(T29+T19,0) -> 48506845
H32: A.I.U | S32: =+'[116]AIU COMP. PMT'!L38 -> 0.13346423 | T32: =ROUND(T31*S32,0) -> 6473929
H33: VALOR TOTAL | T33: =ROUND(T32+T31,0) -> 54980774
K37: 210100

Sheet AIU COMP. PMT
B2: FONDO DE DESARROLLO LOCAL DE TUNJUELITO
B6: OBJETO DE LA LICITACIÓN: | D6: EJECUTAR A MONTO AGOTABLE SIN FORMULA DE REAJUSTE POR EL SISTEMA DE PRECIOS UNITARIOS, LAS ACTIVIDADES PARA LA CONSERVACIÓN Y/O MANTENIMIENTO Y/O REHABILITACIÓN DE LA MALLA VIAL LOCAL E INTERMEDIA Y ESPACIO PÚBLICO EN LA LOCALIDAD DE TUNJUELITO DE LA CIUDAD DE BOGOTÁ D.C
B8: MATRIZ PARA CÁLCULO DE AIU- TRANSITO (PMT)
B9: COSTOS PERSONAL + OTROS COSTOS ESTIMADOS PMT | E9: =+'COMPONENTE PMT'!T31 -> 48506845 | I9: FECHA: | J9: =+'AIU FLDT'!H7 -> 46236
B10: TERMINO ESTIMADO DE EJECUCIÓN DE OBRA | E10: ='AIU FLDT'!D8 -> 4 | F10: MESES | I10: CONTRATO No.
B12: 3. IMPUESTOS Y GARANTÍAS
B13: 3.1 | C13: IMPUESTOS
B14: ÍTEM | C14: DESCRIPCIÓN | J14: IMPUESTO | L14: VALOR ($)
B15: =B13+0.001 -> 3.101 | C15: Contribución Especial (Impuesto de Guerra Ley 1738 DIC18-2014 prorroga 4 años) | J15: 0.05 | L15: =ROUND((($E$9*ROUND((1+$M$38),4)))*J15,0) -> 2425342
B16: =B15+0.001 -> 3.102 | C16: ICA (Ley 14 6jul1983, Res 265 13abr2021) | J16: =7.12/1000 -> 0.00712 | L16: =ROUND((($E$9*ROUND((1+$M$38),4)))*J16,0) -> 345369
B17: =B16+0.001 -> 3.103 | C17: GMF (Ley 1739 23dic2014 modifica el Estatuto Tributario) | J17: 0.004 | L17: =ROUND((($E$9*ROUND((1+$M$38),4)))*J17,0) -> 194027
B18: =B17+0.001 -> 3.104 | C18: Estampilla Unipedagógica (Dec 584 de 19 dic 2014) | J18: 0.005 | L18: =ROUND((($E$9*ROUND((1+$M$38),4)))*J18,0) -> 242534
C19: SUBTOTAL IMPUESTOS | L19: =SUM(L15:L18) -> 3207272
B21: =B13+0.1 -> 3.2 | C21: GARANTIAS
B22: ÍTEM | C22: DESCRIPCIÓN | E22: VR. BASE | G22: % ASEGURADO | I22: VIGENCIA AMPARO (MESES) | J22: TASA ASEGURADORA | L22: VALOR ($)
B23: =B21+0.001 -> 3.201 | C23: Cumplimiento | D23: GARANTIA UNICA | E23: =ROUND(($E$9*ROUND((1+$M$38),4)),0) -> 48506845 | G23: 0.3 | I23: =$E$10+6 -> 10 | J23: 0.002 | L23: =ROUND((((((E23*G23)*J23)/12)*I23)+2500)*1.19,0) -> 31837
B24: =B23+0.001 -> 3.202
B25: =B24+0.001 -> 3.203 | C25: Salarios y Prestaciones Sociales | E25: =$E$23 -> 48506845 | G25: 0.1 | I25: =$E$10+36 -> 40 | J25: 0.002 | L25: =ROUND((((((E25*G25)*J25)/12)*I25)+2500)*1.19,0) -> 41457
B26: =B25+0.001 -> 3.204 | C26: Estabilidad de la Obra | E26: =E23 -> 48506845 | G26: 0.3 | I26: 60 | J26: 0.002 | L26: =ROUND((((((E26*G26)*J26)/12)*I26)+2500)*1.19,0) -> 176144
B27: =B26+0.001 -> 3.205 | C27: Predios, labores y Operaciones- Vigencia (Decreto 1082 de 2015 Sección III) | D27: RESPONSABILIDAD CIVIL EXTRACONTRACTUAL | E27: =E23 -> 48506845 | G27: 1 | I27: =$E$10 -> 4 | J27: 0.003 | L27: =ROUND((((((E27*G27)*J27)/12)*I27)+2500)*1.19,0) -> 60698
C29: SUBTOTAL GARANTÍAS | L29: =ROUND(SUM(L23:L27),0) -> 310136
C31: TOTAL IMPUESTOS Y GARANTÍAS | L31: =ROUND(L19+L29,0) -> 3517408
C32: TOTAL IMPUESTOS Y GARANTÍAS EN PORCENTAJE DEL COSTO DIRECTO | L32: =+L31/E9 -> 0.072513642
C34: A. ADMINISTRACIÓN (1 + 2 + 3) | L34: =L32-0.0003 -> 0.072213642
C35: I. IMPREVISTOS | L35: 0.01
C36: U. UTILIDAD | L36: 0.05
C38: A.I.U. (ADMINISTRACIÓN, IMPREVISTOS Y UTILIDAD) | L38: =SUM(L34:L36) -> 0.13221364
C41: NOTA: | D41: LA EDICIÓN DE LAS FÓRMULAS COMPROMETE LA RESPONSABILIDAD DEL USUARIO DE LA MATRIZ.
C42: NOTA: | D42: * INCLUYE EN F.P HORAS EXTRAS.

Sheet PRECIOS IDU 2025
A1: Código | B1: Nombre | C1: UM | D1: Valor | E1: Fecha de actualización
A2: 3007 | B2: REPLANTEO GENERAL | C2: M2 | D2: 909 | E2: Actualización 2024-I Fase II + MO 2025
A3: 3009 | B3: EXCAVACION MANUAL PARA REDES PROFUNDIDAD 0M - 2M (INCLUYE CARGUE) | C3: M3 | D3: 46379 | E3: Actualización 2024-I Fase II + MO 2025
A4: 3010 | B4: DEMOLICION PAVIMENTO ASFALTICO (INCLUYE CARGUE). NO INCLUYE TRANSPORTE Y DISPOSICIÓN FINAL DE SOBRANTES. | C4: M3 | D4: 38781 | E4: Actualización 2024-I Fase II + MO 2025
A5: 3011 | B5: DEMOLICION MANUAL SARDINEL EXISTENTE (INCLUYE CARGUE). NO INCLUYE TRANSPORTE Y DISPOSICIÓN FINAL DE SOBRANTES. | C5: ML | D5: 6417 | E5: Actualización 2024-I Fase II + MO 2025
A6: 3012 | B6: DEMOLICIÓN PISOS DE CONCRETO (ESPESOR VARIABLE HASTA 0.10 M. INCLUYE CARGUE). NO INCLUYE TRANSPORTE Y DISPOSICIÓN FINAL DE SOBRANTES. | C6: M2 | D6: 8262 | E6: Actualización 2024-I Fase II + MO 2025
A7: 3015 | B7: RETIRO DE POSTES DE AP/LA (INCLUYE TRASLADO A SITIO DE ACOPIO) | C7: UN | D7: 251585 | E7: Actualización 2025-I Fase I
A8: 3017 | B8: TRANSPORTE Y DISPOSICIÓN FINAL DE ESCOMBROS EN SITIO AUTORIZADO (DISTANCIA DE TRANSPORTE 21 KM). A DISTANCIA MAYOR DEL ACARREO LIBRE (90 M) EN SITIO AUTORIZADO POR LA ENTIDAD AMBIENTAL COMPETENTE. | C8: M3 | D8: 45600 | E8: Actualización 2025-I Fase I
A9: 3018 | B9: RELLENO EN TIERRA NEGRA PARA EMPRADIZACION (SUMINISTRO Y EXTENDIDO) | C9: M3 | D9: 98470 | E9: Actualización 2024-I Fase II + MO 2025
A10: 3021 | B10: DEMOLICION PAVIMENTO ASFALTICO (ESPESOR VARIABLE. INCLUYE CARGUE). NO INCLUYE TRANSPORTE Y DISPOSICIÓN FINAL DE SOBRANTES. | C10: M2 | D10: 7446 | E10: Actualización 2024-I Fase II + MO 2025
A11: 3022 | B11: DEMOLICIÓN PISOS DE CONCRETO (INCLUYE CARGUE). NO INCLUYE TRANSPORTE Y DISPOSICIÓN FINAL DE SOBRANTES. | C11: M3 | D11: 58281 | E11: Actualización 2024-I Fase II + MO 2025
A12: 3024 | B12: RELLENO PARA REDES EN ARENA DE PEÑA (SUMINISTRO, EXTENDIDO, HUMEDECIMIENTO Y COMPACTACIÓN) | C12: M3 | D12: 155503 | E12: Actualización 2025-I Fase I
A13: 3027 | B13: SARDINEL TIPO A10 (SUMINISTRO E INSTALACIÓN. INCLUYE 3CM MORTERO 1:5) | C13: ML | D13: 80323 | E13: Actualización 2025-I Fase I
... A3190: 10559 | B3190: MANTENIMIENTO PREVENTIVO ESPACIO PUBLICO PARA EL COBRO DE LA RETRIBUCION POR APROVECHAMIENTO ECONOMICO (INCLUYE LIMPIEZA E INSTALACION DE SELLO DE ARENA PARA ADOQUÍN) | C3190: M2 | D3190: 1710 | E3190: Actualización 2025-I Fase I

Sheet PRECIOS INSUMOS IDU 2025
A1: Código | B1: Nombre | C1: UM | D1: Valor | E1: Fecha de actualización
A2: 322 | B2: CONCRETO GRAVA COMÚN 2000 PSI 14 MPa (140 Kg/m2) | C2: M3 | D2: 536920 | E2: Actualización 2025-I Fase I
A3: 323 | B3: CONCRETO GRAVA COMÚN 2500 PSI 17 MPa (175 Kg/cm2) | C3: M3 | D3: 575187 | E3: Actualización 2025-I Fase I
A4: 324 | B4: CONCRETO GRAVA COMÚN 3000 PSI 21 MPa (210 Kg/cm2) | C4: M3 | D4: 573851 | E4: Actualización 2025-I Fase I
A5: 325 | B5: CONCRETO GRAVA COMÚN 3500 PSI 24 MPa (245 Kg/cm2) | C5: M3 | D5: 589499 | E5: Actualización 2025-I Fase I
A6: 326 | B6: CONCRETO GRAVA COMÚN 4000 PSI 28 MPa (280 Kg/cm2) | C6: M3 | D6: 610583 | E6: Actualización 2025-I Fase I
A7: 328 | B7: CONCRETO GRAVA COMÚN 5000 PSI 34 MPa (350 Kg/cm2) | C7: M3 | D7: 637049 | E7: Actualización 2025-I Fase I
A8: 333 | B8: CONCRETO GRAVA FINA 3000 PSI 21 MPa (210 Kg/cm2) | C8: M3 | D8: 586995 | E8: Actualización 2025-I Fase I
A9: 366 | B9: MORTERO 2000 PSI 14 MPa (140 Kg/cm2) | C9: M3 | D9: 623456 | E9: Actualización 2025-I Fase I
A10: 1505 | B10: COMPACTADOR DE LLANTAS - MASA SIN LASTRES DE 9 A 11 TONELADAS - INCLUYE OPERARIO Y COMBUSTIBLE | C10: HR | D10: 189970 | E10: Actualización 2025-I Fase I
A11: 1512 | B11: GRAMA | C11: M2 | D11: 18794 | E11: Actualización 2025-I Fase II + M.O. Ley 2101 de 2021
A12: 1515 | B12: FORMALETA METÁLICA SARDINEL | C12: ML/DI | D12: 1131 | E12: Actualización 2025-I Fase I
A13: 1794 | B13: ALAMBRE RECOCIDO No.18 | C13: KG | D13: 5501 | E13: Actualización 2025-I Fase I
... A2746: 13590 | B2746: GEOMALLA BIAXIAL CON RESISTENCIA ULTIMA A LA TENSION, SENTIDO LONGITUDINAL Y TRANSVERSAL: ENTRE 100 KN/M Y 106 KN/M | C2746: M2 | D2746: 18568 | E2746: Actualización 2025-I Fase II + M.O. Ley 2101 de 2021
A2747: 8629 | B2747: CANAL DE DRENAJE MONOLÍTICO Y REJA EN CONCRETO POLIMÉRICO RD 150V H480 F900 (1.00 X 0.21 X 0.48) m (Incluye concreto 21 MPa para cama y atraque. Incluye suministro, instalación y prueba de estanqueidad). | C2747: ML | D2747: 1287020
A2748: 8631 | B2748: EMPATE ORTOGONAL PVC - AC 4"X4" SEGÚN NORMA NS-023, INCLUYE SUMINISTRO E INSTALACIÓN DE TUBERÍA PVC D=4" U.M RDE 21=1 ML, TEE HD 4"X4" PARA AC=1 UN, UG HD D=4"=3 UN, ADAPTADOR U.S. D=4"=1 UN, UR HD D=4"=1 UN (Suministro e instalación). | C2748: UN | D2748: 1279700
A2749: 8632 | B2749: CANAL DE DRENAJE MONOLÍTICO Y REJA EN CONCRETO POLIMÉRICO PD 100V H230 D400 (1.00 X 0.15 X 0.23) m (Incluye concreto 21 MPa para cama y atraque. Incluye suministro, instalación y prueba de estanqueidad). | C2749: ML | D2749: 580846
A2750: 8633 | B2750: CANAL DE DRENAJE MONOLÍTICO Y REJA EN CONCRETO POLIMÉRICO RD 200V H330 F900 (1.00 X 0.26 X 0.33) m, INCLUYE CONCRETO 21 Mpa PARA CAMA Y ATRAQUE (Incluye suministro, instalación y prueba de estanqueidad). | C2750: ML | D2750: 1278605
A2751: 8634 | B2751: EMPATE ORTOGONAL PVC - HG 4"X4" SEGÚN NORMA NS-023, INCLUYE SUMINISTRO E INSTALACIÓN DE TUBERÍA PVC D=4" U.M RDE 21=1 ML, TEE HD 4"X4" PARA AC=1 UN, UG HD D=4"=3 UN, ADAPTADOR U.S. D=4"=1 UN, UR HD D=4"=1 UN (Suministro e instalación). | C2751: UN | D2751: 1304026
A2752: 8636 | B2752: EMPATE ORTOGONAL PVC - PVC 4"X3" SEGÚN NORMA NS-023, INCLUYE SUMINISTRO E INSTALACIÓN DE TUBERÍA PVC D=4" U.M RDE 21=1 ML, TEE HD EL 4"X3"=1 UN, UZ U.M PVC D=4"=1 UN, UZ U.M PVC D=3"=1 UN, UR U.M PVC D=4"=1 UN, UR U.M PVC D=3"=1 UN (Suministro e instalación). | C2752: UN | D2752: 724910
A2753: 8637 | B2753: EMPATE ORTOGONAL PVC - AC 6"X6" SEGÚN NORMA NS-023, INCLUYE SUMINISTRO E INSTALACIÓN DE TUBERÍA PVC D=6" U.M RDE 21=1 ML, TEE HD 6"X6" PARA AC=1 UN, UG HD D=6"=3 UN, UZ U.M PVC D=6"=1 UN, UR HD D=6"=1 UN (Suministro e instalación). | C2753: UN | D2753: 2178690
A2754: 8638 | B2754: CAJA PARA CONEXIÓN DE DRENAJE EN CONCRETO REFORZADO 28 MPa (Dimensiones internas: (0.9x0.9) m, H=1.94 m, e=0,2 m) (Incluye muros, concreto de limpieza e=0,05 m, placa de base y placa de cubierta e=0,16 m, dos arobases y arotapas HF según NP-024. Suministro y construcción. | C2754: UN | D2754: 4814413
A2755: 8639 | B2755: CAJA PARA CONEXIÓN DE DRENAJE EN CONCRETO REFORZADO 28 MPa (Dimensiones internas: (1.4x1.5) m, H=2.23 m, e=0,2 m) (Incluye muros, concreto de limpieza e=0,05 m, placa de base y placa de cubierta e=0,16 m, dos arobases y arotapas HF según NP-024. Suministro y construcción. | C2755: UN | D2755: 8159104
A2756: 8640 | B2756: TAPÓN HD EXTREMO JUNTA HIDRÁULICA D=3" (Suministro e instalación). | C2756: UN | D2756: 162462
A2757: 8641 | B2757: TEE HD EXTREMO JUNTA HIDRÁULICA 10"x6" (Suministro e instalación). | C2757: UN | D2757: 2019710
A2758: 8642 | B2758: CODO HD 22.5° EXTREMO JUNTA HIDRÁULICA PARA PVC D= 2" (Suministro e instalación) | C2758: UN | D2758: 134564
... A3174: 10639 | B3174: ARQUEOLOGÍA PÚBLICA (SOCIALIZACIÓN DE LA IMPLEMENTACIÓN DEL PLAN DE MANEJO ARQUEOLÓGICO INCLUYE PIEZAS DE COMUNICACIÓN). | C3174: GLB/MES | D3174: 12093

Sheet PRIORIZACION MALLA VIAL URB
A1: PRIORIZACION MALLA VIAL URBANA
A2: Tipo | B2: Radicado de Entrada | C2: Peticionario | D2: Tipo de Intervecion | E2: Asunto | F2: Direccion | G2: CIV | H2: Eje Vial | I2: Desde | J2: Hasta | K2: Longitud | L2: Ancho | M2: SUPERFICIE | N2: C ESP (0-4) | O2: C RTP (0-1) | P2: C AE (0-1) | Q2: C EYD (0-1) | R2: C PRC (0-1) | S2: F PRIOR | T2: TIPO DE INTERV
A3: Malla Vial | B3: 20244603333942 - 20244603409842 - 20245310076342 - 20245310094762 - 20244602997012 - 20245310097852 - 20244603908902 - SUGERENCIA SDP - COD PROPUESTA NO. 43671 | C3: Anonimo - Juan Carlos Parra Morales - JAC Calvo Sur - Carmen Rosales Suarez | D3: Contruccion | E3: Intervencion Malla Vial | F3: Carrera 8 con Calle 3 | G3: 3001062 | H3: Carrera 8 | I3: Calle 2 | J3: Calle 3 | K3: 155.79 | L3: 4.2 | M3: FLEXIBLE | N3: 4 | O3: 1 | P3: 1 | Q3: 0 | R3: 1 | S3: =+(N3/4)*0.5+O3*0.1+P3*0.1+Q3*0.1+R3*0.2 -> 0.9 | T3: =+VLOOKUP(N3,$G$102:$H$106,2,FALSE) -> RECONSTRUCCION
A4: Malla Vial | B4: 20244603333942 - 20244603730162 - 20245310076342 - 20244602997012 - SUGERENCIA SDP - COD PROPUESTA NO. 43672 | C4: Anonimo - Juan Carlos Parra Morales - JAC Calvo Sur | D4: Contruccion | E4: Intervencion Malla Vial | F4: Carrera 8 con Calle 3 | G4: 3002246 | H4: Carrera 8 | I4: Calle 3 | J4: Calle 3 | K4: 13.04 | L4: 4.25 | M4: FLEXIBLE | N4: 4 | O4: 1 | P4: 1 | Q4: 0 | R4: 1 | S4: =+(N4/4)*0.5+O4*0.1+P4*0.1+Q4*0.1+R4*0.2 -> 0.9 | T4: =+VLOOKUP(N4,$G$102:$H$106,2,FALSE) -> RECONSTRUCCION
A5: Malla Vial | B5: 20244603333942 - 20244603730162 - 20245310076342 - 20244602997012 - SUGERENCIA SDP - COD PROPUESTA NO. 43673 | C5: Anonimo - Juan Carlos Parra Morales - JAC Calvo Sur | D5: Contruccion | E5: Intervencion Malla Vial | F5: Carrera 8 con Calle 3 | G5: 3002450 | H5: Carrera 8 | I5: Calle 3 | J5: Calle 6 | K5: 49.84 | L5: 5.09 | M5: FLEXIBLE | N5: 4 | O5: 1 | P5: 1 | Q5: 0 | R5: 1 | S5: =+(N5/4)*0.5+O5*0.1+P5*0.1+Q5*0.1+R5*0.2 -> 0.9 | T5: =+VLOOKUP(N5,$G$102:$H$106,2,FALSE) -> RECONSTRUCCION
A6: Malla Vial | B6: 20245310077562 | C6: Juan Pablo Restrepo Mejia | D6: Contruccion | E6: Intervencion Malla Vial | F6: Calle 30A | G6: 3000220 | H6: Calle 30A | I6: Carrera 6 | J6: Carrera 7 | K6: 110.1 | L6: 8.26 | M6: FLEXIBLE | N6: 4 | O6: 0 | P6: 1 | Q6: 0 | R6: 1 | S6: =+(N6/4)*0.5+O6*0.1+P6*0.1+Q6*0.1+R6*0.2 -> 0.8 | T6: =+VLOOKUP(N6,$G$102:$H$106,2,FALSE) -> RECONSTRUCCION
A7: Malla Vial | B7: 20245310071382 | C7: Esteban Matallana Jaramillo | D7: Mantenimiento | E7: Intervencion Malla Vial | F7: intervención de las vías acceso al Instituto Roosevelt con CIV 3002932 y 3002911 | G7: 3002911 | H7: INGRESO INST HUMBOLT | K7: 83.58 | L7: 5.74 | M7: FLEXIBLE | N7: 4 | O7: 0 | P7: 1 | Q7: 0 | R7: 1 | S7: =+(N7/4)*0.5+O7*0.1+P7*0.1+Q7*0.1+R7*0.2 -> 0.8 | T7: =+VLOOKUP(N7,$G$102:$H$106,2,FALSE) -> RECONSTRUCCION
A8: Malla Vial | B8: 20245310071382 | C8: Esteban Matallana Jaramillo | D8: Mantenimiento | E8: Intervencion Malla Vial | F8: intervención de las vías acceso al Instituto Roosevelt con CIV 3002932 y 3002911 | G8: 3002932 | H8: INGRESO INST HUMBOLT | K8: 178.31 | L8: 7.77 | M8: FLEXIBLE | N8: 4 | O8: 0 | P8: 1 | Q8: 0 | R8: 1 | S8: =+(N8/4)*0.5+O8*0.1+P8*0.1+Q8*0.1+R8*0.2 -> 0.8 | T8: =+VLOOKUP(N8,$G$102:$H$106,2,FALSE) -> RECONSTRUCCION
B9: SUGERENCIA SDP - COD PROPUESTA NO. 43669 | G9: 3001330 | H9: CARRERA 6 | I9: CALLE 1 C | J9: CALLE 1 C BIS | K9: 35.41 | L9: 5.41 | M9: FLEXIBLE | N9: 3 | O9: 1 | P9: 1 | Q9: 0 | R9: 1 | S9: =+(N9/4)*0.5+O9*0.1+P9*0.1+Q9*0.1+R9*0.2 -> 0.775 | T9: =+VLOOKUP(N9,$G$102:$H$106,2,FALSE) -> REHABILITACION
A10: Malla Vial | B10: 20255310011042-20255310009572 | C10: YOLIMA BOJACA LINARES | D10: Mantenimiento | E10: Solicitud mantenimiento vial | F10: carrera 6 # 1ª -96 este carrera 6E # 1A bis | G10: 3001849 | H10: Carrera 6 Este | I10: Calle 1ABIS | J10: 96 ESTE | K10: 257.02 | L10: 4.25 | M10: AFIRMADO | N10: 4 | O10: 0 | P10: 0 | Q10: 0 | R10: 1 | S10: =+(N10/4)*0.5+O10*0.1+P10*0.1+Q10*0.1+R10*0.2 -> 0.7 | T10: =+VLOOKUP(N10,$G$102:$H$106,2,FALSE) -> RECONSTRUCCION
B11: VISITA DE CAMPO 04-03-2025 | G11: 3001875 | H11: CL 1ABIS | I11: KR 7 ESTE | J11: KR 7B E | K11: 34 | L11: 7.37 | M11: RIGIDO | N11: 4 | O11: 1 | P11: 1 | Q11: 0 | R11: 0 | S11: =+(N11/4)*0.5+O11*0.1+P11*0.1+Q11*0.1+R11*0.2 -> 0.7 | T11: =+VLOOKUP(N11,$G$102:$H$106,2,FALSE) -> RECONSTRUCCION
B12: VISITA DE CAMPO 04-03-2025 | G12: 3001882 | H12: CL 1ABIS | I12: KR 7B E | J12: KR 8B E | K12: 85.99 | L12: 6.98 | M12: RIGIDO | N12: 4 | O12: 1 | P12: 1 | Q12: 0 | R12: 0 | S12: =+(N12/4)*0.5+O12*0.1+P12*0.1+Q12*0.1+R12*0.2 -> 0.7 | T12: =+VLOOKUP(N12,$G$102:$H$106,2,FALSE) -> RECONSTRUCCION
B13: VISITA DE CAMPO 04-03-2025 | G13: 3002470 | H13: CL 1ABIS | I13: KR 8B E | J13: TV 9 ESTE | K13: 49.16 | L13: 7.21 | M13: RIGIDO | N13: 4 | O13: 1 | P13: 1 | Q13: 0 | R13: 0 | S13: =+(N13/4)*0.5+O13*0.1+P13*0.1+Q13*0.1+R13*0.2 -> 0.7 | T13: =+VLOOKUP(N13,$G$102:$H$106,2,FALSE) -> RECONSTRUCCION
A14: Malla Vial | B14: 20245310069302 | C14: Joan Sebastian Olivero Olmos | D14: Contruccion | E14: Intervencion Malla Vial | F14: Calle 9 A entre Carrera 5 A Este y Carrera 5 B Este | G14: 3002823 | H14: Calle 9A | I14: Carrera 5A Este | J14: Carrera 5B Este | K14: 102.23 | L14: 2.47 | M14: AFIRMADO | N14: 4 | O14: 0 | P14: 0 | Q14: 0 | R14: 1 | S14: =+(N14/4)*0.5+O14*0.1+P14*0.1+Q14*0.1+R14*0.2 -> 0.7 | T14: =+VLOOKUP(N14,$G$102:$H$106,2,FALSE) -> RECONSTRUCCION
B15: VISITA DE CAMPO 04-03-2025 | G15: 3002896 | H15: CL 1ABIS | I15: KR 8B E | J15: KR 9 ESTE | K15: 57.96 | L15: 10.06 | M15: RIGIDO | N15: 4 | O15: 1 | P15: 1 | Q15: 0 | R15: 0 | S15: =+(N15/4)*0.5+O15*0.1+P15*0.1+Q15*0.1+R15*0.2 -> 0.7 | T15: =+VLOOKUP(N15,$G$102:$H$106,2,FALSE) -> RECONSTRUCCION
A16: Malla Vial | B16: 20245310067582 | C16: Gustavo Adolfo Garcia Camargo - CAI Villa del Prado | D16: Mantenimiento | E16: Intervencion Malla Vial | F16: Carrera 6 B Bis Este con diagonal 4 A, Carrera 3 Este con calle 3 | G16: 3001317 | H16: Carrera 6B Bis Este | I16: Diagonal 3A | J16: Diagonal 4A | K16: 23.04 | L16: 6.99 | M16: RIGIDO | N16: 3 | O16: 0 | P16: 1 | Q16: 0 | R16: 1 | S16: =+(N16/4)*0.5+O16*0.1+P16*0.1+Q16*0.1+R16*0.2 -> 0.675 | T16: =+VLOOKUP(N16,$G$102:$H$106,2,FALSE) -> REHABILITACION
A17: Malla Vial | B17: 20255310009732 | C17: Alejandro Valencia Torres | D17: Mantenimiento | E17: Solicitud mantenimiento vial | F17: Calle 3 No. 1b-09 Este y calle 2 con carrera 1 | G17: 3001395 | H17: Calle 3 Carrera 2 Este Calle 2a | K17: 158.85 | L17: 7.49 | M17: RIGIDO | N17: 3 | O17: 0 | P17: 1 | Q17: 0 | R17: 1 | S17: =+(N17/4)*0.5+O17*0.1+P17*0.1+Q17*0.1+R17*0.2 -> 0.675 | T17: =+VLOOKUP(N17,$G$102:$H$106,2,FALSE) -> REHABILITACION
A18: Malla Vial | B18: 20244603975872 | C18: Diana Mariza Bermudez Castellanos | D18: Mantenimiento | E18: Intervencion de Espacio Publico | F18: Calle 2A Bis No. 2 – 87 | G18: 3002833 | H18: Calle 2A Bis A | I18: Sin Establecer | J18: Carrera 3 | K18: 85.78 | L18: 5.06 | M18: RIGIDO | N18: 3 | O18: 0 | P18: 1 | Q18: 0 | R18: 1 | S18: =+(N18/4)*0.5+O18*0.1+P18*0.1+Q18*0.1+R18*0.2 -> 0.675 | T18: =+VLOOKUP(N18,$G$102:$H$106,2,FALSE) -> REHABILITACION
B19: SUGERENCIA SDP - COD PROPUESTA NO. 43700 | G19: 3001079 | H19: CALLE 3 BIS | I19: CARRERA 5 | J19: CARRERA 6 | K19: 87.52 | L19: 3.83 | M19: RIGIDO | N19: 2 | O19: 1 | P19: 1 | Q19: 0 | R19: 1 | S19: =+(N19/4)*0.5+O19*0.1+P19*0.1+Q19*0.1+R19*0.2 -> 0.65 | T19: =+VLOOKUP(N19,$G$102:$H$106,2,FALSE) -> MANTENIMIENTO PERIODICO
B20: SUGERENCIA SDP - COD PROPUESTA NO. 43696 | G20: 3001197 | H20: CARRERA 3 E | I20: CALLE 3 B | J20: CARRERA 3 A E | K20: 115.41 | L20: 6.99 | M20: RIGIDO | N20: 2 | O20: 1 | P20: 1 | Q20: 0 | R20: 1 | S20: =+(N20/4)*0.5+O20*0.1+P20*0.1+Q20*0.1+R20*0.2 -> 0.65 | T20: =+VLOOKUP(N20,$G$102:$H$106,2,FALSE) -> MANTENIMIENTO PERIODICO
B21: SUGERENCIA SDP - COD PROPUESTA NO. 43698 | G21: 3001222 | H21: CARRERA 3 E | I21: CALLE 3 A BIS | J21: CALLE 3 B | K21: 24.47 | L21: 6.99 | M21: RIGIDO | N21: 2 | O21: 1 | P21: 1 | Q21: 0 | R21: 1 | S21: =+(N21/4)*0.5+O21*0.1+P21*0.1+Q21*0.1+R21*0.2 -> 0.65 | T21: =+VLOOKUP(N21,$G$102:$H$106,2,FALSE) -> MANTENIMIENTO PERIODICO
